Workbook
Name _: #REF!
Name _q06: #REF!
Name DATA: #REF!
Name Data222: #REF!
Name data2222: #REF!
Name q: #REF!
Name q_รหัสหลัก51: #REF!
Name q_สส: #REF!
Name q_สสจ51: #REF!
Name q_สสอ_51: #REF!
Name q_สสอ51: #REF!
Name q_สอ_51: #REF!
Name q00_เขต: #REF!
Name q01_: #REF!
Name q01_จังหวัด: #REF!
Name q01_รพสต9762: #REF!
Name q01_รหัสหลัก: #REF!
Name q01_สสจ: #REF!
Name q01_สสจ1: #REF!
Name q02_: #REF!
Name q02_รพศ_รพท: [1]รพศ_รพท_รพช!$A$1:$V$836
Name q02_รพศ_รพท_รพช: #REF!
Name q03_ทำเนียบเตียงใหม่: #REF!
Name q03_ทำเนียบเตียงใหม่1: #REF!
Name q03_รพศ_รพท_รพช_52: #REF!
Name q03_สสอ: #REF!
Name q04_รพสต: #REF!
Name q05_: #REF!
Name q05_รพศ_รพท_รพช_มีอำเภอรับผิดชอบ: #REF!
Name q05_หน่วยงานย่อย: #REF!
Name q06_: #REF!
Name q06_รพ: #REF!
Name q07_: #REF!
Name q07_สสอ: #REF!
Name q07_สสอ1: #REF!
Name q08_: #REF!
Name q08_รพสตหน่วยงานย่อย: #REF!
Name q08_รพสตหน่วยงานย่อย1: #REF!
Name q09_: #REF!
Name q1_: #REF!
Name q1_รพ877: #REF!
Name q11_: #REF!
Name q11_สสจ_มีเขตรหัสพื้นที่: #REF!
Name q12_: #REF!
Name q12_รพศรพทรพช891: #REF!
Name q12_รพศรพทรพช8911: #REF!
Name q12_รพศรพทรพช896: #REF!
Name q12_สสจ_52: #REF!
Name q13_: #REF!
Name q14_: #REF!
Name q14_รพสต97631: #REF!
Name q16_: #REF!
Name q2_: #REF!
Name q2_รพ883: #REF!
Name q21_: #REF!
Name Query1: #REF!
Name t01_รพศรพทรพช876: #REF!
Name t02_สสอ: #REF!
Name t03_รพสต9762: #REF!
Name t11_สสจ_ที่ไม่ตรงกับ_t12_สสจ: #REF!

Sheet PlanFin Analysis
B1: ความเสี่ยงด้านกระแสเงินสด | C1: ความเสี่ยงด้านการลงทุน | D1: ความเสี่ยงด้านเงินทุนหมุนเวียน
A2: PlanFin | B2: EBITDA | C2: % Investment ต่อ EBITDA | D2: สัดส่วน NWC เหลือหลัง Investment ต่อ รายจ่าย:เดือน | E2: การปรับ PlanFin
A3: แบบ | B3: บวก=Normal | C3: <20% Normal | D3: < 1 = Risk
B4: ลบ = Risk | C4: >20% Risk | D4: > 1 = Normal
A5: 1 | B5: Normal | C5: Normal | D5: Normal | E5: ไม่ต้องปรับ | G5: Normal
A6: 2 | B6: Normal | C6: Normal | D6: Risk | E6: ทบทวนการลงทุนอีกครั้ง | G6: Low Risk
A7: 3 | B7: Normal | C7: Risk | D7: Normal | E7: ทบทวนการลงทุนอีกครั้ง ทำFeasibility study | G7: Low Risk
A8: 4 | B8: Normal | C8: Risk | D8: Risk | E8: ปรับลดการลงทุนให้ < 20% EBITDA เพื่อเงินเหลือจาก EBITDA – ลงทุนจะไปเพิ่ม NWC ทำ Feasibility study | G8: Medium Risk
A9: 5 | B9: Risk | C9: Normal | D9: Normal | E9: ปรับ EBITDA ให้เป็น + | G9: Low Risk
A10: 6 | B10: Risk | C10: Normal | D10: Risk | E10: ปรับ EBITDA ให้เป็น + และทบทวนการลงทุนอีกครั้งเพื่อเงินเหลือจาก EBITDA – ลงทุนจะไปเพิ่ม NWC | G10: Medium Risk
A11: 7 | B11: Risk | C11: Risk | D11: Normal | E11: ปรับ EBITDA ให้เป็น + และ ทบทวนการลงทุนอีกครั้งควร ลงทุนให้ < 20% EBITDAทำ Feasibility study | G11: Medium Risk
A12: 8 | B12: Risk | C12: Risk | D12: Risk | E12: ปรับ EBITDA ให้เป็น + และ ชะลอการลงทุน | G12: High Risk

Sheet 1.ครบ7แผน ราย รพ
B3: 1 | C3: 2 | D3: 3 | E3: 4 | F3: 5 | G3: 6 | H3: 7 | I3: 8 | J3: 9 | K3: 10 | L3: 11 | M3: 12 | N3: 13 | O3: 14 | P3: 15 | Q3: 16 | R3: 17 | S3: 18 | T3: 19 | U3: 20 | V3: 21 | W3: 22 | X3: 23 | Y3: 24 | Z3: 25 | AA3: 26 | AB3: 27 | AC3: 28 | AD3: 29 | AE3: 30 | AF3: 31 | AG3: 32 | AH3: 33 | AI3: 34 | AJ3: 35 | AK3: 36 | AL3: 37 | AM3: 38 | AN3: 39 | AO3: 40 | AP3: 41 | AQ3: 42 | AR3: 43 | AS3: 44 | AT3: 45 | AU3: 46 | AV3: 47 | AW3: 48 | AX3: 49 | AY3: 50 | AZ3: 51 | BA3: 52 | BB3: 53 | BC3: 54 | BD3: 55 | BE3: 56 | BF3: 57 | BG3: 58 | BH3: 59 | BI3: 60 | BJ3: 61 | BK3: 62 | BL3: 63 | BM3: 64 | BN3: 65 | BO3: 66 | BP3: 67 | BQ3: 68 | BR3: 69 | BS3: 70 | BT3: 71 | BU3: 72 | BV3: 73 | BW3: 74 | BX3: 75 | BY3: 76 | BZ3: 77 | CA3: 78 | CB3: 79 | CC3: 80 | CD3: 81 | CE3: 82 | CF3: 83 | CG3: 84 | CH3: 85 | CI3: 86 | CJ3: 87 | CK3: 88
A4: การจัดทำแผนทางการเงิน Planfin ปีงบประมาณ 2569 เขตสุขภาพที่ 8 (ราย รพ.) | B4: นครพนม | N4: บึงกาฬ | V4: เลย | AJ4: สกลนคร | BB4: หนองคาย | BK4: หนองบัวลำภู | BQ4: อุดรธานี | CL4: รวมนครพนม | CM4: รวมบึงกาฬ | CN4: จังหวัดเลย | CO4: จังหวัดสกลนคร | CP4: จังหวัดหนองคาย | CQ4: จังหวัดหนองบัวลำภู | CR4: จังหวัดอุดรธานี | CS4: รวมเขต 8
B5: 10711 | C5: 11104 | D5: 11105 | E5: 11106 | F5: 11107 | G5: 11108 | H5: 11109 | I5: 11110 | J5: 11111 | K5: 11112 | L5: 11451 | M5: 40840 | N5: 11040 | O5: 11041 | P5: 11043 | Q5: 11046 | R5: 11047 | S5: 11048 | T5: 11049 | U5: 11050 | V5: 10705 | W5: 11030 | X5: 11031 | Y5: 11032 | Z5: 11033 | AA5: 11034 | AB5: 11035 | AC5: 11036 | AD5: 11037 | AE5: 11038 | AF5: 11039 | AG5: 11447 | AH5: 14133 | AI5: 28861 | AJ5: 10710 | AK5: 11089 | AL5: 11090 | AM5: 11091 | AN5: 11092 | AO5: 11093 | AP5: 11094 | AQ5: 11095 | AR5: 11096 | AS5: 11097 | AT5: 11098 | AU5: 11099 | AV5: 11100 | AW5: 11101 | AX5: 11102 | AY5: 11103 | AZ5: 11450 | BA5: 21323 | BB5: 10706 | BC5: 11042 | BD5: 11044 | BE5: 11045 | BF5: 11448 | BG5: 21356 | BH5: 28778 | BI5: 28811 | BJ5: 28815 | BK5: 10704 | BL5: 10991 | BM5: 10992 | BN5: 10993 | BO5: 10994 | BP5: 23367 | BQ5: 10671 | BR5: 11013 | BS5: 11014 | BT5: 11015 | BU5: 11016 | BV5: 11017 | BW5: 11018 | BX5: 11019 | BY5: 11020 | BZ5: 11021 | CA5: 11022 | CB5: 11023 | CC5: 11024 | CD5: 11025 | CE5: 11026 | CF5: 11027 | CG5: 11028 | CH5: 11029 | CI5: 11446 | CJ5: 25058 | CK5: 25059
A6: รายการ | B6: นครพนม,รพท. | C6: ปลาปาก,รพช. | D6: ท่าอุเทน,รพช. | E6: บ้านแพง,รพช. | F6: นาทม,รพช. | G6: เรณูนคร,รพช. | H6: นาแก,รพช. | I6: ศรีสงคราม,รพช. | J6: นาหว้า,รพช. | K6: โพนสวรรค์,รพช. | L6: รพร.ธาตุพนม | M6: วังยาง,รพช. | N6: บึงกาฬ,รพท. | O6: พรเจริญ,รพช. | P6: โซ่พิสัย,รพช. | Q6: เซกา,รพช. | R6: ปากคาด,รพช. | S6: บึงโขงหลง,รพช. | T6: ศรีวิไล,รพช. | U6: บุ่งคล้า รพช. | V6: เลย,รพท. | W6: นาด้วง,รพช. | X6: เชียงคาน,รพช. | Y6: ปากชม,รพช. | Z6: นาแห้ว,รพช. | AA6: ภูเรือ,รพช. | AB6: ท่าลี่,รพช. | AC6: วังสะพุง,รพช. | AD6: ภูกระดึง,รพช. | AE6: ภูหลวง,รพช. | AF6: ผาขาว,รพช. | AG6: สมเด็จพระยุพราชด่านซ้าย,รพช. | AH6: เอราวัณ,รพช. | AI6: หนองหิน,รพช. | AJ6: สกลนคร,รพศ. | AK6: กุสุมาลย์,รพช. | AL6: กุดบาก,รพช. | AM6: พระอาจารย์ฝั้นอาจาโร,รพช. | AN6: พังโคน,รพช. | AO6: วาริชภูมิ,รพช. | AP6: นิคมน้ำอูน,รพช. | AQ6: วานรนิวาส,รพช. | AR6: คำตากล้า,รพช. | AS6: พระอาจารย์มั่น,รพช. | AT6: อากาศอำนวย,รพช. | AU6: พระอาจารย์วัน,รพช. | AV6: เต่างอย,รพช. | AW6: โคกศรีสุพรรณ,รพช. | AX6: เจริญศิลป์,รพช. | AY6: โพนนาแก้ว,รพช. | AZ6: สมเด็จพระยุพราชสว่างแดนดิน,รพช. | BA6: พระอาจารย์แบน ธนากโร,รพช. | BB6: หนองคาย,รพท. | BC6: โพนพิสัย,รพช. | BD6: ศรีเชียงใหม่,รพช. | BE6: สังคม,รพช. | BF6: รพร.ท่าบ่อ | BG6: สระใคร,รพช. | BH6: โพธิ์ตาก,รพช. | BI6: เฝ้าไร่,รพช | BJ6: รัตนวาปี,รพช | BK6: หนองบัวลำภู,รพท. | BL6: นากลาง,รพช. | BM6: โนนสัง,รพช. | BN6: ศรีบุญเรือง,รพช. | BO6: สุวรรณคูหา,รพช. | BP6: นาวัง ,รพช. | BQ6: อุดรธานี,รพศ. | BR6: กุดจับ,รพช. | BS6: หนองวัวซอ,รพช. | BT6: กุมภวาปี,รพช. | BU6: ห้วยเกิ้ง,รพช. | BV6: โนนสะอาด,รพช. | BW6: หนองหาน,รพช. | BX6: ทุ่งฝน,รพช. | BY6: ไชยวาน,รพช. | BZ6: ศรีธาตุ,รพช. | CA6: วังสามหมอ,รพช. | CB6: บ้านผือ,รพช. | CC6: น้ำโสม,รพช. | CD6: เพ็ญ,รพช. | CE6: สร้างคอม,รพช. | CF6: หนองแสง,รพช. | CG6: นายูง,รพช. | CH6: พิบูลย์รักษ์,รพช. | CI6: รพร.บ้านดุง | CJ6: กู่แก้ว | CK6: ประจักษ์ศิลปาคม
A8: รายได้
A9: P04 รายได้ UC | B9: 3.7255437e+08 | C9: 62810971 | D9: 61680000 | E9: 44869354 | F9: 41471452 | G9: 60705265 | H9: 81402058 | I9: 1.225501e+08 | J9: 67800000 | K9: 95980000 | L9: 1.5562765e+08 | M9: 22508173 | N9: 4.5389309e+08 | O9: 72952964 | P9: 124000000 | Q9: 1.2997879e+08 | R9: 66716341 | S9: 80521975 | T9: 56278461 | U9: 25756735 | V9: 534300000 | W9: 76015670 | X9: 95500000 | Y9: 81356435 | Z9: 28380432 | AA9: 45963949 | AB9: 42000000 | AC9: 160000000 | AD9: 49500000 | AE9: 52807687 | AF9: 87667200 | AG9: 84613262 | AH9: 59000000 | AI9: 60500000 | AJ9: 1.3665875e+09 | AK9: 76071842 | AL9: 63730251 | AM9: 1.1286138e+08 | AN9: 1.0760744e+08 | AO9: 62596472 | AP9: 26505735 | AQ9: 3.8646022e+08 | AR9: 62693688 | AS9: 124480000 | AT9: 1.1232867e+08 | AU9: 54231753 | AV9: 33534750 | AW9: 75000000 | AX9: 73823485 | AY9: 48880000 | AZ9: 3.1031792e+08 | BA9: 49676604 | BB9: 450600000 | BC9: 154748000 | BD9: 38939610 | BE9: 65810615 | BF9: 337500000 | BG9: 52784030 | BH9: 29836352 | BI9: 87485528 | BJ9: 73102155 | BK9: 500000000 | BL9: 109000000 | BM9: 87504500 | BN9: 136833333 | BO9: 83161054 | BP9: 62730833 | BQ9: 1959570349 | BR9: 96887677 | BS9: 69611800 | BT9: 3.4383688e+08 | BU9: 14428254 | BV9: 66834681 | BW9: 2.25341e+08 | BX9: 55321295 | BY9: 52979399 | BZ9: 64313174 | CA9: 1.0586663e+08 | CB9: 1.807679e+08 | CC9: 98808619 | CD9: 1.6688017e+08 | CE9: 47733861 | CF9: 40275242 | CG9: 47334173 | CH9: 43875891 | CI9: 2.4213428e+08 | CJ9: 48510918 | CK9: 41277176 | CL9: =SUM(B9:M9) -> 1.1899594e+09 | CM9: =SUM(N9:U9) -> 1.0100984e+09 | CN9: =SUM(V9:AI9) -> 1.4576046e+09 | CO9: =SUM(AJ9:BA9) -> 3.1473877e+09 | CP9: =SUM(BB9:BJ9) -> 1.2908063e+09 | CQ9: =SUM(BK9:BP9) -> 9.7922972e+08 | CR9: =SUM(BQ9:CK9) -> 4.0125894e+09 | CS9: =SUM(B9:CK9) -> 1.3087675e+10
A10: P05 รายได้จาก EMS | B10: 2000000 | C10: 150000 | D10: 365900 | E10: 160000 | F10: 102000 | G10: 300000 | H10: 179865 | I10: 197350 | J10: 200000 | K10: 216700 | L10: 600000 | M10: 60000 | N10: 800000 | O10: 250000 | P10: 200000 | Q10: 98700 | R10: 116235 | S10: 170000 | T10: 263836.36 | U10: 120000 | V10: 1800000 | W10: 420000 | X10: 800000 | Y10: 605400 | Z10: 250000 | AA10: 200000 | AB10: 800000 | AC10: 1000000 | AD10: 400000 | AE10: 215400 | AF10: 300000 | AG10: 350000 | AH10: 170000 | AI10: 880000 | AJ10: 1300000 | AK10: 50000 | AL10: 22000 | AM10: 230000 | AN10: 492360 | AO10: 398450 | AP10: 195000 | AQ10: 1524350 | AR10: 324000 | AS10: 415000 | AT10: 600000 | AU10: 490000 | AV10: 82950 | AW10: 50000 | AX10: 160800 | AY10: 120000 | AZ10: 483200 | BA10: 153000 | BB10: 800000 | BC10: 400000 | BD10: 79400 | BE10: 50000 | BF10: 200000 | BG10: 100000 | BH10: 12000 | BI10: 162000 | BJ10: 100000 | BK10: 1000000 | BL10: 400000 | BM10: 250000 | BN10: 390000 | BO10: 120000 | BP10: 24800 | BQ10: 3500000 | BR10: 310291.67 | BS10: 158500 | BT10: 764633.33 | BU10: 0 | BV10: 122640 | BW10: 350000 | BX10: 176900 | BY10: 139800 | BZ10: 60000 | CA10: 52800 | CB10: 600000 | CC10: 82120 | CD10: 330300 | CE10: 270000 | CF10: 31643 | CG10: 164800 | CH10: 29900 | CI10: 322000 | CJ10: 27000 | CK10: 47100 | CL10: =SUM(B10:M10) -> 4531815 | CM10: =SUM(N10:U10) -> 2018771.4 | CN10: =SUM(V10:AI10) -> 8190800 | CO10: =SUM(AJ10:BA10) -> 7091110 | CP10: =SUM(BB10:BJ10) -> 1903400 | CQ10: =SUM(BK10:BP10) -> 2184800 | CR10: =SUM(BQ10:CK10) -> 7540428 | CS10: =SUM(B10:CK10) -> 33461124
A11: P06 รายได้ค่ารักษาเบิกต้นสังกัด | B11: 2000000 | C11: 2000 | D11: 16100 | E11: 134206 | F11: 5000 | G11: 153000 | H11: 6679.05 | I11: 105806.5 | J11: 0 | K11: 0 | L11: 795053.92 | M11: 0 | N11: 1790967.3 | O11: 15668 | P11: 60000 | Q11: 469236.67 | R11: 35947.01 | S11: 183153.35 | T11: 10021.09 | U11: 0 | V11: 3975000 | W11: 37000 | X11: 77000 | Y11: 1297761.4 | Z11: 50000 | AA11: 7000 | AB11: 200000 | AC11: 250000 | AD11: 100000 | AE11: 149150 | AF11: 20000 | AG11: 103000 | AH11: 24000 | AI11: 750000 | AJ11: 10745289 | AK11: 13000 | AL11: 28842 | AM11: 337343.72 | AN11: 438205.16 | AO11: 28835 | AP11: 0 | AQ11: 793396.03 | AR11: 124168 | AS11: 110000 | AT11: 150000 | AU11: 4700 | AV11: 47737 | AW11: 50000 | AX11: 16259.5 | AY11: 0 | AZ11: 2304336.7 | BA11: 45000 | BB11: 14000000 | BC11: 700000 | BD11: 426 | BE11: 30000 | BF11: 3500000 | BG11: 2000 | BH11: 0 | BI11: 11458 | BJ11: 74000 | BK11: 1200000 | BL11: 50000 | BM11: 25000 | BN11: 83800 | BO11: 18800 | BP11: 0 | BQ11: 23620000 | BR11: 67718 | BS11: 202974.22 | BT11: 1195037.6 | BU11: 5000 | BV11: 24263.45 | BW11: 210000 | BX11: 74392 | BY11: 0 | BZ11: 50000 | CA11: 100422 | CB11: 250000 | CC11: 19108.8 | CD11: 261473 | CE11: 8000 | CF11: 5000 | CG11: 17876 | CH11: 6000 | CI11: 206492.8 | CJ11: 0 | CK11: 2000 | CL11: =SUM(B11:M11) -> 3217845.5 | CM11: =SUM(N11:U11) -> 2564993.4 | CN11: =SUM(V11:AI11) -> 7039911.4 | CO11: =SUM(AJ11:BA11) -> 15237112 | CP11: =SUM(BB11:BJ11) -> 18317884 | CQ11: =SUM(BK11:BP11) -> 1377600 | CR11: =SUM(BQ11:CK11) -> 26325758 | CS11: =SUM(B11:CK11) -> 74081105
A12: P61 รายได้ค่ารักษา อปท. | B12: 26412267 | C12: 1720000 | D12: 1142000 | E12: 1708061.4 | F12: 586000 | G12: 3650000 | H12: 1809323.1 | I12: 5873010.5 | J12: 1480000 | K12: 1650000 | L12: 6860538 | M12: 631198.32 | N12: 22650448 | O12: 2957808 | P12: 3000000 | Q12: 7962322.3 | R12: 1246847.4 | S12: 2162001 | T12: 2006972.1 | U12: 930000 | V12: 37610000 | W12: 1401000 | X12: 2510000 | Y12: 2053181 | Z12: 857611.88 | AA12: 1575230 | AB12: 1900000 | AC12: 6000000 | AD12: 1200000 | AE12: 1876600 | AF12: 1090000 | AG12: 2250200 | AH12: 1388000 | AI12: 3000000 | AJ12: 1.0591685e+08 | AK12: 2347717.9 | AL12: 4021942.5 | AM12: 8024757.4 | AN12: 6847734.8 | AO12: 1797728.5 | AP12: 1503566.8 | AQ12: 13988592 | AR12: 3230429.4 | AS12: 7640000 | AT12: 6000000 | AU12: 2162000 | AV12: 824455.29 | AW12: 3000000 | AX12: 1298830.1 | AY12: 1400000 | AZ12: 17264198 | BA12: 1061990 | BB12: 36000000 | BC12: 4424000 | BD12: 1319978.9 | BE12: 2651908.5 | BF12: 20500000 | BG12: 418328.76 | BH12: 513026.18 | BI12: 903170.82 | BJ12: 1658639.1 | BK12: 22000000 | BL12: 2600000 | BM12: 1961000 | BN12: 2721220 | BO12: 1722000 | BP12: 2513094.1 | BQ12: 124800000 | BR12: 2286588.4 | BS12: 1312757.4 | BT12: 14953831 | BU12: 1592319.2 | BV12: 1486199.6 | BW12: 5655000 | BX12: 978596.97 | BY12: 1070886.5 | BZ12: 1605000 | CA12: 6277601.4 | CB12: 7057000 | CC12: 1787036.8 | CD12: 4175832.9 | CE12: 1350000 | CF12: 697494.18 | CG12: 629790.34 | CH12: 1136316.8 | CI12: 6669012.9 | CJ12: 713900.4 | CK12: 1347168.4 | CL12: =SUM(B12:M12) -> 53522398 | CM12: =SUM(N12:U12) -> 42916399 | CN12: =SUM(V12:AI12) -> 64711823 | CO12: =SUM(AJ12:BA12) -> 1.883308e+08 | CP12: =SUM(BB12:BJ12) -> 68389052 | CQ12: =SUM(BK12:BP12) -> 33517314 | CR12: =SUM(BQ12:CK12) -> 1.8758233e+08 | CS12: =SUM(B12:CK12) -> 6.3897012e+08
A13: P07 รายได้ค่ารักษาเบิกจ่ายตรงกรมบัญชีกลาง | B13: 1.7822462e+08 | C13: 10500000 | D13: 8569000 | E13: 8663833.1 | F13: 3790000 | G13: 27979100 | H13: 8016471.7 | I13: 23815289 | J13: 7700000 | K13: 8423000 | L13: 62638438 | M13: 2990000 | N13: 92298605 | O13: 10380207 | P13: 22000000 | Q13: 34684206 | R13: 10262343 | S13: 10962329 | T13: 10200821 | U13: 6060000 | V13: 190000000 | W13: 6924000 | X13: 21200000 | Y13: 15787444 | Z13: 3947097.6 | AA13: 5918010 | AB13: 7000000 | AC13: 33000000 | AD13: 5000000 | AE13: 5578290 | AF13: 7020000 | AG13: 23477000 | AH13: 6362000 | AI13: 19000000 | AJ13: 6.5085903e+08 | AK13: 9261879.2 | AL13: 9418698.7 | AM13: 38965840 | AN13: 31069333 | AO13: 10826098 | AP13: 4720602.5 | AQ13: 85965265 | AR13: 12477043 | AS13: 22760000 | AT13: 35000000 | AU13: 7272718.4 | AV13: 5407276.1 | AW13: 25000000 | AX13: 12011890 | AY13: 7200000 | AZ13: 97675817 | BA13: 5694300 | BB13: 275500000 | BC13: 31834000 | BD13: 9338850.5 | BE13: 8936666.3 | BF13: 107710000 | BG13: 3381055 | BH13: 6093240.2 | BI13: 5038708.3 | BJ13: 6018705 | BK13: 120000000 | BL13: 13000000 | BM13: 8270000 | BN13: 15403330 | BO13: 8644000 | BP13: 9469398.3 | BQ13: 899500000 | BR13: 16851610 | BS13: 6574704.4 | BT13: 88058181 | BU13: 15397536 | BV13: 8616293.8 | BW13: 40620000 | BX13: 5300118 | BY13: 4951864.5 | BZ13: 12300000 | CA13: 17629892 | CB13: 37050000 | CC13: 12185990 | CD13: 27093379 | CE13: 8500000 | CF13: 6396283.7 | CG13: 3739943.3 | CH13: 6375448 | CI13: 37146927 | CJ13: 4412873.2 | CK13: 4938395.7 | CL13: =SUM(B13:M13) -> 3.5130975e+08 | CM13: =SUM(N13:U13) -> 1.9684851e+08 | CN13: =SUM(V13:AI13) -> 3.5021384e+08 | CO13: =SUM(AJ13:BA13) -> 1.0715858e+09 | CP13: =SUM(BB13:BJ13) -> 4.5385123e+08 | CQ13: =SUM(BK13:BP13) -> 1.7478673e+08 | CR13: =SUM(BQ13:CK13) -> 1.2636394e+09 | CS13: =SUM(B13:CK13) -> 3.8622353e+09
A14: P08 รายได้ประกันสังคม | B14: 37607550 | C14: 1400000 | D14: 753000 | E14: 822296.5 | F14: 487500 | G14: 3300000 | H14: 767072.38 | I14: 4419488.1 | J14: 800000 | K14: 1347000 | L14: 3850531.9 | M14: 333374.23 | N14: 19970334 | O14: 1337875 | P14: 4000000 | Q14: 4556521.5 | R14: 1767794.4 | S14: 2005058.5 | T14: 1500409 | U14: 740000 | V14: 91000000 | W14: 1690000 | X14: 2540000 | Y14: 1309699.3 | Z14: 821390 | AA14: 1960000 | AB14: 1000000 | AC14: 7000000 | AD14: 1300000 | AE14: 1298865 | AF14: 1730000 | AG14: 3277500 | AH14: 1709000 | AI14: 1500000 | AJ14: 2.6551327e+08 | AK14: 2139683 | AL14: 1286419.9 | AM14: 4269224.1 | AN14: 6874404.5 | AO14: 1029262.3 | AP14: 929531.49 | AQ14: 18654833 | AR14: 1485370.6 | AS14: 3797000 | AT14: 3500000 | AU14: 773744.69 | AV14: 1732615.1 | AW14: 2300000 | AX14: 460755.1 | AY14: 1350000 | AZ14: 18125447 | BA14: 843050 | BB14: 99500000 | BC14: 3050000 | BD14: 1034937 | BE14: 1614216.9 | BF14: 13000000 | BG14: 1077305 | BH14: 492647.44 | BI14: 521760.7 | BJ14: 615159 | BK14: 40000000 | BL14: 2800000 | BM14: 2430000 | BN14: 3047480 | BO14: 940603.84 | BP14: 1043957.8 | BQ14: 246200000 | BR14: 3266293 | BS14: 2988424.9 | BT14: 15636619 | BU14: 497162.56 | BV14: 1587820 | BW14: 7570000 | BX14: 1287455.6 | BY14: 793198 | BZ14: 1382000 | CA14: 1457972.8 | CB14: 13730000 | CC14: 3246140.1 | CD14: 10764855 | CE14: 800000 | CF14: 995972.2 | CG14: 1003751.6 | CH14: 1115440.8 | CI14: 7018331.1 | CJ14: 677277.64 | CK14: 1388306.9 | CL14: =SUM(B14:M14) -> 55887813 | CM14: =SUM(N14:U14) -> 35877993 | CN14: =SUM(V14:AI14) -> 1.1813645e+08 | CO14: =SUM(AJ14:BA14) -> 3.3506461e+08 | CP14: =SUM(BB14:BJ14) -> 1.2090603e+08 | CQ14: =SUM(BK14:BP14) -> 50262042 | CR14: =SUM(BQ14:CK14) -> 3.2340702e+08 | CS14: =SUM(B14:CK14) -> 1.039542e+09
A15: P09 รายได้แรงงานต่างด้าว | B15: 900000 | C15: 80000 | D15: 534000 | E15: 80912 | F15: 131700 | G15: 150000 | H15: 35632.8 | I15: 294522.8 | J15: 40000 | K15: 29500 | L15: 446238 | M15: 23639.43 | N15: 217908.25 | O15: 76286 | P15: 40000 | Q15: 40648.38 | R15: 68864.36 | S15: 92827.27 | T15: 50033.12 | U15: 120000 | V15: 1696000 | W15: 23000 | X15: 131500 | Y15: 289630 | Z15: 5000 | AA15: 69000 | AB15: 50000 | AC15: 300000 | AD15: 20000 | AE15: 9336 | AF15: 54000 | AG15: 158000 | AH15: 71000 | AI15: 12000 | AJ15: 209779.11 | AK15: 2500 | AL15: 17794 | AM15: 28478 | AN15: 104252.54 | AO15: 21744.88 | AP15: 8746 | AQ15: 78440.6 | AR15: 6464 | AS15: 72800 | AT15: 30000 | AU15: 20000 | AV15: 5704 | AW15: 13000 | AX15: 18266 | AY15: 10000 | AZ15: 363065.5 | BA15: 9540 | BB15: 500000 | BC15: 120000 | BD15: 64647.25 | BE15: 41194.2 | BF15: 150000 | BG15: 0 | BH15: 0 | BI15: 0 | BJ15: 25375 | BK15: 200000 | BL15: 120000 | BM15: 22000 | BN15: 39570 | BO15: 44000 | BP15: 36922 | BQ15: 1687000 | BR15: 71910 | BS15: 2880 | BT15: 131500 | BU15: 5000 | BV15: 23760 | BW15: 53000 | BX15: 1792 | BY15: 17140 | BZ15: 7500 | CA15: 17600 | CB15: 101700 | CC15: 26800 | CD15: 101735.94 | CE15: 7440 | CF15: 9128 | CG15: 8400 | CH15: 2000 | CI15: 27993.96 | CJ15: 0 | CK15: 9000 | CL15: =SUM(B15:M15) -> 2746145 | CM15: =SUM(N15:U15) -> 706567.38 | CN15: =SUM(V15:AI15) -> 2888466 | CO15: =SUM(AJ15:BA15) -> 1020574.6 | CP15: =SUM(BB15:BJ15) -> 901216.45 | CQ15: =SUM(BK15:BP15) -> 462492 | CR15: =SUM(BQ15:CK15) -> 2313279.9 | CS15: =SUM(B15:CK15) -> 11038741
A16: P10 รายได้ค่ารักษาและบริการอื่น ๆ | B16: 1.2371739e+08 | C16: 4207417.7 | D16: 3870000 | E16: 8212702.5 | F16: 2355000 | G16: 5576560.8 | H16: 4561562.2 | I16: 11723265 | J16: 6000000 | K16: 5382000 | L16: 35681270 | M16: 1542415.3 | N16: 53762512 | O16: 4828793.8 | P16: 4957603.8 | Q16: 15090263 | R16: 4355852.1 | S16: 8800148.3 | T16: 4165597 | U16: 3250000 | V16: 149532000 | W16: 3437000 | X16: 16194000 | Y16: 7486193 | Z16: 2100120 | AA16: 3695000 | AB16: 12000000 | AC16: 21000000 | AD16: 2705000 | AE16: 3211404 | AF16: 3058400 | AG16: 12820500 | AH16: 4949000 | AI16: 5200000 | AJ16: 2.4294032e+08 | AK16: 2892714 | AL16: 2482318.3 | AM16: 29262742 | AN16: 14993314 | AO16: 7103789.2 | AP16: 1903510.6 | AQ16: 54299681 | AR16: 6778035.6 | AS16: 8287500 | AT16: 6000000 | AU16: 6310496.9 | AV16: 2340407.2 | AW16: 4800358 | AX16: 4398021.1 | AY16: 2500000 | AZ16: 74744655 | BA16: 3000000 | BB16: 200500000 | BC16: 22344000 | BD16: 5240413 | BE16: 3714940.3 | BF16: 103300000 | BG16: 1745697.2 | BH16: 1695201 | BI16: 3958608 | BJ16: 2521932.5 | BK16: 81000000 | BL16: 6400000 | BM16: 2725500 | BN16: 7955970 | BO16: 2506363.4 | BP16: 3504182.8 | BQ16: 565000000 | BR16: 4036198.3 | BS16: 3101169.9 | BT16: 54176779 | BU16: 6079000 | BV16: 5748978.1 | BW16: 24986000 | BX16: 2012212.1 | BY16: 1713578.3 | BZ16: 3660000 | CA16: 5558808.2 | CB16: 21017750 | CC16: 5934525.6 | CD16: 12856522 | CE16: 3115000 | CF16: 2494646.2 | CG16: 1714931.4 | CH16: 1763089.5 | CI16: 23984257 | CJ16: 1418325.6 | CK16: 1609059.5 | CL16: =SUM(B16:M16) -> 2.1282958e+08 | CM16: =SUM(N16:U16) -> 99210770 | CN16: =SUM(V16:AI16) -> 2.4738862e+08 | CO16: =SUM(AJ16:BA16) -> 4.7503786e+08 | CP16: =SUM(BB16:BJ16) -> 3.4502079e+08 | CQ16: =SUM(BK16:BP16) -> 1.0409202e+08 | CR16: =SUM(BQ16:CK16) -> 7.5198083e+08 | CS16: =SUM(B16:CK16) -> 2.2355605e+09
A17: P11 รายได้งบประมาณส่วนบุคลากร | B17: 315000000 | C17: 37199779 | D17: 41105640 | E17: 43919747 | F17: 32671000 | G17: 49000000 | H17: 66412741 | I17: 67282910 | J17: 45103500 | K17: 45077000 | L17: 89400441 | M17: 17156880 | N17: 1.5666002e+08 | O17: 40239074 | P17: 44155428 | Q17: 68026741 | R17: 43026367 | S17: 38988620 | T17: 40577684 | U17: 27000000 | V17: 375000000 | W17: 30014500 | X17: 44094875 | Y17: 39850893 | Z17: 27146970 | AA17: 32505052 | AB17: 36600000 | AC17: 104153200 | AD17: 38695900 | AE17: 34206143 | AF17: 41793707 | AG17: 68199000 | AH17: 34897700 | AI17: 26345227 | AJ17: 6.1518548e+08 | AK17: 40756442 | AL17: 35266105 | AM17: 70320169 | AN17: 66705310 | AO17: 41139092 | AP17: 22549120 | AQ17: 1.2099063e+08 | AR17: 39915887 | AS17: 56717100 | AT17: 77948072 | AU17: 41275987 | AV17: 30113175 | AW17: 48000000 | AX17: 40293876 | AY17: 31000000 | AZ17: 1.718144e+08 | BA17: 33676129 | BB17: 325000000 | BC17: 93586000 | BD17: 36920728 | BE17: 38075840 | BF17: 187033280 | BG17: 27573647 | BH17: 18870000 | BI17: 23163883 | BJ17: 25898188 | BK17: 253000000 | BL17: 65017674 | BM17: 49549379 | BN17: 67942771 | BO17: 51656351 | BP17: 34294160 | BQ17: 1000581000 | BR17: 50738178 | BS17: 50940294 | BT17: 1.6834086e+08 | BU17: 14184600 | BV17: 45963294 | BW17: 100458000 | BX17: 31582308 | BY17: 32961829 | BZ17: 44313342 | CA17: 52401793 | CB17: 91972611 | CC17: 54017590 | CD17: 76707907 | CE17: 26764083 | CF17: 31270709 | CG17: 25659520 | CH17: 32075784 | CI17: 87295591 | CJ17: 22417944 | CK17: 18607005 | CL17: =SUM(B17:M17) -> 8.4932964e+08 | CM17: =SUM(N17:U17) -> 4.5867393e+08 | CN17: =SUM(V17:AI17) -> 9.3350317e+08 | CO17: =SUM(AJ17:BA17) -> 1.583667e+09 | CP17: =SUM(BB17:BJ17) -> 7.7612157e+08 | CQ17: =SUM(BK17:BP17) -> 5.2146033e+08 | CR17: =SUM(BQ17:CK17) -> 2.0592542e+09 | CS17: =SUM(B17:CK17) -> 7.1820099e+09
A18: P12 รายได้อื่น | B18: 71158280 | C18: 4607487.6 | D18: 8222000 | E18: 11190699 | F18: 3661676.2 | G18: 13063081 | H18: 14003248 | I18: 20581890 | J18: 8010000 | K18: 3941000 | L18: 45123359 | M18: 12263255 | N18: 41856631 | O18: 9006676.6 | P18: 13216450 | Q18: 17839297 | R18: 7774527.8 | S18: 14898629 | T18: 9160161.4 | U18: 5615500 | V18: 102013000 | W18: 29559190 | X18: 32701110 | Y18: 8035919.6 | Z18: 11217490 | AA18: 12927749 | AB18: 5000000 | AC18: 20000000 | AD18: 7000000 | AE18: 25270596 | AF18: 6864464 | AG18: 37850900 | AH18: 6392000 | AI18: 16900000 | AJ18: 1.6723808e+08 | AK18: 17459234 | AL18: 11546869 | AM18: 20956909 | AN18: 13061481 | AO18: 5220203.6 | AP18: 3019154.2 | AQ18: 28987478 | AR18: 15169804 | AS18: 25811600 | AT18: 15500000 | AU18: 13702717 | AV18: 20463594 | AW18: 6430349.7 | AX18: 20523018 | AY18: 6600000 | AZ18: 72813938 | BA18: 17975490 | BB18: 283700000 | BC18: 35074000 | BD18: 5088447.2 | BE18: 15351760 | BF18: 56000000 | BG18: 5981046.8 | BH18: 9442640 | BI18: 4569277.8 | BJ18: 6412927.1 | BK18: 60000000 | BL18: 11866007 | BM18: 17671400 | BN18: 14041809 | BO18: 31049074 | BP18: 9591013 | BQ18: 250908000 | BR18: 13261153 | BS18: 13869769 | BT18: 41926404 | BU18: 7235040 | BV18: 10319583 | BW18: 25969500 | BX18: 6203427.3 | BY18: 8056700.1 | BZ18: 8151002.8 | CA18: 8384262.7 | CB18: 25280694 | CC18: 9417786.4 | CD18: 19959939 | CE18: 6151791.3 | CF18: 8972132.9 | CG18: 6668813.8 | CH18: 5675855.4 | CI18: 51143677 | CJ18: 5624407.3 | CK18: 3582178.3 | CL18: =SUM(B18:M18) -> 2.1582598e+08 | CM18: =SUM(N18:U18) -> 1.1936787e+08 | CN18: =SUM(V18:AI18) -> 3.2173242e+08 | CO18: =SUM(AJ18:BA18) -> 4.8247992e+08 | CP18: =SUM(BB18:BJ18) -> 4.216201e+08 | CQ18: =SUM(BK18:BP18) -> 1.442193e+08 | CR18: =SUM(BQ18:CK18) -> 5.3676212e+08 | CS18: =SUM(B18:CK18) -> 2.2420077e+09
A19: P121 รายได้อื่น (ระบบบัญชีบันทึกอัตโนมัติ) | B19: 560030000 | C19: 0 | D19: 0 | E19: 0 | F19: 0 | G19: 0 | H19: 0 | I19: 0 | J19: 0 | K19: 0 | L19: 0 | M19: 0 | N19: 0 | O19: 0 | P19: 0 | Q19: 0 | R19: 0 | S19: 0 | T19: 0 | U19: 0 | V19: 0 | W19: 0 | X19: 0 | Y19: 0 | Z19: 0 | AA19: 0 | AB19: 0 | AC19: 0 | AD19: 0 | AE19: 0 | AF19: 0 | AG19: 0 | AH19: 0 | AI19: 0 | AJ19: 0 | AK19: 0 | AL19: 0 | AM19: 0 | AN19: 0 | AO19: 0 | AP19: 0 | AQ19: 3445750.8 | AR19: 0 | AS19: 0 | AT19: 0 | AU19: 0 | AV19: 0 | AW19: 0 | AX19: 0 | AY19: 0 | AZ19: 0 | BA19: 0 | BB19: 0 | BC19: 0 | BD19: 0 | BE19: 0 | BF19: 0 | BG19: 0 | BH19: 0 | BI19: 0 | BJ19: 0 | BK19: 641000000 | BL19: 0 | BM19: 0 | BN19: 0 | BO19: 0 | BP19: 0 | BQ19: 6000000 | BR19: 0 | BS19: 0 | BT19: 0 | BU19: 0 | BV19: 0 | BW19: 0 | BX19: 0 | BY19: 0 | BZ19: 0 | CA19: 0 | CB19: 0 | CC19: 0 | CD19: 0 | CE19: 0 | CF19: 0 | CG19: 0 | CH19: 0 | CI19: 0 | CJ19: 0 | CK19: 0 | CL19: =SUM(B19:M19) -> 560030000 | CM19: =SUM(N19:U19) -> 0 | CN19: =SUM(V19:AI19) -> 0 | CO19: =SUM(AJ19:BA19) -> 3445750.8 | CP19: =SUM(BB19:BJ19) -> 0 | CQ19: =SUM(BK19:BP19) -> 641000000 | CR19: =SUM(BQ19:CK19) -> 6000000 | CS19: =SUM(B19:CK19) -> 1.2104758e+09
A20: P13 รายได้งบลงทุน | B20: 13304535 | C20: 2150745.5 | D20: 1109100.6 | E20: 1082877.4 | F20: 2197321.9 | G20: 3446188.6 | H20: 5486315.3 | I20: 6141229.5 | J20: 2873960.8 | K20: 3562835.3 | L20: 7281991.3 | M20: 1251000 | N20: 1.8449532e+08 | O20: 3318156.6 | P20: 4934637.5 | Q20: 7250215.2 | R20: 1919621.8 | S20: 6589422.2 | T20: 2862480.2 | U20: 3633778.3 | V20: 26292784 | W20: 3212578.3 | X20: 5868685.1 | Y20: 4400879.4 | Z20: 2111682 | AA20: 2606345.4 | AB20: 2627497.1 | AC20: 7413931.5 | AD20: 2740393.5 | AE20: 2906486.2 | AF20: 5195990 | AG20: 3234205.3 | AH20: 2267120 | AI20: 3296155.3 | AJ20: 3.015847e+08 | AK20: 8182338 | AL20: 3320948.9 | AM20: 4304418.7 | AN20: 5835941.2 | AO20: 5405878.7 | AP20: 4425694 | AQ20: 20750437 | AR20: 2868354.2 | AS20: 5499597.3 | AT20: 5005018.2 | AU20: 6468199.4 | AV20: 3791818.7 | AW20: 2802491.6 | AX20: 3786512.1 | AY20: 1099088.8 | AZ20: 19216550 | BA20: 4524503.2 | BB20: 64908500 | BC20: 48812500 | BD20: 7013240.8 | BE20: 13694846 | BF20: 132650000 | BG20: 1321791.1 | BH20: 1886191.5 | BI20: 7048329.5 | BJ20: 20638057 | BK20: 48478085 | BL20: 4508345.7 | BM20: 3304817.1 | BN20: 6430000 | BO20: 3168984.5 | BP20: 1482627.6 | BQ20: 115019590 | BR20: 12664415 | BS20: 2673693.7 | BT20: 10922127 | BU20: 74457.8 | BV20: 3530877 | BW20: 188225000 | BX20: 7151976 | BY20: 2063639.6 | BZ20: 11624500 | CA20: 16698649 | CB20: 5196466 | CC20: 2614655 | CD20: 7683785.8 | CE20: 2426933.6 | CF20: 1742939.9 | CG20: 1444000 | CH20: 13603533 | CI20: 11981345 | CJ20: 1584246.2 | CK20: 1590057.1 | CL20: =SUM(B20:M20) -> 49888101 | CM20: =SUM(N20:U20) -> 2.1500363e+08 | CN20: =SUM(V20:AI20) -> 74174733 | CO20: =SUM(AJ20:BA20) -> 4.0887249e+08 | CP20: =SUM(BB20:BJ20) -> 2.9797346e+08 | CQ20: =SUM(BK20:BP20) -> 67372860 | CR20: =SUM(BQ20:CK20) -> 4.2051689e+08 | CS20: =SUM(B20:CK20) -> 1.5338022e+09
A21: P13S รวมรายได้ | B21: =SUM(B9:B20) -> 1.702909e+09 | C21: =SUM(C9:C20) -> 1.248284e+08 | D21: =SUM(D9:D20) -> 1.2736674e+08 | E21: =SUM(E9:E20) -> 1.2084469e+08 | F21: =SUM(F9:F20) -> 87458650 | G21: =SUM(G9:G20) -> 1.673232e+08 | H21: =SUM(H9:H20) -> 1.8268097e+08 | I21: =SUM(I9:I20) -> 2.6298486e+08 | ... CS21: =SUM(CS9:CS20) -> 3.315086e+10
A22: P14 ต้นทุนยา | B22: 165000000 | C22: 13505482 | D22: 9900000 | E22: 10368918 | F22: 6400000 | G22: 14000000 | H22: 14557774 | I22: 29000000 | J22: 14000000 | K22: 14430000 | L22: 43110516 | M22: 4510000 | N22: 1.0007535e+08 | O22: 14189699 | P22: 15543928 | Q22: 35307230 | R22: 10457945 | S22: 14006611 | T22: 10000020 | U22: 3600000 | V22: 195000000 | W22: 7400000 | X22: 21000000 | Y22: 10923165 | Z22: 4000000 | AA22: 7110067.8 | AB22: 9500000 | AC22: 38000000 | AD22: 7000000 | AE22: 7790833 | AF22: 9500000 | AG22: 26000000 | AH22: 10500000 | AI22: 8000000 | AJ22: 6.5012193e+08 | AK22: 11324696 | AL22: 6000000 | AM22: 42097553 | AN22: 29194722 | AO22: 12950000 | AP22: 3872658.9 | AQ22: 89884858 | AR22: 12433280 | AS22: 25000000 | AT22: 23000000 | AU22: 10991515 | AV22: 5683442.8 | AW22: 13500000 | AX22: 12301759 | AY22: 8200000 | AZ22: 136000000 | BA22: 8300000 | BB22: 321000000 | BC22: 45228000 | BD22: 7562938.5 | BE22: 10500000 | BF22: 88000000 | BG22: 6380000 | BH22: 4547041.8 | BI22: 10257601 | BJ22: 10970134 | BK22: 136000000 | BL22: 23000000 | BM22: 18662431 | BN22: 29850264 | BO22: 16600000 | BP22: 10029831 | BQ22: 1105218500 | BR22: 18237894 | BS22: 14500000 | BT22: 90834344 | BU22: 3690000 | BV22: 13056201 | BW22: 54000000 | BX22: 8112230 | BY22: 6661740.1 | BZ22: 11500000 | CA22: 17821996 | CB22: 46526289 | CC22: 16006961 | CD22: 38787793 | CE22: 6700000 | CF22: 5805084.3 | CG22: 5624045.2 | CH22: 6828684.5 | CI22: 54422963 | CJ22: 6511918.2 | CK22: 4520092.9 | CL22: =SUM(B22:M22) -> 3.3878269e+08 | CM22: =SUM(N22:U22) -> 2.0318078e+08 | CN22: =SUM(V22:AI22) -> 3.6172407e+08 | CO22: =SUM(AJ22:BA22) -> 1.1008564e+09 | CP22: =SUM(BB22:BJ22) -> 5.0444571e+08 | CQ22: =SUM(BK22:BP22) -> 2.3414253e+08 | CR22: =SUM(BQ22:CK22) -> 1.5353667e+09 | CS22: =SUM(B22:CK22) -> 4.2784989e+09
A23: P15 ต้นทุนเวชภัณฑ์มิใช่ยาและวัสดุการแพทย์ | B23: 99792613 | C23: 6315066.8 | D23: 3430000 | E23: 1842987.4 | F23: 2100000 | G23: 9500000 | H23: 5686159.2 | I23: 9700000 | J23: 2665000 | K23: 2113700 | L23: 25235797 | M23: 1547593.9 | N23: 81433773 | O23: 6130913.7 | P23: 7437491.2 | Q23: 17275630 | R23: 2568627.4 | S23: 4205147.9 | T23: 3954132.3 | U23: 1040000 | V23: 155000000 | W23: 4729340 | X23: 7485000 | Y23: 5758258.4 | Z23: 1090000 | AA23: 2197615.7 | AB23: 3500000 | AC23: 17000000 | AD23: 4060000 | AE23: 3131369 | AF23: 5255000 | AG23: 8450000 | AH23: 4800001 | AI23: 2950000 | AJ23: 4.2445407e+08 | AK23: 8983028.5 | AL23: 3700000 | AM23: 11832868 | AN23: 9878788.4 | AO23: 3480714 | AP23: 1365234.9 | AQ23: 47460955 | AR23: 5158460.9 | AS23: 11560500 | AT23: 10000000 | AU23: 3834040.7 | AV23: 2397167.4 | AW23: 6200000 | AX23: 5169127.8 | AY23: 3200000 | AZ23: 49039355 | BA23: 3286000 | BB23: 174500000 | BC23: 9578000 | BD23: 2704618.1 | BE23: 4250000 | BF23: 69780000 | BG23: 2319420 | BH23: 2529008.8 | BI23: 4860865 | BJ23: 6370100.5 | BK23: 97000000 | BL23: 8480000 | BM23: 6712374.3 | BN23: 10841284 | BO23: 5927458 | BP23: 4196640.4 | BQ23: 608592300 | BR23: 4501464.4 | BS23: 4532821.5 | BT23: 53115968 | BU23: 1137901.1 | BV23: 4315609.2 | BW23: 30092424 | BX23: 2306195 | BY23: 3118617.6 | BZ23: 4865000 | CA23: 5995306.4 | CB23: 25432396 | CC23: 4525937.5 | CD23: 11850809 | CE23: 4480000 | CF23: 2049996.5 | CG23: 1807001.1 | CH23: 3284199 | CI23: 33282217 | CJ23: 2535369.3 | CK23: 2566514.1 | CL23: =SUM(B23:M23) -> 1.6992892e+08 | CM23: =SUM(N23:U23) -> 1.2404572e+08 | CN23: =SUM(V23:AI23) -> 2.2540658e+08 | CO23: =SUM(AJ23:BA23) -> 6.1100031e+08 | CP23: =SUM(BB23:BJ23) -> 2.7689201e+08 | CQ23: =SUM(BK23:BP23) -> 1.3315776e+08 | CR23: =SUM(BQ23:CK23) -> 8.1438805e+08 | CS23: =SUM(B23:CK23) -> 2.3548193e+09
A24: P151 ต้นทุนวัสดุทันตกรรม | B24: 3854657.7 | C24: 627180 | D24: 520000 | E24: 309388.61 | F24: 380000 | G24: 900000 | H24: 773414.4 | I24: 641063.1 | J24: 700000 | K24: 443000 | L24: 2297116.4 | M24: 397226 | N24: 2008600.8 | O24: 1000601.2 | P24: 660339.52 | Q24: 657010.4 | R24: 736843.64 | S24: 829204 | T24: 527430.32 | U24: 80000 | V24: 1400000 | W24: 420000 | X24: 1000000 | Y24: 337582 | Z24: 400000 | AA24: 320000 | AB24: 125000 | AC24: 1000000 | AD24: 400000 | AE24: 140284 | AF24: 400000 | AG24: 630000 | AH24: 800000 | AI24: 500000 | AJ24: 3407038.4 | AK24: 350000 | AL24: 200000 | AM24: 900000 | AN24: 412644 | AO24: 231901.85 | AP24: 324327 | AQ24: 521395.5 | AR24: 413746.84 | AS24: 900000 | AT24: 1000000 | AU24: 700000 | AV24: 561654.29 | AW24: 150000 | AX24: 458630.19 | AY24: 320000 | AZ24: 2003373 | BA24: 567750 | BB24: 2000000 | BC24: 1100000 | BD24: 265816 | BE24: 170000 | BF24: 1800000 | BG24: 324105 | BH24: 300000 | BI24: 250229.58 | BJ24: 817212.75 | BK24: 1300000 | BL24: 900000 | BM24: 666922.28 | BN24: 1243488 | BO24: 540000 | BP24: 522292.6 | BQ24: 5849680 | BR24: 300720.35 | BS24: 655000 | BT24: 1277100.7 | BU24: 36092.8 | BV24: 358545.35 | BW24: 1451527 | BX24: 280761.86 | BY24: 384617.4 | BZ24: 440000 | CA24: 702867.2 | CB24: 1215822.5 | CC24: 597496.1 | CD24: 1318559.6 | CE24: 260000 | CF24: 461984.58 | CG24: 199972.8 | CH24: 342450 | CI24: 999930.81 | CJ24: 141018 | CK24: 157713.23 | CL24: =SUM(B24:M24) -> 11843046 | CM24: =SUM(N24:U24) -> 6500029.8 | CN24: =SUM(V24:AI24) -> 7872866 | CO24: =SUM(AJ24:BA24) -> 13422461 | CP24: =SUM(BB24:BJ24) -> 7027363.3 | CQ24: =SUM(BK24:BP24) -> 5172702.9 | CR24: =SUM(BQ24:CK24) -> 17431860 | CS24: =SUM(B24:CK24) -> 69270330
A25: P16 ต้นทุนวัสดุวิทยาศาสตร์การแพทย์ | B25: 17581539 | C25: 2508705 | D25: 6600000 | E25: 7865806 | F25: 3800000 | G25: 5200000 | H25: 5516825 | I25: 10080101 | J25: 6700000 | K25: 10895500 | L25: 19800000 | M25: 2503706 | N25: 16932401 | O25: 5266647 | P25: 6000000 | Q25: 1573380 | R25: 6051197.2 | S25: 4016708 | T25: 5000146.9 | U25: 2000000 | V25: 13000000 | W25: 4500000 | X25: 9800000 | Y25: 5816901.4 | Z25: 3000000 | AA25: 2794969.7 | AB25: 4500000 | AC25: 10000000 | AD25: 3200000 | AE25: 3906909 | AF25: 8700000 | AG25: 3600000 | AH25: 4500000 | AI25: 6000000 | AJ25: 20298654 | AK25: 4500000 | AL25: 3700000 | AM25: 5800000 | AN25: 13897362 | AO25: 4621988.1 | AP25: 1896059 | AQ25: 14837644 | AR25: 6158087.6 | AS25: 9500000 | AT25: 9500000 | AU25: 5750000 | AV25: 2736722.1 | AW25: 6641000 | AX25: 5363788 | AY25: 3500000 | AZ25: 17752979 | BA25: 4440000 | BB25: 9600000 | BC25: 15000000 | BD25: 4444652 | BE25: 6000000 | BF25: 8450000 | BG25: 3000000 | BH25: 2858222 | BI25: 4470470.4 | BJ25: 4515504.5 | BK25: 14200000 | BL25: 6000000 | BM25: 6118936 | BN25: 11353480 | BO25: 2700000 | BP25: 7613437 | BQ25: 34728000 | BR25: 6280788 | BS25: 5670150 | BT25: 4323727.7 | BU25: 88546 | BV25: 5189788 | BW25: 13588792 | BX25: 3250000 | BY25: 5039219.4 | BZ25: 5700000 | CA25: 9684970 | CB25: 12747970 | CC25: 6412733.3 | CD25: 7675815 | CE25: 1400000 | CF25: 3185340 | CG25: 4087406 | CH25: 3190093.8 | CI25: 16266877 | CJ25: 3001265.5 | CK25: 2665881.6 | CL25: =SUM(B25:M25) -> 99052182 | CM25: =SUM(N25:U25) -> 46840480 | CN25: =SUM(V25:AI25) -> 83318780 | CO25: =SUM(AJ25:BA25) -> 1.4089428e+08 | CP25: =SUM(BB25:BJ25) -> 58338849 | CQ25: =SUM(BK25:BP25) -> 47985853 | CR25: =SUM(BQ25:CK25) -> 1.5417736e+08 | CS25: =SUM(B25:CK25) -> 6.3060779e+08
A26: P17 เงินเดือนและค่าจ้างประจำ | B26: 321350000 | C26: 37199779 | D26: 41105640 | E26: 43919747 | F26: 32671000 | G26: 49000000 | H26: 66412741 | I26: 67282910 | J26: 45103500 | K26: 45077000 | L26: 89419271 | M26: 17156880 | N26: 1.6085729e+08 | O26: 39962264 | P26: 44155428 | Q26: 68026741 | R26: 43026367 | S26: 38988620 | T26: 40577684 | U26: 26888840 | V26: 375000000 | W26: 30014500 | X26: 44094875 | Y26: 39850893 | Z26: 27146970 | AA26: 32505394 | AB26: 36600000 | AC26: 104153200 | AD26: 38695900 | AE26: 34206144 | AF26: 41793707 | AG26: 65796700 | AH26: 34897700 | AI26: 26345227 | AJ26: 6.1548548e+08 | AK26: 40756442 | AL26: 35266105 | AM26: 70320169 | AN26: 66705310 | AO26: 41139092 | AP26: 22549120 | AQ26: 1.2099063e+08 | AR26: 39915887 | AS26: 56717100 | AT26: 77948072 | AU26: 41275987 | AV26: 29094754 | AW26: 48000000 | AX26: 40193876 | AY26: 31000000 | AZ26: 1.7652428e+08 | BA26: 33676129 | BB26: 325000000 | BC26: 93594000 | BD26: 36920728 | BE26: 38075840 | BF26: 187033280 | BG26: 27923647 | BH26: 18864438 | BI26: 23163883 | BJ26: 25861188 | BK26: 253000000 | BL26: 65017674 | BM26: 49549379 | BN26: 67942771 | BO26: 51656351 | BP26: 34294160 | BQ26: 1000581000 | BR26: 50738178 | BS26: 50940294 | BT26: 1.6834086e+08 | BU26: 14184600 | BV26: 45963294 | BW26: 100458000 | BX26: 31582308 | BY26: 32961829 | BZ26: 44313342 | CA26: 52401793 | CB26: 91972611 | CC26: 54017590 | CD26: 76601175 | CE26: 26764083 | CF26: 31270709 | CG26: 25659520 | CH26: 32075784 | CI26: 87295591 | CJ26: 22417944 | CK26: 18607005 | CL26: =SUM(B26:M26) -> 8.5569847e+08 | CM26: =SUM(N26:U26) -> 4.6248323e+08 | CN26: =SUM(V26:AI26) -> 9.3110121e+08 | CO26: =SUM(AJ26:BA26) -> 1.5875584e+09 | CP26: =SUM(BB26:BJ26) -> 7.76437e+08 | CQ26: =SUM(BK26:BP26) -> 5.2146033e+08 | CR26: =SUM(BQ26:CK26) -> 2.0591475e+09 | CS26: =SUM(B26:CK26) -> 7.1938862e+09
A27: P18 ค่าจ้างชั่วคราว/พกส./ค่าจ้างเหมาบุคลากรอื่น | B27: 76862280 | C27: 18673205 | D27: 11935300 | E27: 13581795 | F27: 9936000 | G27: 13850000 | H27: 11333477 | I27: 22813573 | J27: 15090000 | K27: 17229000 | L27: 42392620 | M27: 5245196 | N27: 87941119 | O27: 13320472 | P27: 16881000 | Q27: 24004638 | R27: 14029560 | S27: 11961515 | T27: 13162680 | U27: 8633240 | V27: 91160000 | W27: 12364640 | X27: 21528900 | Y27: 16405190 | Z27: 8128410 | AA27: 9153121.4 | AB27: 11000000 | AC27: 32000000 | AD27: 7200000 | AE27: 14024669 | AF27: 11579090 | AG27: 21631700 | AH27: 12328000 | AI27: 10900000 | AJ27: 2.1383472e+08 | AK27: 13575605 | AL27: 12269786 | AM27: 24716065 | AN27: 30056112 | AO27: 16478786 | AP27: 8026800 | AQ27: 67217579 | AR27: 14843712 | AS27: 28234200 | AT27: 23495613 | AU27: 15620000 | AV27: 10307043 | AW27: 13300000 | AX27: 15335332 | AY27: 16294398 | AZ27: 55813994 | BA27: 14741950 | BB27: 121600000 | BC27: 32524000 | BD27: 10666272 | BE27: 15500000 | BF27: 67560000 | BG27: 13341890 | BH27: 7609098 | BI27: 12846069 | BJ27: 12444109 | BK27: 75000000 | BL27: 18000000 | BM27: 13039769 | BN27: 19809659 | BO27: 16440800 | BP27: 14657778 | BQ27: 293196000 | BR27: 18874602 | BS27: 18590994 | BT27: 67569028 | BU27: 7352892 | BV27: 13966709 | BW27: 37275000 | BX27: 11359560 | BY27: 13961278 | BZ27: 13677903 | CA27: 17019602 | CB27: 32939537 | CC27: 16540036 | CD27: 33785775 | CE27: 13690036 | CF27: 10224220 | CG27: 12312456 | CH27: 9431618 | CI27: 42609874 | CJ27: 9580070.2 | CK27: 9875464.2 | CL27: =SUM(B27:M27) -> 2.5894245e+08 | CM27: =SUM(N27:U27) -> 1.8993422e+08 | CN27: =SUM(V27:AI27) -> 2.7940372e+08 | CO27: =SUM(AJ27:BA27) -> 5.941617e+08 | CP27: =SUM(BB27:BJ27) -> 2.9409144e+08 | CQ27: =SUM(BK27:BP27) -> 1.5694801e+08 | CR27: =SUM(BQ27:CK27) -> 7.0383265e+08 | CS27: =SUM(B27:CK27) -> 2.4773142e+09
A28: P19 ค่าตอบแทน | B28: 160330000 | C28: 18127576 | D28: 21746500 | E28: 20431255 | F28: 14887790 | G28: 23785800 | H28: 32724501 | I28: 42161396 | J28: 21469100 | K28: 25967000 | L28: 61883090 | M28: 11396385 | N28: 1.3639716e+08 | O28: 24831226 | P28: 37024327 | Q28: 48074493 | R28: 20798211 | S28: 27022700 | T28: 19322112 | U28: 13567500 | V28: 212608000 | W28: 19400370 | X28: 36338000 | Y28: 27044959 | Z28: 14780050 | AA28: 15929556 | AB28: 18600000 | AC28: 58000000 | AD28: 19000000 | AE28: 19776571 | AF28: 31164700 | AG28: 34029200 | AH28: 18205000 | AI28: 18173000 | AJ28: 4.0835716e+08 | AK28: 24666576 | AL28: 17373174 | AM28: 40369273 | AN28: 49346166 | AO28: 22456549 | AP28: 12658617 | AQ28: 1.0216069e+08 | AR28: 20716949 | AS28: 38197949 | AT28: 32474658 | AU28: 20097936 | AV28: 14402753 | AW28: 21000000 | AX28: 21216952 | AY28: 17055000 | AZ28: 1.0396114e+08 | BA28: 19238040 | BB28: 230800000 | BC28: 60958000 | BD28: 17497755 | BE28: 25901000 | BF28: 152680800 | BG28: 15758316 | BH28: 12972000 | BI28: 16622800 | BJ28: 15840843 | BK28: 155000000 | BL28: 37000000 | BM28: 25140000 | BN28: 45605903 | BO28: 29242413 | BP28: 20819856 | BQ28: 706520000 | BR28: 26706325 | BS28: 23640964 | BT28: 1.305174e+08 | BU28: 7253458 | BV28: 22401205 | BW28: 74270000 | BX28: 15797645 | BY28: 17453716 | BZ28: 17923211 | CA28: 26295508 | CB28: 58290529 | CC28: 32541360 | CD28: 49261294 | CE28: 19073090 | CF28: 18429431 | CG28: 20355165 | CH28: 15272332 | CI28: 76089293 | CJ28: 19944546 | CK28: 12666457 | CL28: =SUM(B28:M28) -> 4.5491039e+08 | CM28: =SUM(N28:U28) -> 3.2703773e+08 | CN28: =SUM(V28:AI28) -> 5.4304941e+08 | CO28: =SUM(AJ28:BA28) -> 9.8574958e+08 | CP28: =SUM(BB28:BJ28) -> 5.4903151e+08 | CQ28: =SUM(BK28:BP28) -> 3.1280817e+08 | CR28: =SUM(BQ28:CK28) -> 1.3907029e+09 | CS28: =SUM(B28:CK28) -> 4.5632897e+09
A29: P20 ค่าใช้จ่ายบุคลากรอื่น | B29: 20320643 | C29: 2690743.6 | D29: 3078255.2 | E29: 2314552.3 | F29: 1937950 | G29: 3077000 | H29: 5082528 | I29: 4038068.9 | J29: 3234300 | K29: 3096000 | L29: 6689185.6 | M29: 1190257.8 | N29: 13939885 | O29: 3149105 | P29: 3029956.5 | Q29: 4294735.1 | R29: 2703147.5 | S29: 2685951.7 | T29: 2655930.6 | U29: 1611750 | V29: 27355500 | W29: 2618570 | X29: 3312800 | Y29: 2899171.5 | Z29: 1573260 | AA29: 2238934.5 | AB29: 2250000 | AC29: 6000000 | AD29: 2000000 | AE29: 2175131 | AF29: 2612289 | AG29: 4620900 | AH29: 2323000 | AI29: 2700000 | AJ29: 48727040 | AK29: 3092059.2 | AL29: 2621346.5 | AM29: 5179177.7 | AN29: 5787715.3 | AO29: 2861008.1 | AP29: 1719945.8 | AQ29: 9863219.7 | AR29: 2902982.7 | AS29: 4819580 | AT29: 5355581.2 | AU29: 2370318.5 | AV29: 1885377 | AW29: 3500000 | AX29: 2560751 | AY29: 2542000 | AZ29: 13955539 | BA29: 2651479 | BB29: 26800000 | BC29: 6894000 | BD29: 2259663 | BE29: 3125856.8 | BF29: 13700000 | BG29: 1749122 | BH29: 1290888.4 | BI29: 1794657.3 | BJ29: 2439445.9 | BK29: 18000000 | BL29: 4600000 | BM29: 3527565 | BN29: 5039125.2 | BO29: 3400377.6 | BP29: 3144853.2 | BQ29: 76573645 | BR29: 3596831.9 | BS29: 3099283.2 | BT29: 15881709 | BU29: 1226906 | BV29: 2962608.4 | BW29: 8450000 | BX29: 2349323.7 | BY29: 2521298.2 | BZ29: 2962232.8 | CA29: 3021137 | CB29: 5424720.5 | CC29: 4491543.7 | CD29: 7598658.2 | CE29: 2188063.3 | CF29: 2019880.8 | CG29: 1933651.2 | CH29: 1985454.2 | CI29: 7257937.8 | CJ29: 1830441 | CK29: 1615315.3 | CL29: =SUM(B29:M29) -> 56749484 | CM29: =SUM(N29:U29) -> 34070462 | CN29: =SUM(V29:AI29) -> 64679556 | CO29: =SUM(AJ29:BA29) -> 1.2239512e+08 | CP29: =SUM(BB29:BJ29) -> 60053633 | CQ29: =SUM(BK29:BP29) -> 37711921 | CR29: =SUM(BQ29:CK29) -> 1.5899064e+08 | CS29: =SUM(B29:CK29) -> 5.3465082e+08
A30: P21 ค่าใช้สอย | B30: 1.0418869e+08 | C30: 5663539 | D30: 9081930 | E30: 4672000 | F30: 2616659.9 | G30: 5850600 | H30: 6152836 | I30: 41772335 | J30: 8014200 | K30: 14414900 | L30: 24028294 | M30: 2704580.6 | N30: 1.0677214e+08 | O30: 7941365.1 | P30: 22206334 | Q30: 27224492 | R30: 11059563 | S30: 7736514.3 | T30: 5552345.8 | U30: 2033100 | V30: 160000000 | W30: 7073770 | X30: 10600100 | Y30: 12449246 | Z30: 1784807 | AA30: 4653294 | AB30: 3100000 | AC30: 30000000 | AD30: 4000000 | AE30: 7705026 | AF30: 5942100 | AG30: 34132400 | AH30: 7778000 | AI30: 18000000 | AJ30: 3.305439e+08 | AK30: 9050194.8 | AL30: 6479269.8 | AM30: 41867699 | AN30: 20500310 | AO30: 3925727.6 | AP30: 2051420.4 | AQ30: 1.1883779e+08 | AR30: 7700944.9 | AS30: 23142250 | AT30: 27615071 | AU30: 5751627.6 | AV30: 1050873.5 | AW30: 28450000 | AX30: 5690306.6 | AY30: 2900693 | AZ30: 1.2182668e+08 | BA30: 3942567 | BB30: 142400000 | BC30: 21044000 | BD30: 5207080 | BE30: 3890120 | BF30: 77901000 | BG30: 3212877.5 | BH30: 4321622.2 | BI30: 6708551.6 | BJ30: 8618025 | BK30: 98000000 | BL30: 14000000 | BM30: 14084321 | BN30: 18169026 | BO30: 11067997 | BP30: 7446970.4 | BQ30: 419920900 | BR30: 19733407 | BS30: 4038959.4 | BT30: 73297753 | BU30: 4115308 | BV30: 8071700 | BW30: 39023500 | BX30: 3265983.5 | BY30: 7546901.7 | BZ30: 5723577 | CA30: 24860672 | CB30: 35604475 | CC30: 10360050 | CD30: 32764283 | CE30: 5608510 | CF30: 2524888 | CG30: 1702945.5 | CH30: 2615749.9 | CI30: 57421433 | CJ30: 3869384.1 | CK30: 3292081.3 | CL30: =SUM(B30:M30) -> 2.2916056e+08 | CM30: =SUM(N30:U30) -> 1.9052586e+08 | CN30: =SUM(V30:AI30) -> 3.0721874e+08 | CO30: =SUM(AJ30:BA30) -> 7.6132733e+08 | CP30: =SUM(BB30:BJ30) -> 2.7330328e+08 | CQ30: =SUM(BK30:BP30) -> 1.6276831e+08 | CR30: =SUM(BQ30:CK30) -> 7.6536246e+08 | CS30: =SUM(B30:CK30) -> 2.6896665e+09
A31: P22 ค่าสาธารณูปโภค | B31: 26960000 | C31: 3295070 | D31: 2807450 | E31: 2570000 | F31: 1541500 | G31: 2500000 | H31: 2381143 | I31: 6025489.2 | J31: 2000000 | K31: 3068900 | L31: 5652034.9 | M31: 1040000 | N31: 17099940 | O31: 2728782.2 | P31: 4683000 | Q31: 5509173.6 | R31: 3051882.5 | S31: 1624542.2 | T31: 1917452.6 | U31: 1295000 | V31: 27600000 | W31: 2116500 | X31: 3252000 | Y31: 3579088.7 | Z31: 1600000 | AA31: 1630248.4 | AB31: 3000000 | AC31: 7000000 | AD31: 2500000 | AE31: 2212950 | AF31: 3207000 | AG31: 3151500 | AH31: 2876000 | AI31: 2000000 | AJ31: 70062209 | AK31: 2692462.1 | AL31: 1812685.4 | AM31: 4788265 | AN31: 4553829.3 | AO31: 2344724.3 | AP31: 832831.32 | AQ31: 10863253 | AR31: 2170521.6 | AS31: 4398778 | AT31: 4250000 | AU31: 1868764.8 | AV31: 1218665.7 | AW31: 2500000 | AX31: 1892638.2 | AY31: 1401900 | AZ31: 14842394 | BA31: 1942847.2 | BB31: 26020000 | BC31: 10282825 | BD31: 1638590.8 | BE31: 3358260 | BF31: 18410000 | BG31: 1032000 | BH31: 1040000 | BI31: 1744556 | BJ31: 1590154.6 | BK31: 22000000 | BL31: 5300000 | BM31: 4280897 | BN31: 4258908.3 | BO31: 2847770.6 | BP31: 2504670.9 | BQ31: 69160000 | BR31: 3604679.8 | BS31: 2813066.3 | BT31: 18112896 | BU31: 2248175 | BV31: 3165149.5 | BW31: 9780000 | BX31: 2239079.8 | BY31: 1750213.4 | BZ31: 2401000 | CA31: 4272174.6 | CB31: 6878000 | CC31: 4640388.1 | CD31: 7782580.1 | CE31: 2694763.6 | CF31: 2024251.1 | CG31: 2091569.2 | CH31: 1944274.8 | CI31: 9788809.9 | CJ31: 909108.77 | CK31: 1700000 | CL31: =SUM(B31:M31) -> 59841587 | CM31: =SUM(N31:U31) -> 37909773 | CN31: =SUM(V31:AI31) -> 65725287 | CO31: =SUM(AJ31:BA31) -> 1.3443677e+08 | CP31: =SUM(BB31:BJ31) -> 65116386 | CQ31: =SUM(BK31:BP31) -> 41192247 | CR31: =SUM(BQ31:CK31) -> 1.6000018e+08 | CS31: =SUM(B31:CK31) -> 5.6422223e+08
A32: P23 วัสดุใช้ไป | B32: 29928934 | C32: 3123882 | D32: 4775700 | E32: 4916477 | F32: 3843266 | G32: 3055000 | H32: 4948611.4 | I32: 7969520.9 | J32: 6114900 | K32: 4276000 | L32: 15631908 | M32: 1984577.6 | N32: 17042348 | O32: 5062223.2 | P32: 5925160 | Q32: 9273905 | R32: 5480248.8 | S32: 3426430.4 | T32: 5372357.7 | U32: 1960000 | V32: 43120000 | W32: 4630000 | X32: 6850000 | Y32: 6521500.9 | Z32: 2125000 | AA32: 4280000 | AB32: 4000000 | AC32: 18000000 | AD32: 5300000 | AE32: 3693350 | AF32: 7156900 | AG32: 6746500 | AH32: 4306000 | AI32: 5025000 | AJ32: 66879607 | AK32: 6807170.3 | AL32: 4271240 | AM32: 8218768.1 | AN32: 9352908.4 | AO32: 9149884.1 | AP32: 2043875.6 | AQ32: 20984441 | AR32: 5156985.4 | AS32: 10453040 | AT32: 9413120 | AU32: 5278507.2 | AV32: 3226163.7 | AW32: 5900000 | AX32: 5522435.9 | AY32: 3461500 | AZ32: 21996972 | BA32: 4514000 | BB32: 28480000 | BC32: 9220000 | BD32: 2000387.4 | BE32: 4430000 | BF32: 18420000 | BG32: 2798694.4 | BH32: 2414157.5 | BI32: 2937902 | BJ32: 3956069 | BK32: 37000000 | BL32: 7000000 | BM32: 6546744.5 | BN32: 7450635.1 | BO32: 8903375.1 | BP32: 6903282.5 | BQ32: 108479370 | BR32: 6268546.3 | BS32: 4589030.1 | BT32: 16583209 | BU32: 7143088 | BV32: 4253704.1 | BW32: 14280000 | BX32: 3992171.9 | BY32: 2624892.9 | BZ32: 4492210 | CA32: 14059644 | CB32: 12289629 | CC32: 7902680.5 | CD32: 9031978.7 | CE32: 3277438 | CF32: 3269497.5 | CG32: 4100670.8 | CH32: 4037335.5 | CI32: 16163749 | CJ32: 1794678.6 | CK32: 1886437.5 | CL32: =SUM(B32:M32) -> 90568777 | CM32: =SUM(N32:U32) -> 53542673 | CN32: =SUM(V32:AI32) -> 1.2175425e+08 | CO32: =SUM(AJ32:BA32) -> 2.0263062e+08 | CP32: =SUM(BB32:BJ32) -> 74657210 | CQ32: =SUM(BK32:BP32) -> 73804037 | CR32: =SUM(BQ32:CK32) -> 2.5051996e+08 | CS32: =SUM(B32:CK32) -> 8.6747753e+08
A33: P24 ค่าเสื่อมราคาและค่าตัดจำหน่าย | B33: 77221000 | C33: 8176545.3 | D33: 4565200 | E33: 7976448.1 | F33: 6211500 | G33: 6000000 | H33: 6200963.2 | I33: 11376159 | J33: 7593390 | K33: 12956000 | L33: 42065748 | M33: 7781578.4 | N33: 96574193 | O33: 7981809.8 | P33: 12801592 | Q33: 10559507 | R33: 9072450.5 | S33: 11219317 | T33: 5229827.7 | U33: 4850000 | V33: 143200000 | W33: 12298570 | X33: 16099814 | Y33: 12706978 | Z33: 5251190 | AA33: 5204056.2 | AB33: 7200000 | AC33: 25000000 | AD33: 5577468.5 | AE33: 8368396 | AF33: 7544181 | AG33: 15808800 | AH33: 8822000 | AI33: 9386217.6 | AJ33: 190132239 | AK33: 9489727.4 | AL33: 6102337.3 | AM33: 20274584 | AN33: 15462957 | AO33: 7219212.8 | AP33: 5158365.3 | AQ33: 59520658 | AR33: 9295368.2 | AS33: 15325400 | AT33: 14900000 | AU33: 8060807.2 | AV33: 5187806.3 | AW33: 7500000 | AX33: 9748379.8 | AY33: 11435734 | AZ33: 84398910 | BA33: 11767901 | BB33: 145700000 | BC33: 29972000 | BD33: 5221543.6 | BE33: 18279196 | BF33: 92855000 | BG33: 6530092.8 | BH33: 9187485 | BI33: 6877666.7 | BJ33: 10121049 | BK33: 52000000 | BL33: 15912171 | BM33: 12791937 | BN33: 18692548 | BO33: 14322189 | BP33: 9392277.1 | BQ33: 263599320 | BR33: 12937472 | BS33: 6427197.4 | BT33: 69758859 | BU33: 9991028.5 | BV33: 12186288 | BW33: 40664000 | BX33: 6402184.7 | BY33: 6733810.3 | BZ33: 11219207 | CA33: 11529409 | CB33: 32528014 | CC33: 9805558.9 | CD33: 27224662 | CE33: 7056133 | CF33: 4704270.3 | CG33: 6804301 | CH33: 3743035.6 | CI33: 38511362 | CJ33: 6965163 | CK33: 6702397.7 | CL33: =SUM(B33:M33) -> 1.9812453e+08 | CM33: =SUM(N33:U33) -> 1.582887e+08 | CN33: =SUM(V33:AI33) -> 2.8246767e+08 | CO33: =SUM(AJ33:BA33) -> 4.9098039e+08 | CP33: =SUM(BB33:BJ33) -> 3.2474403e+08 | CQ33: =SUM(BK33:BP33) -> 1.2311112e+08 | CR33: =SUM(BQ33:CK33) -> 5.9549367e+08 | CS33: =SUM(B33:CK33) -> 2.1732101e+09
... A35: P25 ค่าใช้จ่ายอื่น | B35: 21595427 | C35: 10827105 | D35: 9145805 | E35: 6705550 | F35: 4112060.2 | G35: 7990000 | H35: 14568031 | I35: 9802273.4 | J35: 6222700 | K35: 7183000 | L35: 11330420 | M35: 5078678.4 | N35: 21776509 | O35: 13624017 | P35: 25229022 | Q35: 11820235 | R35: 9777273.1 | S35: 6605864.4 | T35: 9083004.4 | U35: 4315000 | V35: 59426425 | W35: 8906500 | X35: 5836989 | Y35: 8250359.9 | Z35: 2078000 | AA35: 8647458 | AB35: 1500000 | AC35: 13000000 | AD35: 3009555 | AE35: 2165208 | AF35: 2995045 | AG35: 8534622 | AH35: 3978000 | AI35: 2880000 | AJ35: 42819993 | AK35: 20244428 | AL35: 5172830 | AM35: 6710900.5 | AN35: 4642650.5 | AO35: 7012962.7 | AP35: 2445468.2 | AQ35: 12827599 | AR35: 7188369.8 | AS35: 10403900 | AT35: 6192283 | AU35: 4548903.1 | AV35: 2014046.8 | AW35: 3971063.9 | AX35: 2558543.4 | AY35: 5804827 | AZ35: 25584969 | BA35: 6454485.5 | BB35: 17800000 | BC35: 2548273.8 | BD35: 6743815.6 | BE35: 8250000 | BF35: 9100000 | BG35: 2801000 | BH35: 730000 | BI35: 1710679 | BJ35: 1649832.5 | BK35: 11000000 | BL35: 9000000 | BM35: 8118000 | BN35: 5741828 | BO35: 4736102.6 | BP35: 6711323.5 | BQ35: 113150039 | BR35: 11941300 | BS35: 4221670 | BT35: 18933736 | BU35: 930000 | BV35: 6689286 | BW35: 11570000 | BX35: 13670295 | BY35: 3865506.9 | BZ35: 13269195 | CA35: 9424400.7 | CB35: 20815625 | CC35: 7939624.2 | CD35: 22266937 | CE35: 3897905.5 | CF35: 4685022.1 | CG35: 1659755.7 | CH35: 7307833.8 | CI35: 13849376 | CJ35: 3016680.4 | CK35: 6600928 | CL35: =SUM(B35:M35) -> 1.1456105e+08 | CM35: =SUM(N35:U35) -> 1.0223093e+08 | CN35: =SUM(V35:AI35) -> 1.3120816e+08 | CO35: =SUM(AJ35:BA35) -> 1.7659822e+08 | CP35: =SUM(BB35:BJ35) -> 51333601 | CQ35: =SUM(BK35:BP35) -> 45307254 | CR35: =SUM(BQ35:CK35) -> 2.9970512e+08 | CS35: =SUM(B35:CK35) -> 9.2094433e+08
A36: P251 ค่าใช้จ่ายอื่น (ระบบบัญชีบันทึกอัตโนมัติ) | B36: 555500000 | C36: 0 | D36: 0 | E36: 0 | F36: 0 | G36: 0 | H36: 0 | I36: 0 | J36: 0 | K36: 80.25 | L36: 0 | M36: 0 | N36: 212333.16 | O36: 0 | P36: 0 | R36: 0 | S36: 0 | T36: 0 | U36: 0 | V36: 1700000 | W36: 0 | X36: 0 | Y36: 0 | Z36: 0 | AA36: 0 | AB36: 0 | AC36: 0 | AD36: 0 | AE36: 0 | AF36: 0 | AG36: 0 | AH36: 0 | AI36: 0 | AJ36: 145540 | AK36: 0 | AL36: 0 | AM36: 0 | AN36: 0 | AO36: 0 | AP36: 0 | AQ36: 3509519.3 | AR36: 0 | AS36: 0 | AT36: 0 | AU36: 0 | AV36: 0 | AW36: 0 | AX36: 0 | AY36: 0 | AZ36: 0 | BA36: 0 | BB36: 500000 | BC36: 0 | BD36: 0 | BE36: 0 | BF36: 5000 | BG36: 0 | BH36: 0 | BI36: 0 | BJ36: 0 | BK36: 590000000 | BL36: 0 | BM36: 0 | BN36: 0 | BO36: 0 | BP36: 0 | BQ36: 37080000 | BR36: 0 | BS36: 0 | BT36: 518726.9 | BU36: 0 | BV36: 0 | BW36: 0 | BX36: 0 | BY36: 0 | BZ36: 0 | CA36: 0 | CB36: 0 | CC36: 0 | CD36: 0 | CE36: 0 | CF36: 0 | CG36: 0 | CH36: 0 | CI36: 0 | CJ36: 0 | CK36: 0 | CL36: =SUM(B36:M36) -> 5.5550008e+08 | CM36: =SUM(N36:U36) -> 212333.16 | CN36: =SUM(V36:AI36) -> 1700000 | CO36: =SUM(AJ36:BA36) -> 3655059.3 | CP36: =SUM(BB36:BJ36) -> 505000 | CQ36: =SUM(BK36:BP36) -> 590000000 | CR36: =SUM(BQ36:CK36) -> 37598727 | CS36: =SUM(B36:CK36) -> 1.1891712e+09
A37: P26S รวมค่าใช้จ่าย | B37: =SUM(B22:B36) -> 1.6850958e+09 | C37: =SUM(C22:C36) -> 1.3081138e+08 | D37: =SUM(D22:D36) -> 1.2873728e+08 | E37: =SUM(E22:E36) -> 1.2757692e+08 | F37: =SUM(F22:F36) -> 90473927 | G37: =SUM(G22:G36) -> 144800400 | H37: =SUM(H22:H36) -> 1.7637186e+08 | I37: =SUM(I22:I36) -> 2.6289332e+08 | ... CS37: =SUM(CS22:CS36) -> 3.0555287e+10
A39: ส่วนต่างรายได้หักค่าใช้จ่าย (NI) | B39: =(SUM(B9:B20))-B37 -> 17813219 | C39: =(SUM(C9:C20))-C37 -> -5982982 | D39: =(SUM(D9:D20))-D37 -> -1370539.6 | E39: =(SUM(E9:E20))-E37 -> -6732235.6 | F39: =(SUM(F9:F20))-F37 -> -3015276.7 | G39: =(SUM(G9:G20))-G37 -> 22522795 | H39: =(SUM(H9:H20))-H37 -> 6309111.8 | I39: =(SUM(I9:I20))-I37 -> 91543.42 | ... CS39: =(SUM(CS9:CS20))-CS37 -> 2.5955727e+09
A40: EBITDA (รวมรายได้ (ไม่รวมรายได้งบลงทุน) - รวมค่าใช้จ่าย (ไม่รวมค่าเสื่อมราคาและค่าตัดจำหน่าย) | B40: =((SUM(B9:B18)-((SUM(B22:B32)+B34+B35)))) -> 77199684 | C40: =((SUM(C9:C18)-((SUM(C22:C32)+C34+C35)))) -> 42817.83 | D40: =((SUM(D9:D18)-((SUM(D22:D32)+D34+D35)))) -> 2085559.8 | E40: =((SUM(E9:E18)-((SUM(E22:E32)+E34+E35)))) -> 161335.05 | F40: =((SUM(F9:F18)-((SUM(F22:F32)+F34+F35)))) -> 998901.43 | G40: =((SUM(G9:G18)-((SUM(G22:G32)+G34+G35)))) -> 25076607 | H40: =((SUM(H9:H18)-((SUM(H22:H32)+H34+H35)))) -> 7023759.6 | I40: =((SUM(I9:I18)-((SUM(I22:I32)+I34+I35)))) -> 5326473 | ... CS40: =((SUM(CS9:CS18)-((SUM(CS22:CS32)+CS34+CS35)))) -> 3.2136761e+09
A41: P28 สรุปแผนประมาณการ | B41: =IF(B40>0,"เกินดุล",IF(B40=0,"สมดุล","ขาดดุล")) -> เกินดุล | C41: =IF(C40>0,"เกินดุล",IF(C40=0,"สมดุล","ขาดดุล")) -> เกินดุล | D41: =IF(D40>0,"เกินดุล",IF(D40=0,"สมดุล","ขาดดุล")) -> เกินดุล | E41: =IF(E40>0,"เกินดุล",IF(E40=0,"สมดุล","ขาดดุล")) -> เกินดุล | F41: =IF(F40>0,"เกินดุล",IF(F40=0,"สมดุล","ขาดดุล")) -> เกินดุล | G41: =IF(G40>0,"เกินดุล",IF(G40=0,"สมดุล","ขาดดุล")) -> เกินดุล | H41: =IF(H40>0,"เกินดุล",IF(H40=0,"สมดุล","ขาดดุล")) -> เกินดุล | I41: =IF(I40>0,"เกินดุล",IF(I40=0,"สมดุล","ขาดดุล")) -> เกินดุล | ... CS41: =IF(CS40>0,"เกินดุล",IF(CS40=0,"สมดุล","ขาดดุล")) -> เกินดุล
A42: P281 วงเงินที่ลงทุนได้ (ร้อยละ 20%ของ EBITDA) | B42: =IF(B40<=0,0,ROUNDUP((B40*20%),2)) -> 15439937 | C42: =IF(C40<=0,0,ROUNDUP((C40*20%),2)) -> 8563.57 | D42: =IF(D40<=0,0,ROUNDUP((D40*20%),2)) -> 417111.96 | E42: =IF(E40<=0,0,ROUNDUP((E40*20%),2)) -> 32267.01 | F42: =IF(F40<=0,0,ROUNDUP((F40*20%),2)) -> 199780.29 | G42: =IF(G40<=0,0,ROUNDUP((G40*20%),2)) -> 5015321.3 | H42: =IF(H40<=0,0,ROUNDUP((H40*20%),2)) -> 1404751.9 | I42: =IF(I40<=0,0,ROUNDUP((I40*20%),2)) -> 1065294.6 | ... CS42: =IF(CS40<=0,0,ROUNDUP((CS40*20%),2)) -> 6.4273521e+08
A44: P40 ทุนสำรองสุทธิ (Networking Capital) กันยายน 2568 | B44: 1.7690574e+08 | C44: 11382627 | D44: 7650349.6 | E44: 2827814.7 | F44: 3572898.7 | G44: -3918323.6 | H44: 998735.15 | I44: -2268769 | J44: -6041788.7 | K44: -13262385 | L44: -23282208 | M44: -5398671.6 | N44: 18151518 | O44: 12677798 | P44: -8898601.2 | Q44: 8764891.5 | R44: 12742303 | S44: 13063445 | T44: 3428084.1 | U44: -6082056 | V44: 1.8545352e+08 | W44: 24537207 | X44: 13571989 | Y44: 5333876.4 | Z44: -5894782.1 | AA44: 2165574.8 | AB44: -131623.58 | AC44: -16409824 | AD44: -61817.74 | AE44: -2354661.8 | AF44: -4284565.4 | AG44: -2623477.8 | AH44: 6235795.6 | AI44: -4569766.6 | AJ44: 6.7376965e+08 | AK44: 35042167 | AL44: 12886213 | AM44: 33850006 | AN44: -2988379.6 | AO44: 3487521.1 | AP44: 2205779.6 | AQ44: 51939126 | AR44: 7542607.9 | AS44: 6922741.8 | AT44: -4957322 | AU44: 12666985 | AV44: 4435991.2 | AW44: 19230102 | AX44: 10627533 | AY44: 1475716.1 | AZ44: 2.0909227e+08 | BA44: 22379442 | BB44: 4.9261276e+08 | BC44: -44777145 | BD44: -6762900.8 | BE44: 3742204.5 | BF44: 39797275 | BG44: 29384128 | BH44: -7866565.2 | BI44: 6107520.9 | BJ44: 119988.91 | BK44: 2.5752869e+08 | BL44: -3366852.8 | BM44: -1298721.5 | BN44: -14839384 | BO44: -8205351.6 | BP44: -347788.55 | BQ44: 1.2125809e+09 | BR44: -5412958.6 | BS44: -10042835 | BT44: 54093608 | BU44: 19322868 | BV44: 2367624.6 | BW44: -21903214 | BX44: -1783719.3 | BY44: -2575602 | BZ44: 2591101.7 | CA44: 13326396 | CB44: 1261299.2 | CC44: 15734422 | CD44: 5157123.9 | CE44: -2428235 | CF44: 2087614.8 | CG44: -2591887.9 | CH44: -449584.97 | CI44: -20812317 | CJ44: -3289466.5 | CK44: 5413487.1 | CL44: =SUM(B44:M44) -> 1.4916602e+08 | CM44: =SUM(N44:U44) -> 53847383 | CN44: =SUM(V44:AI44) -> 2.0096745e+08 | CO44: =SUM(AJ44:BA44) -> 1.0996082e+09 | CP44: =SUM(BB44:BJ44) -> 5.1235726e+08 | CQ44: =SUM(BK44:BP44) -> 2.2947059e+08 | CR44: =SUM(BQ44:CK44) -> 1.2626466e+09 | CS44: =SUM(B44:CK44) -> 3.5080635e+09
A45: P50 เงินบำรุงคงเหลือ กันยายน 2568 | B45: 1.113695e+08 | C45: 9629711.8 | D45: 8679009.7 | E45: 4213576.5 | F45: 5717631.2 | G45: 3475976.9 | H45: 12318590 | I45: 11430339 | J45: 4148960.6 | K45: 4884217.8 | L45: 21566920 | M45: 4939081 | N45: 75404576 | O45: 13739108 | P45: 15134704 | Q45: 16654752 | R45: 6754606.8 | S45: 10870645 | T45: 10546955 | U45: 4001489.7 | V45: 1.3992878e+08 | W45: 21734716 | X45: 74297061 | Y45: 6036586.7 | Z45: 4248457.5 | AA45: 4242463.3 | AB45: 4105091.4 | AC45: 30169217 | AD45: 12027097 | AE45: 5794971.6 | AF45: 17640311 | AG45: 17657865 | AH45: 6746300.3 | AI45: 5171452.2 | AJ45: 1.9464555e+08 | AK45: 31414468 | AL45: 12503512 | AM45: 25877859 | AN45: 10169350 | AO45: 4672730 | AP45: 3536188.7 | AQ45: 20502195 | AR45: 8600493.8 | AS45: 21441354 | AT45: 10770942 | AU45: 6854782.5 | AV45: 3837418.8 | AW45: 16513619 | AX45: 15675417 | AY45: 2717589.1 | AZ45: 1.9955893e+08 | BA45: 21976976 | BB45: 3.7138629e+08 | BC45: 29817360 | BD45: 8543324.3 | BE45: 6574287.2 | BF45: 1.1576909e+08 | BG45: 23623796 | BH45: 5655202.6 | BI45: 7539894.5 | BJ45: 972601.4 | BK45: 1.5486356e+08 | BL45: 24444036 | BM45: 6614149.2 | BN45: 16636303 | BO45: 10652031 | BP45: 6434143 | BQ45: 7.69974e+08 | BR45: 9302735.4 | BS45: 8785183.7 | BT45: 1.0756233e+08 | BU45: 14787409 | BV45: 19436008 | BW45: 28781083 | BX45: 9647247.7 | BY45: 3572239.6 | BZ45: 10922089 | CA45: 11970494 | CB45: 60686331 | CC45: 18033925 | CD45: 26649727 | CE45: 7961940.8 | CF45: 5431356.6 | CG45: 8941100.2 | CH45: 7600043.3 | CI45: 38248332 | CJ45: 6276099.8 | CK45: 11309388 | CL45: =SUM(B45:M45) -> 2.0237351e+08 | CM45: =SUM(N45:U45) -> 1.5310684e+08 | CN45: =SUM(V45:AI45) -> 3.4980037e+08 | CO45: =SUM(AJ45:BA45) -> 6.1126937e+08 | CP45: =SUM(BB45:BJ45) -> 5.6988184e+08 | CQ45: =SUM(BK45:BP45) -> 2.1964422e+08 | CR45: =SUM(BQ45:CK45) -> 1.1858791e+09 | CS45: =SUM(B45:CK45) -> 3.2919552e+09
A46: P60 หนี้สินและภาระผูกพัน กันยายน 2568 | B46: 2.1173275e+08 | C46: 17150006 | D46: 15952610 | E46: 15875818 | F46: 10593899 | G46: 25488775 | H46: 38050478 | I46: 52475768 | J46: 22854749 | K46: 31790512 | L46: 99648097 | M46: 14588411 | N46: 1.6654438e+08 | O46: 14072133 | P46: 48627353 | Q46: 58193351 | R46: 11941502 | S46: 15172409 | T46: 19517394 | U46: 14508094 | V46: 2.7389738e+08 | W46: 6057216.2 | X46: 1.4775198e+08 | Y46: 25108794 | Z46: 15848508 | AA46: 9686934.4 | AB46: 15710200 | AC46: 98255745 | AD46: 22827086 | AE46: 19313066 | AF46: 35530977 | AG46: 47308234 | AH46: 11091619 | AI46: 28194726 | AJ46: 3.9339816e+08 | AK46: 8851078.9 | AL46: 9089399 | AM46: 63233907 | AN46: 49541749 | AO46: 13882706 | AP46: 6427481 | AQ46: 1.1838818e+08 | AR46: 18221149 | AS46: 45063107 | AT46: 43492864 | AU46: 3166978.5 | AV46: 8028906 | AW46: 12596718 | AX46: 18131854 | AY46: 10318082 | AZ46: 1.1880214e+08 | BA46: 9549921.2 | BB46: 1.5051133e+08 | BC46: 1.2234999e+08 | BD46: 28380667 | BE46: 20478186 | BF46: 2.1886655e+08 | BG46: 5934646.1 | BH46: 21911670 | BI46: 22510484 | BJ46: 12215611 | BK46: 1.5017416e+08 | BL46: 49652650 | BM46: 23212419 | BN46: 69192449 | BO46: 36372813 | BP46: 24742469 | BQ46: 7.0627692e+08 | BR46: 32203105 | BS46: 34680774 | BT46: 1.9025208e+08 | BU46: 2516814.9 | BV46: 31790337 | BW46: 1.2009113e+08 | BX46: 19487305 | BY46: 19570552 | BZ46: 22732492 | CA46: 44635750 | CB46: 1.1599487e+08 | CC46: 21989300 | CD46: 54049154 | CE46: 19445872 | CF46: 21230469 | CG46: 21024440 | CH46: 15256091 | CI46: 1.1357515e+08 | CJ46: 15432320 | CK46: 14250647 | CL46: =SUM(B46:M46) -> 5.5620187e+08 | CM46: =SUM(N46:U46) -> 3.4857661e+08 | CN46: =SUM(V46:AI46) -> 7.5658246e+08 | CO46: =SUM(AJ46:BA46) -> 9.5018438e+08 | CP46: =SUM(BB46:BJ46) -> 6.0315913e+08 | CQ46: =SUM(BK46:BP46) -> 3.5334697e+08 | CR46: =SUM(BQ46:CK46) -> 1.6364856e+09 | CS46: =SUM(B46:CK46) -> 5.204537e+09
A48: 2. แผนจัดซื้อยา เวชภัณฑ์ วัสดุการแพทย์ วัสดุวิทยาศาสตร์การแพทย์
A49: ยา (รวมสนับสนุน รพ.สต.ในเครือข่าย) | B49: 165000000 | C49: 13505482 | D49: 11291321 | E49: 10368918 | F49: 6425022.1 | G49: 13081655 | H49: 16287308 | I49: 29000000 | J49: 12690650 | K49: 13041072 | L49: 46104084 | M49: 5010000 | N49: 80673726 | O49: 15289699 | P49: 15543928 | Q49: 35307230 | R49: 9518974 | S49: 14499830 | T49: 9696181 | U49: 3592957.5 | V49: 195000000 | W49: 7400000 | X49: 19451098 | Y49: 10826440 | Z49: 4200000 | AA49: 7707320 | AB49: 10000000 | AC49: 40000000 | AD49: 7000000 | AE49: 7790833 | AF49: 9000000 | AG49: 27000000 | AH49: 10500000 | AI49: 8000000 | AJ49: 570000000 | AK49: 11500000 | AL49: 7788582 | AM49: 33322494 | AN49: 29194722 | AO49: 10674681 | AP49: 3697916.8 | AQ49: 85831713 | AR49: 12934275 | AS49: 25019108 | AT49: 19600552 | AU49: 11751515 | AV49: 5000000 | AW49: 14024013 | AX49: 11172983 | AY49: 8900000 | AZ49: 136000000 | BA49: 9347084.2 | BB49: 321000000 | BC49: 45228000 | BD49: 8059383.3 | BE49: 11200000 | BF49: 88000000 | BG49: 5792120 | BH49: 4547041.8 | BI49: 15843082 | BJ49: 10970134 | BK49: 136000000 | BL49: 23000000 | BM49: 18662431 | BN49: 30000000 | BO49: 15821418 | BP49: 10029831 | BQ49: 1000856120 | BR49: 18043188 | BS49: 14370000 | BT49: 85860980 | BU49: 970653.04 | BV49: 13200170 | BW49: 54000000 | BX49: 7303223 | BY49: 7051359.2 | BZ49: 12203262 | CA49: 19383599 | CB49: 46471703 | CC49: 19939584 | CD49: 37785465 | CE49: 7500086 | CF49: 5923539.2 | CG49: 7000000 | CH49: 6828684.5 | CI49: 53029933 | CJ49: 6800636.1 | CK49: 4995248.3 | CL49: =SUM(B49:M49) -> 3.4180551e+08 | CM49: =SUM(N49:U49) -> 1.8412253e+08 | CN49: =SUM(V49:AI49) -> 363875691 | CO49: =SUM(AJ49:BA49) -> 1.0057596e+09 | CP49: =SUM(BB49:BJ49) -> 5.1063976e+08 | CQ49: =SUM(BK49:BP49) -> 2.3351368e+08 | CR49: =SUM(BQ49:CK49) -> 1.4295174e+09 | CS49: =SUM(B49:CK49) -> 4.0692342e+09
A50: วัสดุเภสัชกรรม (รวมสนับสนุน รพ.สต.ในเครือข่าย) | B50: 1494868.7 | C50: 1250970 | D50: 375415 | E50: 330750 | F50: 100880 | G50: 6085590.4 | H50: 395000 | I50: 1400000 | J50: 227900 | K50: 201555.2 | L50: 930357.75 | M50: 80000 | N50: 1086868 | O50: 275570 | P50: 23491.2 | Q50: 25196.44 | R50: 17345 | S50: 162150 | T50: 133500 | U50: 51200 | V50: 3000000 | W50: 229340 | X50: 600000 | Y50: 217313 | Z50: 100000 | AA50: 180000 | AB50: 300000 | AC50: 400000 | AD50: 200000 | AE50: 243927 | AF50: 200000 | AG50: 420000 | AH50: 300000 | AI50: 150000 | AJ50: 3400000 | AK50: 5200000 | AL50: 269645 | AM50: 541572.1 | AN50: 873603.58 | AO50: 265085 | AP50: 72725 | AQ50: 2097900 | AR50: 466600 | AS50: 594500 | AT50: 867104.52 | AU50: 597000 | AV50: 250000 | AW50: 298253.05 | AX50: 599755 | AY50: 200000 | AZ50: 27144362 | BA50: 400000 | BB50: 6500000 | BC50: 488000 | BD50: 112725 | BE50: 200000 | BF50: 1000000 | BG50: 230000 | BH50: 114810 | BI50: 662400 | BJ50: 9000 | BK50: 400000 | BL50: 680000 | BM50: 346900 | BN50: 600000 | BO50: 307720 | BP50: 336340 | BQ50: 2764000 | BR50: 262342 | BS50: 650000 | BT50: 199958.61 | BU50: 3216814.5 | BV50: 360000 | BW50: 1492423.9 | BX50: 291400 | BY50: 301000 | BZ50: 10630 | CA50: 465150 | CB50: 1458330 | CC50: 554813 | CD50: 1150130.2 | CE50: 505000 | CF50: 105700 | CG50: 120000 | CH50: 231548.5 | CI50: 8864652.3 | CJ50: 150000 | CK50: 257000 | CL50: =SUM(B50:M50) -> 12873287 | CM50: =SUM(N50:U50) -> 1775320.6 | CN50: =SUM(V50:AI50) -> 6540580 | CO50: =SUM(AJ50:BA50) -> 44138106 | CP50: =SUM(BB50:BJ50) -> 9316935 | CQ50: =SUM(BK50:BP50) -> 2670960 | CR50: =SUM(BQ50:CK50) -> 23410893 | CS50: =SUM(B50:CK50) -> 1.0072608e+08
A51: วัสดุการแพทย์ทั่วไป (รวมสนับสนุน รพ.สต.ในเครือข่าย) | B51: 1.019022e+08 | C51: 5063096.8 | D51: 3620045.7 | E51: 1512237.4 | F51: 2012189.7 | G51: 4012862.6 | H51: 4959379.7 | I51: 10000000 | J51: 2056600 | K51: 2353888.6 | L51: 27318215 | M51: 1477593.9 | N51: 91866434 | O51: 6402982 | P51: 7414000 | Q51: 17250434 | R51: 2631973.9 | S51: 3292997.9 | T51: 5912458 | U51: 1346390.8 | V51: 160000000 | W51: 4500000 | X51: 7249759.8 | Y51: 5800000 | Z51: 1120000 | AA51: 2020000 | AB51: 3700000 | AC51: 16600000 | AD51: 3860000 | AE51: 4585315 | AF51: 4500000 | AG51: 8000000 | AH51: 4500000 | AI51: 2800000 | AJ51: 354000000 | AK51: 4012321.4 | AL51: 4569968.1 | AM51: 9915353.8 | AN51: 9005184.8 | AO51: 3547559.2 | AP51: 1274719.9 | AQ51: 44734545 | AR51: 5860203.1 | AS51: 12000000 | AT51: 10777231 | AU51: 5012648 | AV51: 2150000 | AW51: 6529916.5 | AX51: 5158543 | AY51: 3300000 | AZ51: 21894993 | BA51: 4062921.8 | BB51: 168000000 | BC51: 9090000 | BD51: 2557173.1 | BE51: 4000000 | BF51: 68780000 | BG51: 5883323.3 | BH51: 2414199 | BI51: 5857426 | BJ51: 6361100.5 | BK51: 96600000 | BL51: 7800000 | BM51: 6365474.3 | BN51: 11000000 | BO51: 6635395.3 | BP51: 4904925.4 | BQ51: 611040840 | BR51: 4894283.5 | BS51: 3516172.2 | BT51: 54979026 | BU51: 1137901.1 | BV51: 4267825.4 | BW51: 28600000 | BX51: 2534044.3 | BY51: 3106869.3 | BZ51: 5658091.4 | CA51: 5901451.6 | CB51: 25730316 | CC51: 8029463.2 | CD51: 13270409 | CE51: 8022039.2 | CF51: 1770122 | CG51: 1601411.4 | CH51: 3052650.5 | CI51: 26358520 | CJ51: 3348018.5 | CK51: 3859835.8 | CL51: =SUM(B51:M51) -> 1.662883e+08 | CM51: =SUM(N51:U51) -> 1.3611767e+08 | CN51: =SUM(V51:AI51) -> 2.2923507e+08 | CO51: =SUM(AJ51:BA51) -> 5.0780611e+08 | CP51: =SUM(BB51:BJ51) -> 2.7294322e+08 | CQ51: =SUM(BK51:BP51) -> 133305795 | CR51: =SUM(BQ51:CK51) -> 8.2067929e+08 | CS51: =SUM(B51:CK51) -> 2.2663755e+09
A52: วัสดุวิทยาศาสตร์และการแพทย์ (รวมสนับสนุน รพ.สต.ในเครือข่าย) | B52: 16028902 | C52: 2508705 | D52: 7349931 | E52: 7865806 | F52: 3849361 | G52: 5088010 | H52: 7308644.1 | I52: 10080101 | J52: 7048350 | K52: 9996760.2 | L52: 19777247 | M52: 2578128 | N52: 21930186 | O52: 5466485.9 | P52: 6000000 | Q52: 1573380 | R52: 5986749.5 | S52: 4163368 | T52: 3919875 | U52: 2147891.9 | V52: 14000000 | W52: 4500000 | X52: 10160943 | Y52: 6502640 | Z52: 3000000 | AA52: 2750503 | AB52: 5300000 | AC52: 10000000 | AD52: 3200000 | AE52: 3825983 | AF52: 8700000 | AG52: 4600000 | AH52: 4500000 | AI52: 6000000 | AJ52: 34400000 | AK52: 4800000 | AL52: 4685894 | AM52: 5097390 | AN52: 13897362 | AO52: 5237671.5 | AP52: 1896059 | AQ52: 15037644 | AR52: 6075701.7 | AS52: 10000000 | AT52: 9401769.5 | AU52: 5731097 | AV52: 2800000 | AW52: 6880425.6 | AX52: 5233787 | AY52: 3700000 | AZ52: 17752979 | BA52: 4441830 | BB52: 9600000 | BC52: 14060000 | BD52: 5048264 | BE52: 6000000 | BF52: 8450000 | BG52: 3193357 | BH52: 2858222 | BI52: 4878902 | BJ52: 4515504.5 | BK52: 14200000 | BL52: 6000000 | BM52: 6118936 | BN52: 11000000 | BO52: 2747504.5 | BP52: 7613437 | BQ52: 34728000 | BR52: 7730630.5 | BS52: 5938031 | BT52: 4499965 | BU52: 88546 | BV52: 5595328.9 | BW52: 13588792 | BX52: 3687494.8 | BY52: 5810887.5 | BZ52: 5761789.1 | CA52: 9451404 | CB52: 13031422 | CC52: 6452717.5 | CD52: 7641177.5 | CE52: 1360692 | CF52: 3260413 | CG52: 3780185 | CH52: 3190093.8 | CI52: 30407500 | CJ52: 3702645 | CK52: 3146800 | CL52: =SUM(B52:M52) -> 99479945 | CM52: =SUM(N52:U52) -> 51187936 | CN52: =SUM(V52:AI52) -> 87040069 | CO52: =SUM(AJ52:BA52) -> 1.5706961e+08 | CP52: =SUM(BB52:BJ52) -> 58604250 | CQ52: =SUM(BK52:BP52) -> 47679878 | CR52: =SUM(BQ52:CK52) -> 1.7285451e+08 | CS52: =SUM(B52:CK52) -> 6.739162e+08
A53: วัสดุเอกซเรย์ (รวมสนับสนุน รพ.สต.ในเครือข่าย) | B53: 0 | C53: 1000 | D53: 0 | E53: 0 | F53: 0 | G53: 1 | H53: 0 | I53: 0 | J53: 0 | K53: 0 | L53: 0 | M53: 0 | N53: 0 | O53: 0 | P53: 0 | Q53: 0 | R53: 0 | S53: 0 | T53: 0 | U53: 0 | V53: 0 | W53: 0 | X53: 1 | Y53: 0 | Z53: 0 | AA53: 0 | AB53: 0 | AC53: 0 | AD53: 0 | AE53: 1 | AF53: 17000 | AG53: 0 | AH53: 1 | AI53: 0 | AJ53: 0 | AK53: 0 | AL53: 0 | AM53: 0 | AN53: 0 | AO53: 0 | AP53: 0 | AQ53: 0 | AR53: 0 | AS53: 0 | AT53: 0 | AU53: 0 | AV53: 0 | AW53: 0 | AX53: 0 | AY53: 0 | AZ53: 0 | BA53: 8500 | BB53: 0 | BC53: 0 | BD53: 0 | BE53: 0 | BF53: 1 | BG53: 1 | BH53: 1 | BI53: 1 | BJ53: 0 | BK53: 0 | BL53: 0 | BM53: 0 | BN53: 0 | BO53: 0 | BP53: 0 | BQ53: 0 | BR53: 0 | BS53: 0 | BT53: 12000 | BU53: 0 | BV53: 0 | BW53: 0 | BX53: 0 | BY53: 0 | BZ53: 0 | CA53: 0 | CB53: 0 | CC53: 11400 | CD53: 0 | CE53: 0 | CF53: 0 | CG53: 0 | CH53: 0 | CI53: 0 | CJ53: 0 | CK53: 0 | CL53: =SUM(B53:M53) -> 1001 | CM53: =SUM(N53:U53) -> 0 | CN53: =SUM(V53:AI53) -> 17003 | CO53: =SUM(AJ53:BA53) -> 8500 | CP53: =SUM(BB53:BJ53) -> 4 | CQ53: =SUM(BK53:BP53) -> 0 | CR53: =SUM(BQ53:CK53) -> 23400 | CS53: =SUM(B53:CK53) -> 49908
A54: วัสดุทันตกรรม (รวมสนับสนุน รพ.สต.ในเครือข่าย) | B54: 3854657.7 | C54: 627180 | D54: 654678 | E54: 309388.61 | F54: 383370.1 | G54: 1462200 | H54: 1062020.6 | I54: 641063.1 | J54: 756500 | K54: 684393.4 | L54: 2505710.6 | M54: 511147 | N54: 1841597.7 | O54: 1275935.9 | P54: 660339.52 | Q54: 657010.4 | R54: 793305 | S54: 1229204 | T54: 551492 | U54: 233425 | V54: 2000000 | W54: 420000 | X54: 1302084.8 | Y54: 773533 | Z54: 400000 | AA54: 400000 | AB54: 430000 | AC54: 1000000 | AD54: 400000 | AE54: 438500 | AF54: 450000 | AG54: 915350 | AH54: 800000 | AI54: 500000 | AJ54: 3500000 | AK54: 500000 | AL54: 268236 | AM54: 731863.06 | AN54: 412644 | AO54: 567124.56 | AP54: 324327 | AQ54: 721395.5 | AR54: 479026.29 | AS54: 1032827 | AT54: 1140000 | AU54: 870050.5 | AV54: 620000 | AW54: 277405 | AX54: 587557.25 | AY54: 350000 | AZ54: 2003373 | BA54: 785426 | BB54: 2000000 | BC54: 798000 | BD54: 197432.5 | BE54: 200000 | BF54: 1800000 | BG54: 324105 | BH54: 491060 | BI54: 986960 | BJ54: 817212.75 | BK54: 1300000 | BL54: 900000 | BM54: 666922.28 | BN54: 1200000 | BO54: 720000 | BP54: 701288.78 | BQ54: 5849673 | BR54: 363368.35 | BS54: 725922.35 | BT54: 1350886.7 | BU54: 36092.8 | BV54: 388615 | BW54: 1451527 | BX54: 700738.7 | BY54: 779769 | BZ54: 468187 | CA54: 977447 | CB54: 1289643 | CC54: 841035 | CD54: 1858822.6 | CE54: 415737.9 | CF54: 401707.94 | CG54: 199972.8 | CH54: 342450 | CI54: 979050.2 | CJ54: 348465 | CK54: 413363.6 | CL54: =SUM(B54:M54) -> 13452309 | CM54: =SUM(N54:U54) -> 7242309.5 | CN54: =SUM(V54:AI54) -> 10229468 | CO54: =SUM(AJ54:BA54) -> 15171255 | CP54: =SUM(BB54:BJ54) -> 7614770.2 | CQ54: =SUM(BK54:BP54) -> 5488211.1 | CR54: =SUM(BQ54:CK54) -> 20182475 | CS54: =SUM(B54:CK54) -> 79380798
A55: รวม | B55: =SUM(B49:B54) -> 2.8828062e+08 | C55: =SUM(C49:C54) -> 22956434 | D55: =SUM(D49:D54) -> 23291391 | E55: =SUM(E49:E54) -> 20387100 | F55: =SUM(F49:F54) -> 12770823 | G55: =SUM(G49:G54) -> 29730319 | H55: =SUM(H49:H54) -> 30012352 | I55: =SUM(I49:I54) -> 51121164 | ... CS55: =SUM(CS49:CS54) -> 7.1896827e+09
A57: 3. แผนจัดซื้อวัสดุอื่น
A58: วัสดุสำนักงาน | B58: 2830761 | C58: 460394 | D58: 510000 | E58: 548678 | F58: 368925 | G58: 370000 | H58: 642883.74 | I58: 958779 | J58: 400000 | K58: 978699.31 | L58: 1442070 | M58: 344013 | N58: 1698827.2 | O58: 500620 | P58: 500000 | Q58: 1011973 | R58: 439800 | S58: 218750 | T58: 770176 | U58: 110230 | V58: 6000000 | W58: 350000 | X58: 915734.84 | Y58: 614880 | Z58: 220000 | AA58: 658000 | AB58: 550000 | AC58: 2500000 | AD58: 260000 | AE58: 280330 | AF58: 580000 | AG58: 992360 | AH58: 1000000 | AI58: 500000 | AJ58: 9000000 | AK58: 1200000 | AL58: 700000 | AM58: 1000194 | AN58: 1024216.8 | AO58: 1200000 | AP58: 291883 | AQ58: 4544933.2 | AR58: 1545503 | AS58: 959043 | AT58: 1200000 | AU58: 1073832 | AV58: 350000 | AW58: 722615.4 | AX58: 394044.68 | AY58: 380000 | AZ58: 2617420 | BA58: 400000 | BB58: 4300000 | BC58: 1300000 | BD58: 250000 | BE58: 500000 | BF58: 1500000 | BG58: 266138 | BH58: 200000 | BI58: 801040 | BJ58: 566048 | BK58: 7300000 | BL58: 900000 | BM58: 610776.07 | BN58: 1000000 | BO58: 663054 | BP58: 395289 | BQ58: 9000000 | BR58: 1248884 | BS58: 963658 | BT58: 2807099.7 | BU58: 262175 | BV58: 550000 | BW58: 1080000 | BX58: 458766 | BY58: 551414.66 | BZ58: 865000 | CA58: 2985780 | CB58: 2337834 | CC58: 1732544 | CD58: 692627 | CE58: 339989 | CF58: 225068 | CG58: 350000 | CH58: 498061.16 | CI58: 1635290.2 | CJ58: 330553.2 | CK58: 307879.9 | CL58: =SUM(B58:M58) -> 9855203.1 | CM58: =SUM(N58:U58) -> 5250376.2 | CN58: =SUM(V58:AI58) -> 15421305 | CO58: =SUM(AJ58:BA58) -> 28603685 | CP58: =SUM(BB58:BJ58) -> 9683226 | CQ58: =SUM(BK58:BP58) -> 10869119 | CR58: =SUM(BQ58:CK58) -> 29222624 | CS58: =SUM(B58:CK58) -> 1.0890554e+08
A59: วัสดุยานพาหนะและขนส่ง | B59: 0 | C59: 0 | D59: 6000 | E59: 100000 | F59: 202220 | G59: 1 | H59: 1950 | I59: 0 | J59: 0 | K59: 54800 | L59: 55860 | M59: 0 | N59: 174890.36 | O59: 0 | P59: 80000 | Q59: 92060 | R59: 47610 | S59: 13000 | T59: 4000 | U59: 0 | V59: 700000 | W59: 80000 | X59: 70000 | Y59: 109404 | Z59: 30000 | AA59: 100000 | AB59: 50000 | AC59: 50000 | AD59: 100000 | AE59: 66490 | AF59: 1 | AG59: 148650 | AH59: 200000 | AI59: 5000 | AJ59: 50000 | AK59: 0 | AL59: 0 | AM59: 0 | AN59: 78180 | AO59: 180000 | AP59: 67860 | AQ59: 18562.5 | AR59: 36265 | AS59: 20000 | AT59: 100000 | AU59: 243150 | AV59: 20000 | AW59: 101530 | AX59: 88270 | AY59: 20000 | AZ59: 686800 | BA59: 139960 | BB59: 100000 | BC59: 0 | BD59: 87300 | BE59: 100000 | BF59: 100000 | BG59: 13600 | BH59: 1 | BI59: 1 | BJ59: 0 | BK59: 40000 | BL59: 10000 | BM59: 93750 | BN59: 0 | BO59: 20000 | BP59: 0 | BQ59: 0 | BR59: 11880 | BS59: 0 | BT59: 42000 | BU59: 0 | BV59: 0 | BW59: 100000 | BX59: 14904 | BY59: 13688 | BZ59: 131100 | CA59: 398540 | CB59: 281600 | CC59: 409320 | CD59: 43009 | CE59: 0 | CF59: 9584 | CG59: 80000 | CH59: 1500 | CI59: 0 | CJ59: 0 | CK59: 9441 | CL59: =SUM(B59:M59) -> 420831 | CM59: =SUM(N59:U59) -> 411560.36 | CN59: =SUM(V59:AI59) -> 1709545 | CO59: =SUM(AJ59:BA59) -> 1850577.5 | CP59: =SUM(BB59:BJ59) -> 400902 | CQ59: =SUM(BK59:BP59) -> 163750 | CR59: =SUM(BQ59:CK59) -> 1546566 | CS59: =SUM(B59:CK59) -> 6503731.9
A60: วัสดุเชื้อเพลิงและหล่อลื่น | B60: 5030874.5 | C60: 500000 | D60: 530700 | E60: 960000 | F60: 650000 | G60: 740000 | H60: 1007033 | I60: 1510283.6 | J60: 1200000 | K60: 865375 | L60: 1862800 | M60: 338880.8 | N60: 2074266.3 | O60: 1200000 | P60: 1250000 | Q60: 1188000 | R60: 1184475 | S60: 887280 | T60: 700615 | U60: 450000 | V60: 8500000 | W60: 530000 | X60: 1800000 | Y60: 1724823 | Z60: 550000 | AA60: 815000 | AB60: 730000 | AC60: 1000000 | AD60: 1200000 | AE60: 566730 | AF60: 1100000 | AG60: 950000 | AH60: 850000 | AI60: 700000 | AJ60: 9000000 | AK60: 800000 | AL60: 570000 | AM60: 1721518.1 | AN60: 1744147.3 | AO60: 1400000 | AP60: 350000 | AQ60: 2255117 | AR60: 1482395 | AS60: 2935787.1 | AT60: 1550000 | AU60: 886160 | AV60: 310000 | AW60: 635790 | AX60: 785812 | AY60: 940000 | AZ60: 1656300 | BA60: 693000 | BB60: 2300000 | BC60: 990000 | BD60: 346495.04 | BE60: 850000 | BF60: 2000000 | BG60: 257113 | BH60: 450000 | BI60: 984560 | BJ60: 1074000 | BK60: 2660000 | BL60: 900000 | BM60: 910263.66 | BN60: 947825 | BO60: 1000015.1 | BP60: 529000 | BQ60: 10500000 | BR60: 506032.7 | BS60: 633365.5 | BT60: 1038617 | BU60: 195300 | BV60: 578728.1 | BW60: 1600000 | BX60: 456921.8 | BY60: 486368 | BZ60: 710000 | CA60: 1351650 | CB60: 1638920 | CC60: 2550000 | CD60: 1362522.8 | CE60: 746160 | CF60: 514184.01 | CG60: 495031.5 | CH60: 450300 | CI60: 2323885.8 | CJ60: 700000 | CK60: 328547.44 | CL60: =SUM(B60:M60) -> 15195947 | CM60: =SUM(N60:U60) -> 8934636.3 | CN60: =SUM(V60:AI60) -> 21016553 | CO60: =SUM(AJ60:BA60) -> 29716027 | CP60: =SUM(BB60:BJ60) -> 9252168 | CQ60: =SUM(BK60:BP60) -> 6947103.8 | CR60: =SUM(BQ60:CK60) -> 29166535 | CS60: =SUM(B60:CK60) -> 1.2022897e+08
A61: วัสดุไฟฟ้าและวิทยุ | B61: 842257 | C61: 50000 | D61: 86000 | E61: 192297 | F61: 242700 | G61: 300000 | H61: 169409 | I61: 235789 | J61: 165000 | K61: 125057 | L61: 546025 | M61: 58727 | N61: 1234452 | O61: 106000 | P61: 100000 | Q61: 204129 | R61: 122559 | S61: 374030 | T61: 340000 | U61: 86450 | V61: 3500000 | W61: 250000 | X61: 150000 | Y61: 95811 | Z61: 350000 | AA61: 142000 | AB61: 260000 | AC61: 400000 | AD61: 90000 | AE61: 109296 | AF61: 150000 | AG61: 463980 | AH61: 90000 | AI61: 150000 | AJ61: 2000000 | AK61: 254836 | AL61: 200000 | AM61: 150250 | AN61: 551328 | AO61: 500000 | AP61: 57366.6 | AQ61: 833457.08 | AR61: 510681 | AS61: 820260 | AT61: 250000 | AU61: 339937 | AV61: 220000 | AW61: 767910 | AX61: 186884 | AY61: 60000 | AZ61: 929875 | BA61: 190000 | BB61: 1200000 | BC61: 0 | BD61: 75000 | BE61: 800000 | BF61: 800000 | BG61: 80000 | BH61: 141745 | BI61: 215400 | BJ61: 206330 | BK61: 600000 | BL61: 400000 | BM61: 220380 | BN61: 229419.5 | BO61: 601000 | BP61: 130198 | BQ61: 2800000 | BR61: 130389.23 | BS61: 39040 | BT61: 368778 | BU61: 69341 | BV61: 221996 | BW61: 250000 | BX61: 31200 | BY61: 125555 | BZ61: 50000 | CA61: 250270 | CB61: 333035 | CC61: 1315210 | CD61: 342754.5 | CE61: 168604 | CF61: 141662 | CG61: 20000 | CH61: 58414 | CI61: 350619.27 | CJ61: 99336.5 | CK61: 79568.38 | CL61: =SUM(B61:M61) -> 3013261 | CM61: =SUM(N61:U61) -> 2567620 | CN61: =SUM(V61:AI61) -> 6201087 | CO61: =SUM(AJ61:BA61) -> 8822784.7 | CP61: =SUM(BB61:BJ61) -> 3518475 | CQ61: =SUM(BK61:BP61) -> 2180997.5 | CR61: =SUM(BQ61:CK61) -> 7245772.9 | CS61: =SUM(B61:CK61) -> 33549998
A62: วัสดุโฆษณาและเผยแพร่ | B62: 20000 | C62: 10000 | D62: 12000 | E62: 50000 | F62: 30000 | G62: 1 | H62: 6855 | I62: 6600 | J62: 30000 | K62: 12000 | L62: 47551 | M62: 2310 | N62: 128240.12 | O62: 0 | P62: 0 | Q62: 0 | R62: 0 | S62: 50000 | T62: 0 | U62: 0 | V62: 30000 | W62: 0 | X62: 1 | Y62: 10070 | Z62: 1 | AA62: 25000 | AB62: 0 | AC62: 50000 | AD62: 20000 | AE62: 10000 | AF62: 1 | AG62: 0 | AH62: 10000 | AI62: 5000 | AJ62: 300000 | AK62: 450000 | AL62: 3550 | AM62: 20000 | AN62: 26560 | AO62: 50000 | AP62: 20000 | AQ62: 28294.2 | AR62: 12320 | AS62: 50000 | AT62: 50000 | AU62: 34395 | AV62: 20000 | AW62: 7000 | AX62: 70550 | AY62: 0 | AZ62: 10000 | BA62: 10000 | BB62: 50000 | BC62: 0 | BD62: 0 | BE62: 0 | BF62: 100000 | BG62: 1 | BH62: 25000 | BI62: 64800 | BJ62: 90000 | BK62: 100000 | BL62: 0 | BM62: 53000 | BN62: 0 | BO62: 60000 | BP62: 0 | BQ62: 200000 | BR62: 45794 | BS62: 50940 | BT62: 15000 | BU62: 0 | BV62: 0 | BW62: 0 | BX62: 78732 | BY62: 30760 | BZ62: 24000 | CA62: 298560 | CB62: 35980 | CC62: 675440 | CD62: 22850 | CE62: 0 | CF62: 0 | CG62: 20000 | CH62: 0 | CI62: 0 | CJ62: 0 | CK62: 67450 | CL62: =SUM(B62:M62) -> 227317 | CM62: =SUM(N62:U62) -> 178240.12 | CN62: =SUM(V62:AI62) -> 160073 | CO62: =SUM(AJ62:BA62) -> 1162669.2 | CP62: =SUM(BB62:BJ62) -> 329801 | CQ62: =SUM(BK62:BP62) -> 213000 | CR62: =SUM(BQ62:CK62) -> 1565506 | CS62: =SUM(B62:CK62) -> 3836606.3
A63: วัสดุคอมพิวเตอร์ | B63: 449537 | C63: 100000 | D63: 1290000 | E63: 344970 | F63: 292590 | G63: 161000 | H63: 481908 | I63: 952855 | J63: 530500 | K63: 146288 | L63: 680490 | M63: 44960 | N63: 497560 | O63: 440610 | P63: 150000 | Q63: 435015 | R63: 130000 | S63: 756374 | T63: 335400 | U63: 131300 | V63: 3000000 | W63: 520000 | X63: 300000 | Y63: 430360 | Z63: 300000 | AA63: 350000 | AB63: 530000 | AC63: 1400000 | AD63: 200000 | AE63: 314075 | AF63: 200000 | AG63: 480620 | AH63: 100000 | AI63: 500000 | AJ63: 2000000 | AK63: 500000 | AL63: 400000 | AM63: 361785 | AN63: 468220 | AO63: 1900000 | AP63: 106296 | AQ63: 742490 | AR63: 394841 | AS63: 1518350 | AT63: 400000 | AU63: 473580 | AV63: 290000 | AW63: 744600 | AX63: 882230 | AY63: 200000 | AZ63: 2227470 | BA63: 193000 | BB63: 700000 | BC63: 514000 | BD63: 113880 | BE63: 200000 | BF63: 350000 | BG63: 396350 | BH63: 95860 | BI63: 322150 | BJ63: 153630 | BK63: 2000000 | BL63: 240000 | BM63: 615570 | BN63: 590000 | BO63: 512145 | BP63: 161350 | BQ63: 3000000 | BR63: 241700 | BS63: 181410 | BT63: 274670 | BU63: 178060 | BV63: 490000 | BW63: 390000 | BX63: 287476 | BY63: 117190 | BZ63: 329880 | CA63: 427256 | CB63: 300065 | CC63: 1089600 | CD63: 827150 | CE63: 184339 | CF63: 605090 | CG63: 110000 | CH63: 257355 | CI63: 206544 | CJ63: 149500 | CK63: 96786 | CL63: =SUM(B63:M63) -> 5475098 | CM63: =SUM(N63:U63) -> 2876259 | CN63: =SUM(V63:AI63) -> 8625055 | CO63: =SUM(AJ63:BA63) -> 13802862 | CP63: =SUM(BB63:BJ63) -> 2845870 | CQ63: =SUM(BK63:BP63) -> 4119065 | CR63: =SUM(BQ63:CK63) -> 9744071 | CS63: =SUM(B63:CK63) -> 47488280
A64: วัสดุงานบ้านงานครัว | B64: 4332673.2 | C64: 709466 | D64: 900000 | E64: 1070532 | F64: 787063 | G64: 360000 | H64: 790402.79 | I64: 1681974.5 | J64: 1400000 | K64: 912276 | L64: 2528337 | M64: 216178.4 | N64: 3761296.6 | O64: 710330 | P64: 1400000 | Q64: 2174671 | R64: 853337.36 | S64: 1391952 | T64: 750000 | U64: 308890 | V64: 9000000 | W64: 600000 | X64: 1500000 | Y64: 1241409 | Z64: 500000 | AA64: 690948 | AB64: 850000 | AC64: 5000000 | AD64: 1000000 | AE64: 777700 | AF64: 1650000 | AG64: 2087200 | AH64: 820000 | AI64: 1000000 | AJ64: 9000000 | AK64: 1700000 | AL64: 1320000 | AM64: 1596135.6 | AN64: 1762392.1 | AO64: 1555000 | AP64: 306630.71 | AQ64: 5539620 | AR64: 1352880 | AS64: 1110288 | AT64: 1200000 | AU64: 990550 | AV64: 550000 | AW64: 1282372 | AX64: 883450 | AY64: 750000 | AZ64: 3110740 | BA64: 500000 | BB64: 5300000 | BC64: 1204000 | BD64: 565622 | BE64: 750000 | BF64: 5000000 | BG64: 543520 | BH64: 800000 | BI64: 783500 | BJ64: 1067761 | BK64: 7900000 | BL64: 1900000 | BM64: 1757042.2 | BN64: 1350000 | BO64: 1538114 | BP64: 659645 | BQ64: 20000000 | BR64: 2178242.5 | BS64: 2438727.6 | BT64: 6000171.8 | BU64: 721202 | BV64: 870000 | BW64: 3150000 | BX64: 1996190 | BY64: 724330.48 | BZ64: 1811515 | CA64: 5850505 | CB64: 3488714 | CC64: 2932560 | CD64: 1667160.6 | CE64: 599970 | CF64: 378796 | CG64: 750000 | CH64: 697272.15 | CI64: 2622102.2 | CJ64: 538063.81 | CK64: 546029.34 | CL64: =SUM(B64:M64) -> 15688903 | CM64: =SUM(N64:U64) -> 11350477 | CN64: =SUM(V64:AI64) -> 26717257 | CO64: =SUM(AJ64:BA64) -> 34510058 | CP64: =SUM(BB64:BJ64) -> 16014403 | CQ64: =SUM(BK64:BP64) -> 15104801 | CR64: =SUM(BQ64:CK64) -> 59961553 | CS64: =SUM(B64:CK64) -> 1.7934745e+08
A65: วัสดุบริโภค | B65: 13483260 | C65: 800000 | D65: 910000 | E65: 850000 | F65: 338000 | G65: 865000 | H65: 1419985 | I65: 1318850.8 | J65: 1239000 | K65: 1365523 | L65: 5166294 | M65: 331646.6 | N65: 5429911.2 | O65: 1234000 | P65: 1750000 | Q65: 2997500 | R65: 1766849 | S65: 51400 | T65: 1058133.2 | U65: 548600 | V65: 15000000 | W65: 1100000 | X65: 1650000 | Y65: 1173250 | Z65: 200000 | AA65: 898000 | AB65: 970000 | AC65: 4500000 | AD65: 1400000 | AE65: 1227000 | AF65: 2450000 | AG65: 1300000 | AH65: 720000 | AI65: 1100000 | AJ65: 22000000 | AK65: 642040 | AL65: 700000 | AM65: 1599552 | AN65: 2290424.1 | AO65: 1500000 | AP65: 327429 | AQ65: 2946308.3 | AR65: 1824180 | AS65: 1932795 | AT65: 2500000 | AU65: 960454 | AV65: 800000 | AW65: 895915.09 | AX65: 798840 | AY65: 980000 | AZ65: 4423640 | BA65: 846000 | BB65: 12000000 | BC65: 1734000 | BD65: 42949.45 | BE65: 1200000 | BF65: 5400000 | BG65: 429480 | BH65: 1 | BI65: 40000 | BJ65: 60000 | BK65: 7100000 | BL65: 2109200 | BM65: 859332.55 | BN65: 3000000 | BO65: 2000000 | BP65: 909890 | BQ65: 47485430 | BR65: 1713738 | BS65: 1209474 | BT65: 4148594.7 | BU65: 0 | BV65: 892992 | BW65: 4800000 | BX65: 705850.6 | BY65: 477084 | BZ65: 700000 | CA65: 1600542.4 | CB65: 1318062 | CC65: 2700000 | CD65: 2827819.1 | CE65: 458770 | CF65: 433020 | CG65: 1179302.4 | CH65: 923970 | CI65: 4588209.2 | CJ65: 78000 | CK65: 502408.05 | CL65: =SUM(B65:M65) -> 28087559 | CM65: =SUM(N65:U65) -> 14836393 | CN65: =SUM(V65:AI65) -> 33688250 | CO65: =SUM(AJ65:BA65) -> 47967578 | CP65: =SUM(BB65:BJ65) -> 20906430 | CQ65: =SUM(BK65:BP65) -> 15978423 | CR65: =SUM(BQ65:CK65) -> 78743266 | CS65: =SUM(B65:CK65) -> 2.402079e+08
A66: วัสดุเครื่องแต่งกาย | B66: 2265955 | C66: 100000 | D66: 80000 | E66: 100000 | F66: 0 | G66: 1 | H66: 52200 | I66: 469000 | J66: 111000 | K66: 240150 | L66: 897650 | M66: 135210 | N66: 418113 | O66: 233950 | P66: 150000 | Q66: 667000 | R66: 550000 | S66: 50000 | T66: 800000 | U66: 110000 | V66: 4000000 | W66: 200000 | X66: 1 | Y66: 0 | Z66: 40000 | AA66: 186800 | AB66: 30000 | AC66: 500000 | AD66: 350000 | AE66: 414000 | AF66: 250000 | AG66: 203000 | AH66: 86000 | AI66: 200000 | AJ66: 5000000 | AK66: 300000 | AL66: 150000 | AM66: 499250 | AN66: 481530 | AO66: 370000 | AP66: 82978.5 | AQ66: 1009858 | AR66: 1073838 | AS66: 138350 | AT66: 1363120 | AU66: 855250 | AV66: 150000 | AW66: 373950 | AX66: 790194 | AY66: 0 | AZ66: 2909950 | BA66: 350000 | BB66: 1700000 | BC66: 0 | BD66: 203850 | BE66: 55000 | BF66: 1500000 | BG66: 82250 | BH66: 245000 | BI66: 409950 | BJ66: 0 | BK66: 6000000 | BL66: 90000 | BM66: 390100 | BN66: 250400 | BO66: 704500 | BP66: 400000 | BQ66: 6000000 | BR66: 0 | BS66: 207260 | BT66: 181200 | BU66: 15730 | BV66: 240000 | BW66: 430000 | BX66: 186180 | BY66: 232500 | BZ66: 0 | CA66: 986420 | CB66: 1527400 | CC66: 981480 | CD66: 546250 | CE66: 200000 | CF66: 12000 | CG66: 100000 | CH66: 32500 | CI66: 463764.48 | CJ66: 100000 | CK66: 71700 | CL66: =SUM(B66:M66) -> 4451166 | CM66: =SUM(N66:U66) -> 2979063 | CN66: =SUM(V66:AI66) -> 6459801 | CO66: =SUM(AJ66:BA66) -> 15898268 | CP66: =SUM(BB66:BJ66) -> 4196050 | CQ66: =SUM(BK66:BP66) -> 7835000 | CR66: =SUM(BQ66:CK66) -> 12514384 | CS66: =SUM(B66:CK66) -> 54333733
A67: วัสดุก่อสร้าง | B67: 551333 | C67: 50000 | D67: 68000 | E67: 200000 | F67: 169346 | G67: 150000 | H67: 329899 | I67: 281750 | J67: 100000 | K67: 169814 | L67: 238095 | M67: 246671.8 | N67: 499058 | O67: 206000 | P67: 200000 | Q67: 514847 | R67: 224051.12 | S67: 309205 | T67: 150000 | U67: 180000 | V67: 3000000 | W67: 250000 | X67: 200000 | Y67: 125808 | Z67: 70000 | AA67: 300000 | AB67: 150000 | AC67: 1500000 | AD67: 100000 | AE67: 209315 | AF67: 10000 | AG67: 304700 | AH67: 200000 | AI67: 150000 | AJ67: 5000000 | AK67: 300000 | AL67: 86000 | AM67: 100000 | AN67: 333682 | AO67: 650000 | AP67: 44431.76 | AQ67: 1687070.7 | AR67: 542449 | AS67: 762675 | AT67: 250000 | AU67: 752036 | AV67: 350000 | AW67: 500000 | AX67: 202230 | AY67: 110000 | AZ67: 1601670 | BA67: 640000 | BB67: 600000 | BC67: 520000 | BD67: 118006 | BE67: 300000 | BF67: 500000 | BG67: 60000 | BH67: 180475 | BI67: 205290 | BJ67: 263400 | BK67: 800000 | BL67: 250000 | BM67: 160230 | BN67: 148224 | BO67: 594710 | BP67: 118730 | BQ67: 5000000 | BR67: 144017 | BS67: 412592 | BT67: 286157 | BU67: 70422 | BV67: 296230 | BW67: 0 | BX67: 157520 | BY67: 208900 | BZ67: 120000 | CA67: 267000 | CB67: 297545 | CC67: 522090 | CD67: 270313.76 | CE67: 87689 | CF67: 135830 | CG67: 100000 | CH67: 204500 | CI67: 1116240 | CJ67: 156860 | CK67: 38474.05 | CL67: =SUM(B67:M67) -> 2554908.8 | CM67: =SUM(N67:U67) -> 2283161.1 | CN67: =SUM(V67:AI67) -> 6569823 | CO67: =SUM(AJ67:BA67) -> 13912244 | CP67: =SUM(BB67:BJ67) -> 2747171 | CQ67: =SUM(BK67:BP67) -> 2071894 | CR67: =SUM(BQ67:CK67) -> 9892379.8 | CS67: =SUM(B67:CK67) -> 40031582
A68: วัสดุอื่น | B68: 22000 | C68: 80000 | D68: 175000 | E68: 200000 | F68: 239700 | G68: 80000 | H68: 255590.5 | I68: 305684 | J68: 402540 | K68: 1604770 | L68: 53847 | M68: 0 | N68: 174403.02 | O68: 15100 | P68: 50000 | Q68: 0 | R68: 0 | S68: 52900 | T68: 0 | U68: 10000 | V68: 100000 | W68: 150000 | X68: 80000 | Y68: 10000 | Z68: 14000 | AA68: 15000 | AB68: 50000 | AC68: 100000 | AD68: 280000 | AE68: 46100 | AF68: 200000 | AG68: 351700 | AH68: 30000 | AI68: 5000 | AJ68: 100000 | AK68: 380 | AL68: 60000 | AM68: 50000 | AN68: 14520 | AO68: 150000 | AP68: 5000 | AQ68: 11005.5 | AR68: 148613 | AS68: 2030190 | AT68: 50000 | AU68: 33400 | AV68: 20000 | AW68: 200000 | AX68: 50765 | AY68: 22948 | AZ68: 11300 | BA68: 124000 | BB68: 100000 | BC68: 1004000 | BD68: 0 | BE68: 100000 | BF68: 170000 | BG68: 44400 | BH68: 1 | BI68: 9110 | BJ68: 136250 | BK68: 50000 | BL68: 0 | BM68: 113950 | BN68: 13426 | BO68: 500000 | BP68: 1920 | BQ68: 442390 | BR68: 72892 | BS68: 151870 | BT68: 14605 | BU68: 36588 | BV68: 10675 | BW68: 980000 | BX68: 178865.29 | BY68: 204120 | BZ68: 30000 | CA68: 141225 | CB68: 173135 | CC68: 1238770 | CD68: 736601.14 | CE68: 97611 | CF68: 125463 | CG68: 50000 | CH68: 342000 | CI68: 929735 | CJ68: 156000 | CK68: 8515 | CL68: =SUM(B68:M68) -> 3419131.5 | CM68: =SUM(N68:U68) -> 302403.02 | CN68: =SUM(V68:AI68) -> 1431800 | CO68: =SUM(AJ68:BA68) -> 3082121.5 | CP68: =SUM(BB68:BJ68) -> 1563761 | CQ68: =SUM(BK68:BP68) -> 679296 | CR68: =SUM(BQ68:CK68) -> 6121060.4 | CS68: =SUM(B68:CK68) -> 16599573
A69: ค่าครุภัณฑ์มูลค่าต่ำกว่าเกณฑ์ | B69: 100283 | C69: 264022 | D69: 190000 | E69: 300000 | F69: 400000 | G69: 250000 | H69: 400280 | I69: 247955 | J69: 500000 | K69: 937300 | L69: 2336198 | M69: 268290 | N69: 881939.21 | O69: 436630 | P69: 295160 | Q69: 240410 | R69: 86700 | S69: 499440 | T69: 527790 | U69: 180000 | V69: 2000000 | W69: 600000 | X69: 350000 | Y69: 971201 | Z69: 125000 | AA69: 300000 | AB69: 330000 | AC69: 1000000 | AD69: 300000 | AE69: 608500 | AF69: 300000 | AG69: 321500 | AH69: 200000 | AI69: 710000 | AJ69: 3000000 | AK69: 500000 | AL69: 741240 | AM69: 500000 | AN69: 577708 | AO69: 500000 | AP69: 400000 | AQ69: 1425146 | AR69: 381143 | AS69: 1499690 | AT69: 500000 | AU69: 487500 | AV69: 380000 | AW69: 300000 | AX69: 657030 | AY69: 74420 | AZ69: 1092382 | BA69: 550000 | BB69: 130000 | BC69: 896000 | BD69: 1488583 | BE69: 550000 | BF69: 1000000 | BG69: 414624 | BH69: 500000 | BI69: 559900 | BJ69: 335230 | BK69: 2450000 | BL69: 200800 | BM69: 762350 | BN69: 418781 | BO69: 613150 | BP69: 536600 | BQ69: 4064050 | BR69: 372970 | BS69: 157006.91 | BT69: 1097364 | BU69: 187560 | BV69: 119529 | BW69: 1500000 | BX69: 249916.36 | BY69: 77100 | BZ69: 427110 | CA69: 940770 | CB69: 483930 | CC69: 1214000 | CD69: 274894 | CE69: 668604 | CF69: 387178 | CG69: 0 | CH69: 310055.94 | CI69: 2710796.2 | CJ69: 77500 | CK69: 420890 | CL69: =SUM(B69:M69) -> 6194328 | CM69: =SUM(N69:U69) -> 3148069.2 | CN69: =SUM(V69:AI69) -> 8116201 | CO69: =SUM(AJ69:BA69) -> 13566259 | CP69: =SUM(BB69:BJ69) -> 5874337 | CQ69: =SUM(BK69:BP69) -> 4981681 | CR69: =SUM(BQ69:CK69) -> 15741224 | CS69: =SUM(B69:CK69) -> 57622100
A70: รวม | B70: =SUM(B58:B69) -> 29928934 | C70: =SUM(C58:C69) -> 3123882 | D70: =SUM(D58:D69) -> 4757700 | E70: =SUM(E58:E69) -> 4916477 | F70: =SUM(F58:F69) -> 3720544 | G70: =SUM(G58:G69) -> 3276003 | H70: =SUM(H58:H69) -> 5558396 | I70: =SUM(I58:I69) -> 7969520.9 | ... BU70: =SUM(BU58:BU69) -> 1736378 | BW70: =SUM(BW58:BW69) -> 14280000 | BX70: =SUM(BX58:BX69) -> 4802522.1 | BY70: =SUM(BY58:BY69) -> 3249010.1 | BZ70: =SUM(BZ58:BZ69) -> 5198605 | CA70: =SUM(CA58:CA69) -> 15498518 | CB70: =SUM(CB58:CB69) -> 12216220 | CC70: =SUM(CC58:CC69) -> 17361014 | CD70: =SUM(CD58:CD69) -> 9613952 | ... CS70: =SUM(CS58:CS69) -> 9.0865546e+08
A72: 4. แผนบริหารจัดการเจ้าหนี้
A73: รวมภาระหนี้สิน
A74: ประมาณการจ่ายชำระหนี้ปี 2569 | B74: =SUM(B75:B89) -> 5.8542757e+08 | C74: =SUM(C75:C89) -> 80477468 | D74: =SUM(D75:D89) -> 2279240000 | E74: =SUM(E75:E89) -> 27825233 | F74: =SUM(F75:F89) -> 37881511 | G74: =SUM(G75:G89) -> 67817153 | H74: =SUM(H75:H89) -> 47959123 | I74: =SUM(I75:I89) -> 66503046 | ... CS74: =SUM(CS75:CS89) -> 1.7284308e+10
A75: เจ้าหนี้การค้ายา | B75: 165000000 | C75: 15500000 | D75: 11000000 | E75: 10662522 | F75: 6498000 | G75: 17000000 | H75: 18290320 | I75: 30000000 | J75: 12968200 | K75: 16387803 | L75: 47000000 | M75: 4067673.6 | N75: 74763869 | O75: 13827958 | P75: 20478286 | Q75: 35307230 | R75: 10000000 | S75: 15528394 | T75: 9211372 | U75: 3500000 | V75: 170000000 | W75: 7289000 | X75: 16500000 | Y75: 12000000 | Z75: 4200000 | AA75: 6000000 | AB75: 9500000 | AC75: 37000000 | AD75: 7000000 | AE75: 7500000 | AF75: 10000000 | AG75: 27500000 | AH75: 7000000 | AI75: 8000000 | AJ75: 580000000 | AK75: 13000000 | AL75: 6000000 | AM75: 26000000 | AN75: 35730776 | AO75: 8000000 | AP75: 3000000 | AQ75: 55831713 | AR75: 14607638 | AS75: 17000000 | AT75: 21000000 | AU75: 10000000 | AV75: 5000000 | AW75: 14000000 | AX75: 10539947 | AY75: 6000000 | AZ75: 1.526915e+08 | BA75: 9000000 | BB75: 321000000 | BC75: 81181146 | BD75: 5500000 | BE75: 12000000 | BF75: 88000000 | BG75: 4539506 | BH75: 3000000 | BI75: 20475691 | BJ75: 8000000 | BK75: 1.2594852e+08 | BL75: 22000000 | BM75: 21016917 | BN75: 30000000 | BO75: 14443584 | BP75: 8500000 | BQ75: 1080000000 | BR75: 17537843 | BS75: 14370000 | BT75: 85000000 | BU75: 970653.04 | BV75: 15996984 | BW75: 50000000 | BX75: 7447418.9 | BY75: 8630125.2 | BZ75: 13995751 | CA75: 18602441 | CB75: 48244484 | CC75: 19939584 | CD75: 35165764 | CE75: 5200000 | CF75: 5985673.6 | CG75: 4955794.9 | CH75: 5224426.9 | CI75: 57479368 | CJ75: 5658182.7 | CK75: 4017267.8 | CL75: =SUM(B75:M75) -> 3.5437452e+08 | CM75: =SUM(N75:U75) -> 1.8261711e+08 | CN75: =SUM(V75:AI75) -> 329489000 | CO75: =SUM(AJ75:BA75) -> 9.8740157e+08 | CP75: =SUM(BB75:BJ75) -> 5.4369634e+08 | CQ75: =SUM(BK75:BP75) -> 2.2190902e+08 | CR75: =SUM(BQ75:CK75) -> 1.5044218e+09 | CS75: =SUM(B75:CK75) -> 4.1239093e+09
A76: เจ้าหนี้การค้าวัสดุเภสัชกรรม | B76: 1494868.7 | C76: 1200000 | D76: 380000 | E76: 314020 | F76: 120000 | G76: 5000000 | H76: 325300 | I76: 1400000 | J76: 241400 | K76: 279842.64 | L76: 980000 | M76: 94593.06 | N76: 1086868 | O76: 185833.33 | P76: 19799.36 | Q76: 25196.44 | R76: 13506.5 | S76: 159885 | T76: 126825 | U76: 50000 | V76: 1700000 | W76: 229000 | X76: 500000 | Y76: 100000 | Z76: 100000 | AA76: 120000 | AB76: 180000 | AC76: 350000 | AD76: 200000 | AE76: 250000 | AF76: 260000 | AG76: 450000 | AH76: 200000 | AI76: 150000 | AJ76: 1200000 | AK76: 4900000 | AL76: 200000 | AM76: 1300000 | AN76: 2376825.6 | AO76: 150000 | AP76: 60000 | AQ76: 797900.05 | AR76: 456505 | AS76: 850000 | AT76: 1200000 | AU76: 500000 | AV76: 250000 | AW76: 300000 | AX76: 757448.25 | AY76: 200000 | AZ76: 22138116 | BA76: 350000 | BB76: 6500000 | BC76: 5520865.5 | BD76: 112725 | BE76: 200000 | BF76: 1000000 | BG76: 150000 | BH76: 40000 | BI76: 702397.5 | BJ76: 9000 | BK76: 361750 | BL76: 600000 | BM76: 276330 | BN76: 600000 | BO76: 436320 | BP76: 250000 | BQ76: 3000000 | BR76: 304389.4 | BS76: 650000 | BT76: 230000 | BU76: 3216814.5 | BV76: 380000 | BW76: 1350000 | BX76: 205100 | BY76: 301000 | BZ76: 11700 | CA76: 465150 | CB76: 1664580 | CC76: 554813 | CD76: 1150130.2 | CE76: 300000 | CF76: 130750 | CG76: 111952 | CH76: 178183.95 | CI76: 9188682.6 | CJ76: 127500 | CK76: 141540 | CL76: =SUM(B76:M76) -> 11830024 | CM76: =SUM(N76:U76) -> 1667913.6 | CN76: =SUM(V76:AI76) -> 4789000 | CO76: =SUM(AJ76:BA76) -> 37986795 | CP76: =SUM(BB76:BJ76) -> 14234988 | CQ76: =SUM(BK76:BP76) -> 2524400 | CR76: =SUM(BQ76:CK76) -> 23662286 | CS76: =SUM(B76:CK76) -> 96695406
A77: เจ้าหนี้การค้าวัสดุการแพทย์ทั่วไป | B77: 1.019022e+08 | C77: 5400000 | D77: 3200000 | E77: 1097602.7 | F77: 2406000 | G77: 5000000 | H77: 6692103 | I77: 11000000 | J77: 2247400 | K77: 3036765 | L77: 30000000 | M77: 1215391.3 | N77: 64306504 | O77: 5739868 | P77: 8658662.2 | Q77: 17250434 | R77: 2567934.5 | S77: 4559316.8 | T77: 5616835.1 | U77: 1000000 | V77: 182000000 | W77: 4659000 | X77: 5500000 | Y77: 5500000 | Z77: 1120000 | AA77: 1400000 | AB77: 3200000 | AC77: 14600000 | AD77: 3860000 | AE77: 4500000 | AF77: 6000000 | AG77: 9000000 | AH77: 4000000 | AI77: 2800000 | AJ77: 360000000 | AK77: 4500000 | AL77: 4000000 | AM77: 12000000 | AN77: 12632624 | AO77: 2500000 | AP77: 1000000 | AQ77: 44734545 | AR77: 6401382.8 | AS77: 10000000 | AT77: 12000000 | AU77: 5000000 | AV77: 2150000 | AW77: 6000000 | AX77: 4820969.1 | AY77: 2600000 | AZ77: 23931499 | BA77: 3500000 | BB77: 168000000 | BC77: 22044602 | BD77: 1950000 | BE77: 4000000 | BF77: 68780000 | BG77: 2500000 | BH77: 1200000 | BI77: 7361908.1 | BJ77: 6000000 | BK77: 83762161 | BL77: 7000000 | BM77: 6330416.5 | BN77: 9600000 | BO77: 5881990.5 | BP77: 3500000 | BQ77: 730000000 | BR77: 4505403.5 | BS77: 3516172.2 | BT77: 45000000 | BU77: 1137901.1 | BV77: 6522568.4 | BW77: 42500000 | BX77: 1524218.5 | BY77: 2900121.3 | BZ77: 5876640.5 | CA77: 5913510.8 | CB77: 26064959 | CC77: 8029463.2 | CD77: 12256130 | CE77: 3700000 | CF77: 1991379.3 | CG77: 1229064.4 | CH77: 3156068.7 | CI77: 23737777 | CJ77: 2010283.8 | CK77: 3709318.2 | CL77: =SUM(B77:M77) -> 1.7319746e+08 | CM77: =SUM(N77:U77) -> 1.0969955e+08 | CN77: =SUM(V77:AI77) -> 248139000 | CO77: =SUM(AJ77:BA77) -> 5.1777102e+08 | CP77: =SUM(BB77:BJ77) -> 2.8183651e+08 | CQ77: =SUM(BK77:BP77) -> 1.1607457e+08 | CR77: =SUM(BQ77:CK77) -> 9.3528098e+08 | CS77: =SUM(B77:CK77) -> 2.3819991e+09
A78: เจ้าหนี้การค้าวัสดุวิทยาศาสตร์และการแพทย์ | B78: 16028902 | C78: 2800000 | D78: 6800000 | E78: 6779785 | F78: 3518000 | G78: 6000000 | H78: 8592149 | I78: 10000000 | J78: 6633100 | K78: 12746840 | L78: 20500000 | M78: 5272121.7 | N78: 17544148 | O78: 4970471.8 | P78: 7956930.1 | Q78: 1573380 | R78: 6018223.1 | S78: 4351699.1 | T78: 3723881.2 | U78: 2500000 | V78: 14000000 | W78: 4300000 | X78: 10400000 | Y78: 3000000 | Z78: 3000000 | AA78: 2000000 | AB78: 5300000 | AC78: 15000000 | AD78: 3200000 | AE78: 4000000 | AF78: 8000000 | AG78: 5000000 | AH78: 4000000 | AI78: 6000000 | AJ78: 22279015 | AK78: 4800000 | AL78: 4000000 | AM78: 6000000 | AN78: 18579788 | AO78: 4500000 | AP78: 1500000 | AQ78: 14837644 | AR78: 6400000 | AS78: 9000000 | AT78: 10000000 | AU78: 6000000 | AV78: 2800000 | AW78: 6000000 | AX78: 4591325.4 | AY78: 2800000 | AZ78: 19061024 | BA78: 4000000 | BB78: 9600000 | BC78: 22392029 | BD78: 3800000 | BE78: 6000000 | BF78: 8450000 | BG78: 3137832 | BH78: 1600000 | BI78: 5723609.3 | BJ78: 4500000 | BK78: 12001986 | BL78: 6000000 | BM78: 5947512.5 | BN78: 9600000 | BO78: 4727956 | BP78: 5000000 | BQ78: 40000000 | BR78: 6650752.1 | BS78: 5938031 | BT78: 5000000 | BU78: 88546 | BV78: 4788933.6 | BW78: 14000000 | BX78: 3211683.6 | BY78: 5177108 | BZ78: 6300000 | CA78: 9031238.1 | CB78: 13191760 | CC78: 6452717.5 | CD78: 7641177.5 | CE78: 1100000 | CF78: 3003937 | CG78: 2249634 | CH78: 3006981.8 | CI78: 24617609 | CJ78: 2700227 | CK78: 3172493.9 | CL78: =SUM(B78:M78) -> 1.056709e+08 | CM78: =SUM(N78:U78) -> 48638734 | CN78: =SUM(V78:AI78) -> 87200000 | CO78: =SUM(AJ78:BA78) -> 1.471488e+08 | CP78: =SUM(BB78:BJ78) -> 65203470 | CQ78: =SUM(BK78:BP78) -> 43277454 | CR78: =SUM(BQ78:CK78) -> 1.6732283e+08 | CS78: =SUM(B78:CK78) -> 6.6446218e+08
A79: เจ้าหนี้การค้าวัสดุเอกซเรย์ | B79: 0 | C79: 5000 | D79: 0 | E79: 0 | F79: 0 | G79: 1 | H79: 0 | I79: 0 | J79: 0 | K79: 0 | L79: 0 | M79: 0 | N79: 0 | O79: 0 | P79: 0 | Q79: 0 | R79: 5400 | S79: 0 | T79: 0 | U79: 0 | V79: 0 | W79: 0 | X79: 0 | Y79: 0 | Z79: 1 | AA79: 1 | AB79: 0 | AC79: 1 | AD79: 0 | AE79: 0 | AF79: 1 | AG79: 0 | AH79: 1 | AI79: 0 | AJ79: 0 | AK79: 0 | AL79: 0 | AM79: 0 | AN79: 0 | AO79: 0 | AP79: 0 | AQ79: 0 | AR79: 0 | AS79: 0 | AT79: 0 | AU79: 32850 | AV79: 0 | AW79: 0 | AX79: 0 | AY79: 0 | AZ79: 0 | BA79: 8500 | BB79: 0 | BC79: 0 | BD79: 0 | BE79: 0 | BF79: 1 | BG79: 1 | BH79: 1 | BI79: 1 | BJ79: 0 | BK79: 0 | BL79: 0 | BM79: 0 | BN79: 0 | BO79: 1 | BP79: 0 | BQ79: 0 | BR79: 0 | BS79: 0 | BT79: 36579 | BU79: 0 | BV79: 0 | BW79: 0 | BX79: 0 | BY79: 0 | BZ79: 0 | CA79: 0 | CB79: 0 | CC79: 11400 | CD79: 0 | CE79: 0 | CF79: 0 | CG79: 0 | CH79: 0 | CI79: 0 | CJ79: 0 | CK79: 0 | CL79: =SUM(B79:M79) -> 5001 | CM79: =SUM(N79:U79) -> 5400 | CN79: =SUM(V79:AI79) -> 5 | CO79: =SUM(AJ79:BA79) -> 41350 | CP79: =SUM(BB79:BJ79) -> 4 | CQ79: =SUM(BK79:BP79) -> 1 | CR79: =SUM(BQ79:CK79) -> 47979 | CS79: =SUM(B79:CK79) -> 99740
A80: เจ้าหนี้การค้าวัสดุทันตกรรม | B80: 3854657.7 | C80: 700000 | D80: 670000 | E80: 361324.96 | F80: 235000 | G80: 1300000 | H80: 1159216 | I80: 750000 | J80: 726000 | K80: 691108.88 | L80: 2650000 | M80: 656556.42 | N80: 1841597.7 | O80: 770092.53 | P80: 667539.82 | Q80: 657010.4 | R80: 811774.69 | S80: 1533248.8 | T80: 523917.4 | U80: 300000 | V80: 2300000 | W80: 405000 | X80: 1300000 | Y80: 500000 | Z80: 400000 | AA80: 320000 | AB80: 430000 | AC80: 1000000 | AD80: 400000 | AE80: 300000 | AF80: 600000 | AG80: 800000 | AH80: 550000 | AI80: 500000 | AJ80: 3551590 | AK80: 300000 | AL80: 270000 | AM80: 1000000 | AN80: 634236.88 | AO80: 500000 | AP80: 300000 | AQ80: 521395.5 | AR80: 560000 | AS80: 1000000 | AT80: 1000000 | AU80: 900000 | AV80: 620000 | AW80: 250000 | AX80: 504053.81 | AY80: 400000 | AZ80: 1952596.4 | BA80: 700000 | BB80: 2000000 | BC80: 2189086.9 | BD80: 164432.5 | BE80: 200000 | BF80: 1800000 | BG80: 316000 | BH80: 250000 | BI80: 1115337.3 | BJ80: 750000 | BK80: 1100895.8 | BL80: 800000 | BM80: 551509.37 | BN80: 2400000 | BO80: 629686.96 | BP80: 300000 | BQ80: 7000000 | BR80: 366576.17 | BS80: 725922.35 | BT80: 1150000 | BU80: 36092.8 | BV80: 287180.6 | BW80: 1500000 | BX80: 506114.6 | BY80: 464165.88 | BZ80: 561627.4 | CA80: 854710 | CB80: 1500000 | CC80: 841035 | CD80: 1258822.6 | CE80: 250000 | CF80: 389475.1 | CG80: 107890 | CH80: 308691.88 | CI80: 968359.42 | CJ80: 245668.3 | CK80: 200932.9 | CL80: =SUM(B80:M80) -> 13753864 | CM80: =SUM(N80:U80) -> 7105181.3 | CN80: =SUM(V80:AI80) -> 9805000 | CO80: =SUM(AJ80:BA80) -> 14963873 | CP80: =SUM(BB80:BJ80) -> 8784856.7 | CQ80: =SUM(BK80:BP80) -> 5782092.2 | CR80: =SUM(BQ80:CK80) -> 19523265 | CS80: =SUM(B80:CK80) -> 79718132
A81: เจ้าหนี้ตามจ่าย | B81: 1000000 | C81: 5000000 | D81: 5000000 | E81: 477107.63 | F81: 1000000 | G81: 2200000 | H81: 512634 | I81: 112618.8 | J81: 1038800 | K81: 0 | L81: 2600000 | M81: 1000000 | N81: 7816425 | O81: 2029480 | P81: 1702019.9 | Q81: 1003860 | R81: 4200000 | S81: 427912.55 | T81: 3803573.2 | U81: 1100000 | V81: 15000000 | W81: 3613760.2 | X81: 1 | Y81: 1 | Z81: 1 | AA81: 1 | AB81: 1 | AC81: 1 | AD81: 1 | AE81: 0 | AF81: 1 | AG81: 1 | AH81: 1 | AI81: 300000 | AJ81: 23122054 | AK81: 3000000 | AL81: 1500000 | AM81: 5000000 | AN81: 0 | AO81: 4500000 | AP81: 1000000 | AQ81: 23831772 | AR81: 4300000 | AS81: 4600000 | AT81: 4700000 | AU81: 3600000 | AV81: 442539 | AW81: 2400000 | AX81: 4600000 | AY81: 3000000 | AZ81: 9600000 | BA81: 1500000 | BB81: 0 | BC81: 0 | BD81: 0 | BE81: 1000000 | BF81: 1420000 | BG81: 50000 | BH81: 0 | BI81: 1 | BJ81: 0 | BK81: 21820 | BL81: 0 | BM81: 0 | BN81: 4664341.5 | BO81: 56172.75 | BP81: 312087 | BQ81: 2000000 | BR81: 3320736.8 | BS81: 0 | BT81: 4000000 | BU81: 200000 | BV81: 327390 | BW81: 7500000 | BX81: 605955 | BY81: 0 | BZ81: 5388785.5 | CA81: 563056 | CB81: 1500000 | CC81: 38480.5 | CD81: 6437971.7 | CE81: 1000000 | CF81: 29130 | CG81: 542200 | CH81: 136763.98 | CI81: 2334047.5 | CJ81: 450242 | CK81: 1847063.6 | CL81: =SUM(B81:M81) -> 19941160 | CM81: =SUM(N81:U81) -> 22083271 | CN81: =SUM(V81:AI81) -> 18913770 | CO81: =SUM(AJ81:BA81) -> 1.0069636e+08 | CP81: =SUM(BB81:BJ81) -> 2470001 | CQ81: =SUM(BK81:BP81) -> 5054421.2 | CR81: =SUM(BQ81:CK81) -> 38221823 | CS81: =SUM(B81:CK81) -> 2.0738081e+08
A82: ค่าจ้างชั่วคราว/พกส./ค่าจ้างเหมาบุคลากรอื่นค้างจ่าย | B82: 76862280 | C82: 12592468 | D82: 11800000 | E82: 0 | F82: 12000000 | G82: 1 | H82: 0 | I82: 0 | J82: 14840000 | K82: 0 | L82: 42000000 | M82: 5538600 | N82: 65918760 | O82: 0 | P82: 1300264 | Q82: 0 | R82: 13916334 | S82: 0 | T82: 12504546 | U82: 0 | V82: 0 | W82: 12180000 | X82: 11000000 | Y82: 17765534 | Z82: 8128420 | AA82: 9048686.2 | AB82: 9700000 | AC82: 32900000 | AD82: 7200000 | AE82: 13000000 | AF82: 11256997 | AG82: 20442257 | AH82: 11920000 | AI82: 10900000 | AJ82: 3000000 | AK82: 12600000 | AL82: 11900000 | AM82: 21600000 | AN82: 8220 | AO82: 16478786 | AP82: 0 | AQ82: 0 | AR82: 0 | AS82: 0 | AT82: 23495613 | AU82: 0 | AV82: 10824000 | AW82: 0 | AX82: 14571388 | AY82: 0 | AZ82: 0 | BA82: 105040 | BB82: 0 | BC82: 1109579 | BD82: 0 | BE82: 15000000 | BF82: 67560000 | BG82: 12150000 | BH82: 7000000 | BI82: 274859.83 | BJ82: 0 | BK82: 0 | BL82: 0 | BM82: 545674 | BN82: 2573935 | BO82: 1 | BP82: 1200000 | BQ82: 295000000 | BR82: 17301718 | BS82: 0 | BT82: 67569028 | BU82: 0 | BV82: 12518009 | BW82: 0 | BX82: 0 | BY82: 13888552 | BZ82: 13742959 | CA82: 19227504 | CB82: 33000200 | CC82: 0 | CD82: 35093642 | CE82: 13200000 | CF82: 10224220 | CG82: 0 | CH82: 0 | CI82: 42609874 | CJ82: 10230 | CK82: 9875454.2 | CL82: =SUM(B82:M82) -> 175633349 | CM82: =SUM(N82:U82) -> 93639904 | CN82: =SUM(V82:AI82) -> 1.7544189e+08 | CO82: =SUM(AJ82:BA82) -> 1.1458305e+08 | CP82: =SUM(BB82:BJ82) -> 1.0309444e+08 | CQ82: =SUM(BK82:BP82) -> 4319610 | CR82: =SUM(BQ82:CK82) -> 5.8326139e+08 | CS82: =SUM(B82:CK82) -> 1.2499736e+09
A83: ค่าตอบแทนค้างจ่าย | B83: 139250000 | C83: 17200000 | D83: 2230000000 | E83: 1199993 | F83: 8000 | G83: 20500000 | H83: 1825093.8 | I83: 0 | J83: 20777559 | K83: 1283795.7 | L83: 51500000 | M83: 11469085 | N83: 116276485 | O83: 1315633.7 | P83: 2220050.6 | Q83: 6294136.3 | R83: 19438565 | S83: 1345486.2 | T83: 18356006 | U83: 1460000 | V83: 9500000 | W83: 12287500 | X83: 31000000 | Y83: 28085764 | Z83: 14901660 | AA83: 14688570 | AB83: 17000000 | AC83: 55420000 | AD83: 19000000 | AE83: 20000000 | AF83: 25748900 | AG83: 34812123 | AH83: 14783848 | AI83: 17630000 | AJ83: 30730113 | AK83: 12500000 | AL83: 15800000 | AM83: 21600000 | AN83: 3884730 | AO83: 22456549 | AP83: 11000000 | AQ83: 10025037 | AR83: 0 | AS83: 3947817 | AT83: 32475246 | AU83: 1459000 | AV83: 15600000 | AW83: 21000000 | AX83: 9705666.2 | AY83: 1213471.2 | AZ83: 5826201 | BA83: 1743530 | BB83: 0 | BC83: 3999020 | BD83: 0 | BE83: 25000000 | BF83: 152680800 | BG83: 14200000 | BH83: 13000000 | BI83: 1524815 | BJ83: 1301170 | BK83: 11726997 | BL83: 37000000 | BM83: 3344520 | BN83: 45097739 | BO83: 3295807 | BP83: 19173600 | BQ83: 630000000 | BR83: 26238344 | BS83: 0 | BT83: 1.213675e+08 | BU83: 7253458 | BV83: 16826711 | BW83: 0 | BX83: 9396873.2 | BY83: 18653160 | BZ83: 17164801 | CA83: 24678808 | CB83: 51308181 | CC83: 2411848.8 | CD83: 46869322 | CE83: 16000000 | CF83: 17929431 | CG83: 20923810 | CH83: 451961.13 | CI83: 62456444 | CJ83: 1153025 | CK83: 12279237 | CL83: =SUM(B83:M83) -> 2.4950135e+09 | CM83: =SUM(N83:U83) -> 1.6670636e+08 | CN83: =SUM(V83:AI83) -> 314858365 | CO83: =SUM(AJ83:BA83) -> 2.2096736e+08 | CP83: =SUM(BB83:BJ83) -> 211705805 | CQ83: =SUM(BK83:BP83) -> 1.1963866e+08 | CR83: =SUM(BQ83:CK83) -> 1.1033629e+09 | CS83: =SUM(B83:CK83) -> 4.632253e+09
A84: ค่าใช้จ่ายบุคลากรอื่นค้างจ่าย | B84: 8420643 | C84: 5930000 | D84: 0 | E84: 0 | F84: 0 | G84: 75000 | H84: 0 | I84: 0 | J84: 0 | K84: 0 | L84: 2300000 | M84: 1190257.8 | N84: 4757176.5 | O84: 0 | P84: 0 | Q84: 0 | R84: 0 | S84: 0 | T84: 2523134.1 | U84: 0 | V84: 167000 | W84: 0 | X84: 1 | Y84: 0 | Z84: 520000 | AA84: 474860 | AB84: 400000 | AC84: 1 | AD84: 0 | AE84: 0 | AF84: 700000 | AG84: 0 | AH84: 0 | AI84: 470000 | AJ84: 0 | AK84: 0 | AL84: 0 | AM84: 5000000 | AN84: 232868 | AO84: 0 | AP84: 0 | AQ84: 307897 | AR84: 0 | AS84: 0 | AT84: 1570717 | AU84: 0 | AV84: 0 | AW84: 0 | AX84: 0 | AY84: 0 | AZ84: 0 | BA84: 0 | BB84: 0 | BC84: 0 | BD84: 0 | BE84: 0 | BF84: 13700000 | BG84: 1 | BH84: 400000 | BI84: 13362.85 | BJ84: 0 | BK84: 0 | BL84: 0 | BM84: 0 | BN84: 0 | BO84: 1 | BP84: 0 | BQ84: 0 | BR84: 3297095.9 | BS84: 0 | BT84: 0 | BU84: 0 | BV84: 0 | BW84: 0 | BX84: 0 | BY84: 2433932.7 | BZ84: 0 | CA84: 451968 | CB84: 1037300 | CC84: 0 | CD84: 1643364 | CE84: 650000 | CF84: 0 | CG84: 1230000 | CH84: 590520 | CI84: 36032901 | CJ84: 0 | CK84: 0 | CL84: =SUM(B84:M84) -> 17915901 | CM84: =SUM(N84:U84) -> 7280310.6 | CN84: =SUM(V84:AI84) -> 2731862 | CO84: =SUM(AJ84:BA84) -> 7111482 | CP84: =SUM(BB84:BJ84) -> 14113364 | CQ84: =SUM(BK84:BP84) -> 1 | CR84: =SUM(BQ84:CK84) -> 47367081 | CS84: =SUM(B84:CK84) -> 96520002
A85: เจ้าหนี้ค่าแรงอื่นค้างจ่าย | B85: 0 | C85: 0 | D85: 0 | E85: 0 | F85: 0 | G85: 1 | H85: 0 | I85: 0 | J85: 0 | K85: 0 | L85: 0 | M85: 0 | N85: 0 | O85: 0 | P85: 0 | Q85: 0 | R85: 0 | S85: 0 | T85: 68400 | U85: 0 | V85: 0 | W85: 0 | X85: 1 | Y85: 0 | Z85: 1 | AA85: 1 | AB85: 0 | AC85: 1 | AD85: 0 | AE85: 0 | AF85: 1 | AG85: 0 | AH85: 0 | AI85: 0 | AJ85: 0 | AK85: 0 | AL85: 0 | AM85: 0 | AN85: 276060 | AO85: 1677572 | AP85: 0 | AQ85: 0 | AR85: 0 | AS85: 0 | AT85: 0 | AU85: 0 | AV85: 0 | AW85: 0 | AX85: 0 | AY85: 0 | AZ85: 0 | BA85: 0 | BB85: 0 | BC85: 2115701.8 | BD85: 0 | BE85: 0 | BF85: 1 | BG85: 1 | BH85: 1 | BI85: 1 | BJ85: 0 | BK85: 0 | BL85: 0 | BM85: 0 | BN85: 0 | BO85: 1 | BP85: 0 | BQ85: 0 | BR85: 0 | BS85: 0 | BT85: 0 | BU85: 0 | BV85: 0 | BW85: 0 | BX85: 0 | BY85: 0 | BZ85: 0 | CA85: 0 | CB85: 0 | CC85: 0 | CD85: 0 | CE85: 0 | CF85: 0 | CG85: 0 | CH85: 0 | CI85: 0 | CJ85: 0 | CK85: 0 | CL85: =SUM(B85:M85) -> 1 | CM85: =SUM(N85:U85) -> 68400 | CN85: =SUM(V85:AI85) -> 5 | CO85: =SUM(AJ85:BA85) -> 1953632 | CP85: =SUM(BB85:BJ85) -> 2115705.8 | CQ85: =SUM(BK85:BP85) -> 1 | CR85: =SUM(BQ85:CK85) -> 0 | CS85: =SUM(B85:CK85) -> 4137744.8
A86: ค่าสาธารณูปโภคค้างจ่าย | B86: 26960000 | C86: 3500000 | D86: 2800000 | E86: 191421 | F86: 1868854.9 | G86: 2962310 | H86: 231256 | I86: 737232.54 | J86: 1850000 | K86: 237047.72 | L86: 5500000 | M86: 878156.49 | N86: 13679952 | O86: 272354.74 | P86: 863356.14 | Q86: 31292.85 | R86: 3000000 | S86: 135367.76 | T86: 1821579.9 | U86: 147228.93 | V86: 2000000 | W86: 2116500 | X86: 3200000 | Y86: 3600000 | Z86: 1600000 | AA86: 1500000 | AB86: 2500000 | AC86: 7000000 | AD86: 2500000 | AE86: 2000000 | AF86: 3000000 | AG86: 3200000 | AH86: 2900000 | AI86: 2000000 | AJ86: 86748556 | AK86: 2700000 | AL86: 2100000 | AM86: 5000000 | AN86: 302591.39 | AO86: 2187770.5 | AP86: 800000 | AQ86: 1262982.3 | AR86: 0 | AS86: 1109657.5 | AT86: 4250000 | AU86: 1900000 | AV86: 1200000 | AW86: 2700000 | AX86: 2069407.1 | AY86: 1450000 | AZ86: 59898.87 | BA86: 239703.59 | BB86: 0 | BC86: 1350802.9 | BD86: 0 | BE86: 4264800 | BF86: 18410000 | BG86: 1200000 | BH86: 700000 | BI86: 252873.75 | BJ86: 155926.51 | BK86: 4761033.3 | BL86: 5300000 | BM86: 1008390.3 | BN86: 5948000 | BO86: 302627.33 | BP86: 2600000 | BQ86: 72000000 | BR86: 3643129.1 | BS86: 0 | BT86: 20447284 | BU86: 2266911.1 | BV86: 3320112.9 | BW86: 9500000 | BX86: 1805329.4 | BY86: 2566966.6 | BZ86: 2622101.3 | CA86: 385587.3 | CB86: 6999304 | CC86: 5204161.3 | CD86: 8836050.2 | CE86: 2688024.6 | CF86: 446458.26 | CG86: 2608800 | CH86: 194356.32 | CI86: 9633045.9 | CJ86: 370785.27 | CK86: 1500000 | CL86: =SUM(B86:M86) -> 47716279 | CM86: =SUM(N86:U86) -> 19951132 | CN86: =SUM(V86:AI86) -> 39116500 | CO86: =SUM(AJ86:BA86) -> 1.1608057e+08 | CP86: =SUM(BB86:BJ86) -> 26334403 | CQ86: =SUM(BK86:BP86) -> 19920051 | CR86: =SUM(BQ86:CK86) -> 1.5703841e+08 | CS86: =SUM(B86:CK86) -> 4.2615734e+08
... A89: เจ้าหนี้อื่น | B89: 0 | C89: 5800000 | D89: 2200000 | E89: 1193267.5 | F89: 6365365 | G89: 4300000 | H89: 1241236 | I89: 1907395.4 | J89: 1237000 | K89: 0 | L89: 25000000 | M89: 2218942.3 | N89: 6562340.8 | O89: 1340860.5 | P89: 0 | Q89: 4118024.5 | R89: 1022675.5 | S89: 1634958.4 | T89: 8628854.2 | U89: 0 | V89: 100000000 | W89: 5000000 | X89: 2100000 | Y89: 2000000 | Z89: 2200000 | AA89: 2300000 | AB89: 2470000 | AC89: 45000000 | AD89: 3695420 | AE89: 4500000 | AF89: 3656900 | AG89: 5500000 | AH89: 7900000 | AI89: 17800000 | AJ89: 355000000 | AK89: 3500000 | AL89: 6800000 | AM89: 8000000 | AN89: 4215626.6 | AO89: 1200000 | AP89: 300000 | AQ89: 7145822.8 | AR89: 2389934.1 | AS89: 4100000 | AT89: 29673231 | AU89: 800000 | AV89: 420000 | AW89: 25000000 | AX89: 1277903.8 | AY89: 1000000 | AZ89: 12373059 | BA89: 600000 | BB89: 0 | BC89: 14179907 | BD89: 0 | BE89: 2400000 | BF89: 1 | BG89: 1 | BH89: 300000 | BI89: 1670240 | BJ89: 751601.4 | BK89: 3855446 | BL89: 15000000 | BM89: 15000000 | BN89: 10000000 | BO89: 3184072 | BP89: 2000000 | BQ89: 112000000 | BR89: 16240858 | BS89: 0 | BT89: 97930904 | BU89: 3515038 | BV89: 3671959 | BW89: 42000000 | BX89: 998402.29 | BY89: 7645901.9 | BZ89: 3841289.6 | CA89: 1524247 | CB89: 38678831 | CC89: 2819807 | CD89: 28534283 | CE89: 4473200 | CF89: 2165782.5 | CG89: 1761622.8 | CH89: 492589.16 | CI89: 10827025 | CJ89: 1911619 | CK89: 2991554.3 | CL89: =SUM(B89:M89) -> 51463206 | CM89: =SUM(N89:U89) -> 23307714 | CN89: =SUM(V89:AI89) -> 204122320 | CO89: =SUM(AJ89:BA89) -> 4.6379558e+08 | CP89: =SUM(BB89:BJ89) -> 19301750 | CQ89: =SUM(BK89:BP89) -> 49039518 | CR89: =SUM(BQ89:CK89) -> 3.8402491e+08 | CS89: =SUM(B89:CK89) -> 1.195055e+09
A91: 5. แผนบริหารจัดการลูกหนี้
A92: รวมลูกหนี้
A93: ประมาณการลูกหนี้ที่เรียกเก็บได้ปี 2569 | B93: =SUM(B94:B100) -> 7.0961619e+08 | C93: =SUM(C94:C100) -> 73184000 | D93: =SUM(D94:D100) -> 63210000 | E93: =SUM(E94:E100) -> 55680500 | F93: =SUM(F94:F100) -> 39987339 | G93: =SUM(G94:G100) -> 74485000 | H93: =SUM(H94:H100) -> 84711679 | I93: =SUM(I94:I100) -> 1.6419875e+08 | ... CS93: =SUM(CS94:CS100) -> 1.8682357e+10
A94: ลูกหนี้ UC | B94: 3.7255437e+08 | C94: 58000000 | D94: 50000000 | E94: 41376582 | F94: 34593811 | G94: 48000000 | H94: 70000000 | I94: 1.155501e+08 | J94: 60301000 | K94: 64124709 | L94: 140000000 | M94: 17048757 | N94: 300561590 | O94: 64596757 | P94: 98152449 | Q94: 85978785 | R94: 60000000 | S94: 63077681 | T94: 48255925 | U94: 18000000 | V94: 450000000 | W94: 72550000 | X94: 77000000 | Y94: 78471355 | Z94: 24000000 | AA94: 39400000 | AB94: 22000000 | AC94: 129900000 | AD94: 40000000 | AE94: 54496071 | AF94: 74500000 | AG94: 68614846 | AH94: 49800000 | AI94: 44000000 | AJ94: 1299000000 | AK94: 60000000 | AL94: 40000000 | AM94: 105000000 | AN94: 60763028 | AO94: 55391374 | AP94: 19786260 | AQ94: 3.3946022e+08 | AR94: 59165653 | AS94: 100500000 | AT94: 95000000 | AU94: 47000000 | AV94: 32898220 | AW94: 74000000 | AX94: 52841392 | AY94: 44000000 | AZ94: 3.1094398e+08 | BA94: 45000000 | BB94: 392550000 | BC94: 100000000 | BD94: 43544660 | BE94: 40000000 | BF94: 337500000 | BG94: 18720417 | BH94: 24900000 | BI94: 37795686 | BJ94: 54700701 | BK94: 5.1048752e+08 | BL94: 92000000 | BM94: 72965183 | BN94: 52100000 | BO94: 62100000 | BP94: 56200000 | BQ94: 2200000000 | BR94: 74846493 | BS94: 49231236 | BT94: 317570101 | BU94: 7400200 | BV94: 51910348 | BW94: 205000000 | BX94: 36814605 | BY94: 42725788 | BZ94: 59931093 | CA94: 95256115 | CB94: 1.5817829e+08 | CC94: 72207531 | CD94: 1.3063274e+08 | CE94: 32000000 | CF94: 49532085 | CG94: 36624568 | CH94: 41761301 | CI94: 2.0265747e+08 | CJ94: 32590111 | CK94: 32054944 | CL94: =SUM(B94:M94) -> 1.0715493e+09 | CM94: =SUM(N94:U94) -> 7.3862319e+08 | CN94: =SUM(V94:AI94) -> 1.2247323e+09 | CO94: =SUM(AJ94:BA94) -> 2.8407501e+09 | CP94: =SUM(BB94:BJ94) -> 1.0497115e+09 | CQ94: =SUM(BK94:BP94) -> 8.458527e+08 | CR94: =SUM(BQ94:CK94) -> 3.928925e+09 | CS94: =SUM(B94:CK94) -> 1.1700144e+10
A95: ลูกหนี้ เบิกต้นสังกัด | B95: 2000000 | C95: 4000 | D95: 0 | E95: 107364.8 | F95: 0 | G95: 55000 | H95: 6679.05 | I95: 124536 | J95: 0 | K95: 51944.55 | L95: 600000 | M95: 0 | N95: 1582610 | O95: 13548 | P95: 60000 | Q95: 469236.67 | R95: 40817.71 | S95: 154201 | T95: 6045.16 | U95: 0 | V95: 3200000 | W95: 37000 | X95: 80000 | Y95: 246961 | Z95: 50000 | AA95: 18000 | AB95: 40000 | AC95: 250000 | AD95: 100000 | AE95: 85370 | AF95: 27000 | AG95: 150000 | AH95: 25000 | AI95: 750000 | AJ95: 12500000 | AK95: 10000 | AL95: 12000 | AM95: 150000 | AN95: 526190.8 | AO95: 45000 | AP95: 14605 | AQ95: 793396.03 | AR95: 20150 | AS95: 35000 | AT95: 150000 | AU95: 5000 | AV95: 77707.6 | AW95: 50000 | AX95: 23283.25 | AY95: 6993 | AZ95: 2454308.7 | BA95: 43000 | BB95: 14000000 | BC95: 230000 | BD95: 426 | BE95: 300000 | BF95: 3500000 | BG95: 2000 | BH95: 1 | BI95: 9739.3 | BJ95: 75000 | BK95: 1511386.7 | BL95: 52200 | BM95: 26616.64 | BN95: 80000 | BO95: 0 | BP95: 0 | BQ95: 26000000 | BR95: 67718 | BS95: 225956.79 | BT95: 1092080.5 | BU95: 5000 | BV95: 48342 | BW95: 230000 | BX95: 15218 | BY95: 0 | BZ95: 50000 | CA95: 65423.47 | CB95: 387000 | CC95: 12602 | CD95: 216744.63 | CE95: 38000 | CF95: 3500 | CG95: 0 | CH95: 7502 | CI95: 319991.5 | CJ95: 0 | CK95: 0 | CL95: =SUM(B95:M95) -> 2949524.4 | CM95: =SUM(N95:U95) -> 2326458.5 | CN95: =SUM(V95:AI95) -> 5059331 | CO95: =SUM(AJ95:BA95) -> 16916634 | CP95: =SUM(BB95:BJ95) -> 18117166 | CQ95: =SUM(BK95:BP95) -> 1670203.3 | CR95: =SUM(BQ95:CK95) -> 28785079 | CS95: =SUM(B95:CK95) -> 75824397
A96: ลูกหนี้ อปท | B96: 26412267 | C96: 1800000 | D96: 1200000 | E96: 1360000 | F96: 672176.06 | G96: 2200000 | H96: 1900000 | I96: 7735890 | J96: 1895100 | K96: 1094738.2 | L96: 7300000 | M96: 397415.11 | N96: 21365840 | O96: 3300000 | P96: 3176663.7 | Q96: 5962322.3 | R96: 1248662.5 | S96: 1814538.9 | T96: 2588253 | U96: 900000 | V96: 30000000 | W96: 1401000 | X96: 3000000 | Y96: 1405103 | Z96: 1000000 | AA96: 1700000 | AB96: 1500000 | AC96: 6000000 | AD96: 1200000 | AE96: 1923141.9 | AF96: 1200000 | AG96: 2250000 | AH96: 520000 | AI96: 2800000 | AJ96: 90000000 | AK96: 1600000 | AL96: 2200000 | AM96: 6988738.7 | AN96: 7689494.5 | AO96: 1300000 | AP96: 1392514.6 | AQ96: 13988592 | AR96: 3399450 | AS96: 10000000 | AT96: 6000000 | AU96: 1510000 | AV96: 899284.34 | AW96: 2750000 | AX96: 3259662.5 | AY96: 1450000 | AZ96: 19129960 | BA96: 1000000 | BB96: 36000000 | BC96: 2800000 | BD96: 1177342.2 | BE96: 2100000 | BF96: 20500000 | BG96: 397998 | BH96: 661500 | BI96: 1098863.4 | BJ96: 1800000 | BK96: 24813830 | BL96: 2500000 | BM96: 2195860.2 | BN96: 2500000 | BO96: 1960000 | BP96: 1600000 | BQ96: 150000000 | BR96: 2286588.4 | BS96: 2272431.2 | BT96: 7414943.5 | BU96: 930000 | BV96: 1545270.1 | BW96: 5800000 | BX96: 1302604.3 | BY96: 1019902.2 | BZ96: 1806261.3 | CA96: 4543541.8 | CB96: 8150000 | CC96: 1350327.4 | CD96: 3660712.5 | CE96: 1540000 | CF96: 676275.44 | CG96: 591350.31 | CH96: 1520972.5 | CI96: 6860278.9 | CJ96: 704179.05 | CK96: 1223076.5 | CL96: =SUM(B96:M96) -> 53967586 | CM96: =SUM(N96:U96) -> 40356280 | CN96: =SUM(V96:AI96) -> 55899245 | CO96: =SUM(AJ96:BA96) -> 1.745577e+08 | CP96: =SUM(BB96:BJ96) -> 66535704 | CQ96: =SUM(BK96:BP96) -> 35569691 | CR96: =SUM(BQ96:CK96) -> 2.0519872e+08 | CS96: =SUM(B96:CK96) -> 6.3208492e+08
A97: ลูกหนี้ กรมบัญชีกลาง | B97: 1.7822462e+08 | C97: 10500000 | D97: 7800000 | E97: 6096000 | F97: 3507954.8 | G97: 19500000 | H97: 8000000 | I97: 25300000 | J97: 8139060 | K97: 7671662.4 | L97: 69200000 | M97: 3372597.4 | N97: 92821650 | O97: 9700000 | P97: 20549665 | Q97: 30684206 | R97: 9818807.2 | S97: 11329978 | T97: 8885498.6 | U97: 5200000 | V97: 190000000 | W97: 6924000 | X97: 15500000 | Y97: 5650402 | Z97: 4000000 | AA97: 5900000 | AB97: 6000000 | AC97: 33000000 | AD97: 4500000 | AE97: 5531533.8 | AF97: 7000000 | AG97: 24900000 | AH97: 6000000 | AI97: 19000000 | AJ97: 610000000 | AK97: 7400000 | AL97: 8500000 | AM97: 34847303 | AN97: 33489257 | AO97: 11000000 | AP97: 5075751.2 | AQ97: 85965265 | AR97: 7741079 | AS97: 23000000 | AT97: 35000000 | AU97: 5500000 | AV97: 4840355.6 | AW97: 25000000 | AX97: 11901649 | AY97: 6000000 | AZ97: 88430207 | BA97: 5800000 | BB97: 273500000 | BC97: 30000000 | BD97: 8458047 | BE97: 8600000 | BF97: 107710000 | BG97: 3027116 | BH97: 6500000 | BI97: 5079182.7 | BJ97: 6000000 | BK97: 1.2278118e+08 | BL97: 13000000 | BM97: 7979924.8 | BN97: 14500000 | BO97: 6500000 | BP97: 5400000 | BQ97: 750000000 | BR97: 16796610 | BS97: 6509537.3 | BT97: 86104799 | BU97: 14500000 | BV97: 8529727.7 | BW97: 38000000 | BX97: 4549585 | BY97: 5445017.1 | BZ97: 13220244 | CA97: 13243456 | CB97: 38898000 | CC97: 7227688.7 | CD97: 24354290 | CE97: 7000000 | CF97: 5168914.1 | CG97: 3756360.7 | CH97: 6902466.4 | CI97: 35745198 | CJ97: 3377976.5 | CK97: 5356138.6 | CL97: =SUM(B97:M97) -> 3.4731189e+08 | CM97: =SUM(N97:U97) -> 1.889898e+08 | CN97: =SUM(V97:AI97) -> 3.3390594e+08 | CO97: =SUM(AJ97:BA97) -> 1.0094909e+09 | CP97: =SUM(BB97:BJ97) -> 4.4887435e+08 | CQ97: =SUM(BK97:BP97) -> 1.7016111e+08 | CR97: =SUM(BQ97:CK97) -> 1.094686e+09 | CS97: =SUM(B97:CK97) -> 3.59342e+09
A98: ลูกหนี้ ประกันสังคม | B98: 37607550 | C98: 1000000 | D98: 910000 | E98: 1184088.8 | F98: 300000 | G98: 2100000 | H98: 800000 | I98: 5552796 | J98: 931400 | K98: 1291780.9 | L98: 4200000 | M98: 320680.67 | N98: 15026745 | O98: 800000 | P98: 3420795.9 | Q98: 3556521.5 | R98: 1184840.3 | S98: 1943233.5 | T98: 1375973.7 | U98: 700000 | V98: 96000000 | W98: 1690000 | X98: 3000000 | Y98: 1156253 | Z98: 800000 | AA98: 1600000 | AB98: 800000 | AC98: 7000000 | AD98: 1000000 | AE98: 1809036.3 | AF98: 1870000 | AG98: 3500000 | AH98: 2033000 | AI98: 1800000 | AJ98: 185000000 | AK98: 2000000 | AL98: 1200000 | AM98: 2337092.8 | AN98: 7677674.1 | AO98: 900000 | AP98: 842705.26 | AQ98: 18654833 | AR98: 1591644 | AS98: 4500000 | AT98: 3500000 | AU98: 500000 | AV98: 1696087.8 | AW98: 2000000 | AX98: 296050.91 | AY98: 950000 | AZ98: 17743025 | BA98: 1000000 | BB98: 81500000 | BC98: 4000000 | BD98: 2023461.9 | BE98: 2120000 | BF98: 13000000 | BG98: 1960883 | BH98: 720000 | BI98: 1205590.2 | BJ98: 600000 | BK98: 26588039 | BL98: 2700000 | BM98: 3022942 | BN98: 2500000 | BO98: 650164.06 | BP98: 900000 | BQ98: 250000000 | BR98: 2995243.4 | BS98: 2343262.7 | BT98: 13000000 | BU98: 816000 | BV98: 1288540 | BW98: 6500000 | BX98: 802728.59 | BY98: 659642.88 | BZ98: 903000 | CA98: 1556428.6 | CB98: 8750000 | CC98: 2713634.7 | CD98: 5804473.6 | CE98: 900000 | CF98: 627170.26 | CG98: 721277.8 | CH98: 1131180 | CI98: 2499313.7 | CJ98: 742492.82 | CK98: 1031795.6 | CL98: =SUM(B98:M98) -> 56198296 | CM98: =SUM(N98:U98) -> 28008110 | CN98: =SUM(V98:AI98) -> 1.2405829e+08 | CO98: =SUM(AJ98:BA98) -> 2.5238911e+08 | CP98: =SUM(BB98:BJ98) -> 1.0712994e+08 | CQ98: =SUM(BK98:BP98) -> 36361145 | CR98: =SUM(BQ98:CK98) -> 3.0578618e+08 | CS98: =SUM(B98:CK98) -> 9.0993107e+08
A99: ลูกหนี้ แรงงานต่างด้าว | B99: 900000 | C99: 80000 | D99: 550000 | E99: 118964 | F99: 0 | G99: 130000 | H99: 5000 | I99: 357880 | J99: 36250 | K99: 10983.03 | L99: 320000 | M99: 3639.43 | N99: 376261 | O99: 76286 | P99: 40000 | Q99: 40648.38 | R99: 58864.36 | S99: 118691.5 | T99: 50000 | U99: 150000 | V99: 1600000 | W99: 23000 | X99: 200000 | Y99: 293823 | Z99: 0 | AA99: 65000 | AB99: 20000 | AC99: 300000 | AD99: 20000 | AE99: 23795.32 | AF99: 35000 | AG99: 158000 | AH99: 50000 | AI99: 11000 | AJ99: 300000 | AK99: 2500 | AL99: 5000 | AM99: 60812 | AN99: 29685.98 | AO99: 21744.88 | AP99: 8746 | AQ99: 78440.6 | AR99: 6464 | AS99: 51000 | AT99: 30000 | AU99: 13000 | AV99: 1054 | AW99: 13000 | AX99: 18266 | AY99: 10000 | AZ99: 354833.57 | BA99: 9540 | BB99: 500000 | BC99: 150000 | BD99: 169626.15 | BE99: 100000 | BF99: 150000 | BG99: 20000 | BH99: 1 | BI99: 1 | BJ99: 26000 | BK99: 316668.38 | BL99: 120000 | BM99: 28800 | BN99: 35000 | BO99: 44000 | BP99: 24557 | BQ99: 1800000 | BR99: 71910 | BS99: 0 | BT99: 75789 | BU99: 5000 | BV99: 23760 | BW99: 45000 | BX99: 1561 | BY99: 13140 | BZ99: 7500 | CA99: 60810 | CB99: 125000 | CC99: 12800 | CD99: 48651.82 | CE99: 0 | CF99: 2889.6 | CG99: 8400 | CH99: 2000 | CI99: 12900 | CJ99: 2750 | CK99: 5670 | CL99: =SUM(B99:M99) -> 2512716.5 | CM99: =SUM(N99:U99) -> 910751.24 | CN99: =SUM(V99:AI99) -> 2799618.3 | CO99: =SUM(AJ99:BA99) -> 1014087 | CP99: =SUM(BB99:BJ99) -> 1115628.1 | CQ99: =SUM(BK99:BP99) -> 569025.38 | CR99: =SUM(BQ99:CK99) -> 2325531.4 | CS99: =SUM(B99:CK99) -> 11247358
A100: ลูกหนี้ อื่น ๆ | B100: 91917386 | C100: 1800000 | D100: 2750000 | E100: 5437500 | F100: 913397.39 | G100: 2500000 | H100: 4000000 | I100: 9577542 | J100: 2934700 | K100: 2606728.9 | L100: 32050000 | M100: 599008.2 | N100: 50236914 | O100: 4318793.8 | P100: 3909940 | Q100: 9711441.8 | R100: 3887692.5 | S100: 8918069 | T100: 3857320.5 | U100: 2400000 | V100: 165000000 | W100: 2085000 | X100: 12500000 | Y100: 1008926 | Z100: 1000000 | AA100: 2820000 | AB100: 9000000 | AC100: 16500000 | AD100: 2705000 | AE100: 421233.12 | AF100: 3400000 | AG100: 13029302 | AH100: 3270000 | AI100: 5000000 | AJ100: 205000000 | AK100: 2300000 | AL100: 1000000 | AM100: 4110000 | AN100: 5387634.7 | AO100: 4000000 | AP100: 931486.5 | AQ100: 55824031 | AR100: 3646451 | AS100: 6000000 | AT100: 5800000 | AU100: 1430000 | AV100: 1987056.2 | AW100: 3000000 | AX100: 2570859.1 | AY100: 1970000 | AZ100: 56592957 | BA100: 2300000 | BB100: 187000000 | BC100: 7000000 | BD100: 4134853.8 | BE100: 3000000 | BF100: 103500000 | BG100: 30000 | BH100: 1820000 | BI100: 4943595.8 | BJ100: 2550000 | BK100: 57444058 | BL100: 6000000 | BM100: 2254753.6 | BN100: 1500000 | BO100: 2300000 | BP100: 2600000 | BQ100: 365000000 | BR100: 4036198.3 | BS100: 4543440.4 | BT100: 47480067 | BU100: 481000 | BV100: 2912183.1 | BW100: 24000000 | BX100: 497685 | BY100: 1846754.9 | BZ100: 2482403 | CA100: 3221329.2 | CB100: 23500000 | CC100: 5705247.2 | CD100: 10010426 | CE100: 1600000 | CF100: 1791224.6 | CG100: 1658684.3 | CH100: 1730878.4 | CI100: 22041228 | CJ100: 1393831 | CK100: 1779269.8 | CL100: =SUM(B100:M100) -> 1.5708626e+08 | CM100: =SUM(N100:U100) -> 87240172 | CN100: =SUM(V100:AI100) -> 2.3773946e+08 | CO100: =SUM(AJ100:BA100) -> 3.6385048e+08 | CP100: =SUM(BB100:BJ100) -> 3.1397845e+08 | CQ100: =SUM(BK100:BP100) -> 72098811 | CR100: =SUM(BQ100:CK100) -> 5.2771185e+08 | CS100: =SUM(B100:CK100) -> 1.7597055e+09
A102: 6. แผนการลงทุนเพิ่ม
A103: จัดซื้อ จัดหาด้วยเงินบำรุงของ รพ. ปี 2569 | B103: 700400 | C103: 0 | D103: 0 | E103: 0 | F103: 135400 | G103: 1 | H103: 325184.65 | I103: 0 | J103: 1151770 | K103: 0 | L103: 641750 | M103: 0 | N103: 3203875 | O103: 601600 | P103: 4500800 | Q103: 5080705 | R103: 879100 | S103: 5691882.8 | T103: 593230 | U103: 514600 | V103: 15383216 | W103: 5784871.7 | X103: 5338000 | Y103: 500000 | Z103: 1038000 | AA103: 888354.64 | AB103: 1657302.9 | AC103: 2400500 | AD103: 1100000 | AE103: 1049403.8 | AF103: 1672814 | AG103: 1611564.7 | AH103: 603369.72 | AI103: 2300000 | AJ103: 100000000 | AK103: 8904103.8 | AL103: 3455590.5 | AM103: 2900000 | AN103: 333058.81 | AO103: 17821.26 | AP103: 263270 | AQ103: 9047100 | AR103: 2769883 | AS103: 3258830 | AT103: 5337300 | AU103: 1215500 | AV103: 3260000 | AW103: 1708.38 | AX103: 6832765 | AY103: 568470 | AZ103: 41230101 | BA103: 7000000 | BB103: 46791300 | BC103: 13546514 | BD103: 408100 | BE103: 1999800 | BF103: 20413026 | BG103: 5443679.2 | BH103: 345000 | BI103: 4758600 | BJ103: 2297522.9 | BK103: 16328000 | BL103: 2400000 | BM103: 2753200 | BN103: 11916119 | BO103: 5000000 | BP103: 718800 | BQ103: 59797835 | BR103: 1441430 | BS103: 428000 | BT103: 4332622 | BU103: 1770365 | BV103: 1117000 | BW103: 7176033 | BX103: 631192.5 | BY103: 747800 | BZ103: 1182500 | CA103: 1032700 | CB103: 1254409 | CC103: 3733100 | CD103: 3412000 | CE103: 147500 | CF103: 0 | CG103: 189000 | CH103: 689000 | CI103: 7890000 | CJ103: 0 | CK103: 1303580 | CL103: =SUM(B103:M103) -> 2954505.6 | CM103: =SUM(N103:U103) -> 21065793 | CN103: =SUM(V103:AI103) -> 41327398 | CO103: =SUM(AJ103:BA103) -> 1.963955e+08 | CP103: =SUM(BB103:BJ103) -> 96003542 | CQ103: =SUM(BK103:BP103) -> 39116119 | CR103: =SUM(BQ103:CK103) -> 98276066 | CS103: =SUM(B103:CK103) -> 4.9513892e+08
A104: จัดซื้อ จัดหาด้วยงบค่าเสื่อม UC ของ รพ. ปี 2569 | B104: 13525000 | C104: 2150745.5 | D104: 1109100.6 | E104: 1082877.4 | F104: 0 | G104: 3446800 | H104: 5486315.3 | I104: 3041042 | J104: 2873960.8 | K104: 3496669.6 | L104: 6822491.3 | M104: 1251000 | N104: 9157311 | O104: 2445256.6 | P104: 3678000 | Q104: 5928066.2 | R104: 1919621.8 | S104: 3211422.2 | T104: 2862480.2 | U104: 2213778.3 | V104: 11292784 | W104: 3212578.3 | X104: 5110000 | Y104: 4400879.4 | Z104: 2111682 | AA104: 2437345.4 | AB104: 2627497.1 | AC104: 6414431.5 | AD104: 2740393.5 | AE104: 2906486.2 | AF104: 5195990 | AG104: 3234205.3 | AH104: 2267120.3 | AI104: 3296155.3 | AJ104: 23602999 | AK104: 8182338 | AL104: 3320948.9 | AM104: 4304418.7 | AN104: 5835941.2 | AO104: 2906678.7 | AP104: 3437694 | AQ104: 8526436.9 | AR104: 2868354.2 | AS104: 5499597.3 | AT104: 3508018.2 | AU104: 2831199.4 | AV104: 3791818.7 | AW104: 2802491.6 | AX104: 3786512.1 | AY104: 800000 | AZ104: 8038750 | BA104: 4524503.2 | BB104: 14797953 | BC104: 8644485.8 | BD104: 1278540.8 | BE104: 5661446.4 | BF104: 10567000 | BG104: 300000.13 | BH104: 1286191.5 | BI104: 4899329.5 | BJ104: 2700000 | BK104: 11702069 | BL104: 4508345.7 | BM104: 2172544.5 | BN104: 6430000 | BO104: 0 | BP104: 0 | BQ104: 47585582 | BR104: 3113015.3 | BS104: 0 | BT104: 9723127.3 | BU104: 74457.11 | BV104: 3530877 | BW104: 9825000 | BX104: 795000 | BY104: 2063639.6 | BZ104: 1956500 | CA104: 5244502.8 | CB104: 5196466 | CC104: 2305000 | CD104: 7683785.8 | CE104: 2426933.6 | CF104: 1742939.9 | CG104: 1444000 | CH104: 1423532.6 | CI104: 7745645.2 | CJ104: 1584246.2 | CK104: 1590057.1 | CL104: =SUM(B104:M104) -> 44286003 | CM104: =SUM(N104:U104) -> 31415936 | CN104: =SUM(V104:AI104) -> 57247548 | CO104: =SUM(AJ104:BA104) -> 98568700 | CP104: =SUM(BB104:BJ104) -> 50134947 | CQ104: =SUM(BK104:BP104) -> 24812959 | CR104: =SUM(BQ104:CK104) -> 1.1705431e+08 | CS104: =SUM(B104:CK104) -> 4.235204e+08
A105: จัดซื้อ จัดหาด้วยเงินงบประมาณ ของ รพ. ปี 2569 | B105: 12100000 | C105: 0 | D105: 0 | E105: 0 | F105: 0 | G105: 1 | H105: 0 | I105: 0 | J105: 75899874 | K105: 0 | L105: 0 | M105: 0 | N105: 2.0644083e+08 | O105: 0 | P105: 0 | Q105: 0 | R105: 0 | S105: 0 | T105: 0 | U105: 0 | V105: 11100000 | W105: 0 | X105: 0 | Y105: 0 | Z105: 0 | AA105: 0 | AB105: 0 | AC105: 0 | AD105: 0 | AE105: 0 | AF105: 0 | AG105: 0 | AH105: 0 | AI105: 0 | AJ105: 277981700 | AK105: 1438000 | AL105: 3487200 | AM105: 4332200 | AN105: 0 | AO105: 2499200 | AP105: 988000 | AQ105: 15350000 | AR105: 1976000 | AS105: 988000 | AT105: 1497000 | AU105: 3637000 | AV105: 980000 | AW105: 0 | AX105: 0 | AY105: 0 | AZ105: 11177800 | BA105: 4235700 | BB105: 48608500 | BC105: 43967500 | BD105: 0 | BE105: 8033400 | BF105: 122074259 | BG105: 772000 | BH105: 1 | BI105: 1 | BJ105: 0 | BK105: 27897600 | BL105: 0 | BM105: 9370000 | BN105: 0 | BO105: 0 | BP105: 0 | BQ105: 70274000 | BR105: 9550000 | BS105: 0 | BT105: 1199000 | BU105: 0 | BV105: 0 | BW105: 0 | BX105: 11135690 | BY105: 0 | BZ105: 0 | CA105: 0 | CB105: 0 | CC105: 0 | CD105: 0 | CE105: 0 | CF105: 0 | CG105: 0 | CH105: 0 | CI105: 0 | CJ105: 0 | CK105: 0 | CL105: =SUM(B105:M105) -> 87999875 | CM105: =SUM(N105:U105) -> 2.0644083e+08 | CN105: =SUM(V105:AI105) -> 11100000 | CO105: =SUM(AJ105:BA105) -> 330567800 | CP105: =SUM(BB105:BJ105) -> 223455661 | CQ105: =SUM(BK105:BP105) -> 37267600 | CR105: =SUM(BQ105:CK105) -> 92158690 | CS105: =SUM(B105:CK105) -> 9.8899046e+08
A106: จัดซื้อ จัดหาด้วยเงินบริจาค ของ รพ. ปี งปม. 2564 - ปัจจุบัน | B106: 1095690 | C106: 0 | D106: 0 | E106: 0 | F106: 0 | G106: 387000 | H106: 0 | I106: 0 | J106: 0 | K106: 0 | L106: 609635.95 | M106: 0 | N106: 6702600 | O106: 356000 | P106: 822000 | Q106: 0 | R106: 0 | S106: 2974627.5 | T106: 2180980 | U106: 250000 | V106: 4425000 | W106: 0 | X106: 0 | Y106: 0 | Z106: 100000 | AA106: 774000 | AB106: 0 | AC106: 499000 | AD106: 0 | AE106: 583480 | AF106: 100000 | AG106: 146000 | AH106: 750000 | AI106: 2687000 | AJ106: 5000000 | AK106: 6500000 | AL106: 0 | AM106: 1000000 | AN106: 0 | AO106: 562000 | AP106: 0 | AQ106: 0 | AR106: 0 | AS106: 2000000 | AT106: 0 | AU106: 0 | AV106: 0 | AW106: 0 | AX106: 0 | AY106: 0 | AZ106: 0 | BA106: 285000 | BB106: 15000000 | BC106: 5500000 | BD106: 94500 | BE106: 500000 | BF106: 2463300 | BG106: 0 | BH106: 500000 | BI106: 1 | BJ106: 788000 | BK106: 1500000 | BL106: 0 | BM106: 0 | BN106: 0 | BO106: 0 | BP106: 0 | BQ106: 0 | BR106: 0 | BS106: 0 | BT106: 9545900 | BU106: 0 | BV106: 0 | BW106: 0 | BX106: 282000 | BY106: 0 | BZ106: 500000 | CA106: 0 | CB106: 867000 | CC106: 0 | CD106: 0 | CE106: 0 | CF106: 0 | CG106: 0 | CH106: 0 | CI106: 0 | CJ106: 705000 | CK106: 0 | CL106: =SUM(B106:M106) -> 2092325.9 | CM106: =SUM(N106:U106) -> 13286208 | CN106: =SUM(V106:AI106) -> 10064480 | CO106: =SUM(AJ106:BA106) -> 15347000 | CP106: =SUM(BB106:BJ106) -> 24845801 | CQ106: =SUM(BK106:BP106) -> 1500000 | CR106: =SUM(BQ106:CK106) -> 11899900 | CS106: =SUM(B106:CK106) -> 79035714
A107: จัดซื้อ จัดหาด้วยเงินบริจาค ของ รพ. ก่อน 1 ต.ค. 63 | B107: 0 | C107: 0 | D107: 0 | E107: 1670000 | F107: 0 | G107: 1 | H107: 0 | I107: 0 | J107: 0 | K107: 0 | L107: 0 | M107: 0 | N107: 0 | O107: 0 | P107: 0 | Q107: 0 | R107: 0 | S107: 0 | T107: 0 | U107: 0 | V107: 0 | W107: 0 | X107: 0 | Y107: 0 | Z107: 0 | AA107: 0 | AB107: 0 | AC107: 0 | AD107: 0 | AE107: 0 | AF107: 0 | AG107: 0 | AH107: 0 | AI107: 0 | AJ107: 0 | AK107: 0 | AL107: 0 | AM107: 0 | AN107: 0 | AO107: 0 | AP107: 0 | AQ107: 0 | AR107: 0 | AS107: 0 | AT107: 0 | AU107: 0 | AV107: 0 | AW107: 0 | AX107: 0 | AY107: 0 | AZ107: 0 | BA107: 0 | BB107: 0 | BC107: 0 | BD107: 0 | BE107: 0 | BF107: 1 | BG107: 0 | BH107: 1 | BI107: 1 | BJ107: 0 | BK107: 0 | BL107: 0 | BM107: 0 | BN107: 0 | BO107: 0 | BP107: 0 | BQ107: 0 | BR107: 0 | BS107: 0 | BT107: 0 | BU107: 0 | BV107: 0 | BW107: 0 | BX107: 0 | BY107: 0 | BZ107: 0 | CA107: 0 | CB107: 0 | CC107: 0 | CD107: 0 | CE107: 0 | CF107: 0 | CG107: 0 | CH107: 0 | CI107: 0 | CJ107: 0 | CK107: 0 | CL107: =SUM(B107:M107) -> 1670001 | CM107: =SUM(N107:U107) -> 0 | CN107: =SUM(V107:AI107) -> 0 | CO107: =SUM(AJ107:BA107) -> 0 | CP107: =SUM(BB107:BJ107) -> 3 | CQ107: =SUM(BK107:BP107) -> 0 | CR107: =SUM(BQ107:CK107) -> 0 | CS107: =SUM(B107:CK107) -> 1670004
A108: รวม | B108: =SUM(B103:B107) -> 27421090 | C108: =SUM(C103:C107) -> 2150745.5 | D108: =SUM(D103:D107) -> 1109100.6 | E108: =SUM(E103:E107) -> 2752877.5 | F108: =SUM(F103:F107) -> 135400 | G108: =SUM(G103:G107) -> 3833803 | H108: =SUM(H103:H107) -> 5811500 | I108: =SUM(I103:I107) -> 3041042 | ... CS108: =SUM(CS103:CS107) -> 1.9883555e+09
A110: 7. แผนสนับสนุน รพ.สต.
A111: Fixed Cost ตามประกาศ (ว 5313) | B111: 8353000 | C111: 2280000 | D111: 5100000 | E111: 2370000 | F111: 1660000 | G111: 2580000 | H111: 6120000 | I111: 5280000 | J111: 3138000 | K111: 3894000 | L111: 5346000 | M111: 1336000 | N111: 5445000 | O111: 2904000 | P111: 3300000 | Q111: 1100000 | R111: 3551200 | S111: 1485000 | T111: 1620000 | U111: 1056000 | V111: 6500000 | W111: 4616930 | X111: 4005400 | Y111: 10256729 | Z111: 4795870.9 | AA111: 1265312 | AB111: 3200000 | AC111: 5612220 | AD111: 1700000 | AE111: 2918180 | AF111: 2095760 | AG111: 8446172 | AH111: 2366700 | AI111: 1731108 | AJ111: 16239370 | AK111: 3330500 | AL111: 2413000 | AM111: 7677849 | AN111: 2573250 | AO111: 3774750 | AP111: 977375 | AQ111: 16821707 | AR111: 2458875 | AS111: 5572375 | AT111: 5177375 | AU111: 2327000 | AV111: 1901500 | AW111: 2242625 | AX111: 3129625 | AY111: 2998500 | AZ111: 11207727 | BA111: 3726888 | BB111: 9820000 | BC111: 0 | BD111: 2136000 | BE111: 2283600 | BF111: 4073088 | BG111: 1546728 | BH111: 1830000 | BI111: 2568168 | BJ111: 2240412 | BK111: 0 | BL111: 0 | BM111: 0 | BN111: 0 | BO111: 0 | BP111: 0 | BQ111: 10758000 | BR111: 4473897 | BS111: 7562586.8 | BT111: 9534310 | BU111: 388800 | BV111: 2403660 | BW111: 3776400 | BX111: 2872379.1 | BY111: 3208008 | BZ111: 4665600 | CA111: 5761080 | CB111: 7062000 | CC111: 6464350.2 | CD111: 4960032 | CE111: 1749000 | CF111: 2813236.8 | CG111: 3400560 | CH111: 1452000 | CI111: 6225800 | CJ111: 1738920 | CK111: 2734200 | CL111: =SUM(B111:M111) -> 47457000 | CM111: =SUM(N111:U111) -> 20461200 | CN111: =SUM(V111:AI111) -> 59510382 | CO111: =SUM(AJ111:BA111) -> 94550291 | CP111: =SUM(BB111:BJ111) -> 26497996 | CQ111: =SUM(BK111:BP111) -> 0 | CR111: =SUM(BQ111:CK111) -> 94004820 | CS111: =SUM(B111:CK111) -> 3.4248169e+08
A112: รายการอื่น | B112: 7049157.4 | C112: 2127230 | D112: 0 | E112: 300000 | F112: 1008800 | G112: 1820000 | H112: 380000 | I112: 320000 | J112: 646320 | K112: 2298120 | L112: 320000 | M112: 173064 | N112: 6425040 | O112: 3849936 | P112: 11147211 | Q112: 4702192.5 | R112: 4904504.1 | S112: 3007752.9 | T112: 1692432 | U112: 1481800 | V112: 3400000 | W112: 894480 | X112: 3513531.1 | Y112: 0 | Z112: 250000 | AA112: 120000 | AB112: 0 | AC112: 3154784 | AD112: 0 | AE112: 540642.86 | AF112: 2500500 | AG112: 0 | AH112: 1891440 | AI112: 3647953.1 | AJ112: 50619.22 | AK112: 0 | AL112: 308446.78 | AM112: 0 | AN112: 4919311.6 | AO112: 0 | AP112: 119263.16 | AQ112: 1040000 | AR112: 0 | AS112: 1028633.9 | AT112: 473402.9 | AU112: 0 | AV112: 84655.76 | AW112: 0 | AX112: 0 | AY112: 224403.83 | AZ112: 2226791.7 | BA112: 0 | BB112: 9100000 | BC112: 3000000 | BD112: 707040 | BE112: 2969178.8 | BF112: 1223599 | BG112: 2720000 | BH112: 1 | BI112: 1 | BJ112: 24260 | BK112: 0 | BL112: 0 | BM112: 0 | BN112: 0 | BO112: 36594.8 | BP112: 0 | BQ112: 25426139 | BR112: 8978285.3 | BS112: 0 | BT112: 8387662 | BU112: 701410.4 | BV112: 2321893.3 | BW112: 2728560 | BX112: 2210284.1 | BY112: 3007597.7 | BZ112: 1575350 | CA112: 2372500 | CB112: 3159745 | CC112: 2200500 | CD112: 8770980 | CE112: 3326496 | CF112: 422448 | CG112: 1332500 | CH112: 1232340 | CI112: 2387174.4 | CJ112: 2393791 | CK112: 381240 | CL112: =SUM(B112:M112) -> 16442691 | CM112: =SUM(N112:U112) -> 37210868 | CN112: =SUM(V112:AI112) -> 19913331 | CO112: =SUM(AJ112:BA112) -> 10475529 | CP112: =SUM(BB112:BJ112) -> 19744080 | CQ112: =SUM(BK112:BP112) -> 36594.8 | CR112: =SUM(BQ112:CK112) -> 83316896 | CS112: =SUM(B112:CK112) -> 1.8713999e+08
A113: ยา | B113: 3600000 | C113: 1618126.4 | D113: 1075000 | E113: 500000 | F113: 571000 | G113: 560000 | H113: 2230000 | I113: 2819500 | J113: 2117600 | K113: 1272221.6 | L113: 4038073.4 | M113: 330381.26 | N113: 3821256.1 | O113: 2183097.9 | P113: 1400000 | Q113: 3304969.5 | R113: 1467030 | S113: 456150.03 | T113: 1234039.6 | U113: 300000 | V113: 8000000 | W113: 475000 | X113: 1897148.5 | Y113: 986813 | Z113: 629718.68 | AA113: 482151.85 | AB113: 600000 | AC113: 2613158.6 | AD113: 606000 | AE113: 742727.27 | AF113: 985000 | AG113: 3159173 | AH113: 536700 | AI113: 467324.89 | AJ113: 7155731.5 | AK113: 792266.24 | AL113: 517000 | AM113: 2283009.2 | AN113: 2152825.1 | AO113: 1160661.1 | AP113: 267959.07 | AQ113: 5300841.5 | AR113: 844597.78 | AS113: 1897506.3 | AT113: 2000000 | AU113: 760000 | AV113: 211733.78 | AW113: 1162444 | AX113: 1235833.1 | AY113: 1360050.8 | AZ113: 5330581.9 | BA113: 1756701.9 | BB113: 2500000 | BC113: 6274599.1 | BD113: 612119.77 | BE113: 746503.52 | BF113: 2501604.6 | BG113: 400000 | BH113: 250000 | BI113: 1879770.9 | BJ113: 1088700 | BK113: 5128029.8 | BL113: 2502639.2 | BM113: 3604845.9 | BN113: 1910578.1 | BO113: 2567708.9 | BP113: 832410 | BQ113: 15637620 | BR113: 2673480 | BS113: 1427738.3 | BT113: 8075399.6 | BU113: 0 | BV113: 505063.05 | BW113: 2758210.4 | BX113: 643146.84 | BY113: 1291151.6 | BZ113: 1294421 | CA113: 2670584 | CB113: 6374060 | CC113: 2432180 | CD113: 4548060 | CE113: 968040 | CF113: 591130.24 | CG113: 1230000 | CH113: 387000 | CI113: 4895160 | CJ113: 891008.22 | CK113: 627747.01 | CL113: =SUM(B113:M113) -> 20731903 | CM113: =SUM(N113:U113) -> 14166543 | CN113: =SUM(V113:AI113) -> 22180916 | CO113: =SUM(AJ113:BA113) -> 36189743 | CP113: =SUM(BB113:BJ113) -> 16253298 | CQ113: =SUM(BK113:BP113) -> 16546212 | CR113: =SUM(BQ113:CK113) -> 59921200 | CS113: =SUM(B113:CK113) -> 1.8598981e+08
A114: วัสดุเภสัชกรรม | B114: 25000 | C114: 0 | D114: 87000 | E114: 0 | F114: 1000 | G114: 160000 | H114: 19000 | I114: 283000 | J114: 17100 | K114: 17786 | L114: 0 | M114: 9800 | N114: 51865 | O114: 57570 | P114: 0 | Q114: 0 | R114: 2550 | S114: 0 | T114: 0 | U114: 9000 | V114: 300000 | W114: 27065 | X114: 63340 | Y114: 37260 | Z114: 23362.69 | AA114: 12700 | AB114: 0 | AC114: 95228.95 | AD114: 0 | AE114: 30508.5 | AF114: 25700 | AG114: 0 | AH114: 1 | AI114: 13095 | AJ114: 16137 | AK114: 0 | AL114: 54500 | AM114: 81006 | AN114: 118867 | AO114: 21600 | AP114: 4600 | AQ114: 227937.82 | AR114: 0 | AS114: 78227.5 | AT114: 120000 | AU114: 40000 | AV114: 5755 | AW114: 0 | AX114: 43880.4 | AY114: 32249.6 | AZ114: 51032.22 | BA114: 51145 | BB114: 500000 | BC114: 111945 | BD114: 26658.05 | BE114: 15000 | BF114: 1 | BG114: 1 | BH114: 50000 | BI114: 65631 | BJ114: 0 | BK114: 11100.18 | BL114: 93104.5 | BM114: 78666.01 | BN114: 109253 | BO114: 73416.05 | BP114: 19795 | BQ114: 0 | BR114: 63828.5 | BS114: 87750 | BT114: 312 | BU114: 0 | BV114: 26486 | BW114: 0 | BX114: 0 | BY114: 0 | BZ114: 0 | CA114: 0 | CB114: 268801.5 | CC114: 90000 | CD114: 0 | CE114: 0 | CF114: 0 | CG114: 17310 | CH114: 6800 | CI114: 329360 | CJ114: 22765 | CK114: 0 | CL114: =SUM(B114:M114) -> 619686 | CM114: =SUM(N114:U114) -> 120985 | CN114: =SUM(V114:AI114) -> 628261.14 | CO114: =SUM(AJ114:BA114) -> 946937.54 | CP114: =SUM(BB114:BJ114) -> 769236.05 | CQ114: =SUM(BK114:BP114) -> 385334.74 | CR114: =SUM(BQ114:CK114) -> 913413 | CS114: =SUM(B114:CK114) -> 4383853.5
...

Sheet 2.วิเคราะห์แผน 8 แบบ
A1: การจัดทำแผนทางการเงิน Planfin ปีงบประมาณ 2569 เขตสุขภาพที่ 8 (ราย รพ.) | U1: สถานการณ์การเงินการคลังโรงพยาบาล ณ 30 เมษายน 2569
A2: จังหวัด | B2: รหัส | C2: หน่วยบริการ | D2: รวมรายได้ (ไม่รวมรายได้อื่น(ระบบบัญชีอัตโนมัติ) และรายได้งบลงทุน) | E2: รวมค่าใช้จ่าย (ไม่รวมค่าเสื่อมราคาและค่าตัดจำหน่ายและค่าใช้จ่ายอื่น (ระบบบัญชีบันทึกอัตโนมัติ) | F2: [3] EBITDA | G2: สรุปแผนประมาณการ | H2: วงเงินที่ลงทุนได้ 20%ของ EBITDA | I2: จัดซื้อ/จัดหาด้วยเงินบำรุงของ รพ. (เงินบำรุง + เงินบริจาค) | J2: วงเงินงบลงทุน (เงินบำรุง) เปรียบเทียบกับ EBITDA >20% | K2: การวิเคราะห์การลงทุน (เงินบำรุง) เปรียบเทียบกับ EBITDA >20% | L2: NWC ณ 30 กันยายน 2568 | M2: เงินบำรุงคงเหลือสุทธิ (หักหนี้สินและภาระผูกพัน) ณ 30 กันยายน 2568 | N2: รายจ่ายเฉลี่ยต่อเดือน | O2: NWC ต่อ รายจ่ายเฉลี่ยต่อเดือน | P2: Risk จาก EBITDA | Q2: Risk จาก Investment >20% EBITDA | R2: Risk จาก อัตราส่วนทุนสำรองสุทธิ (NWC) ต่อ รายจ่ายเฉลี่ยต่อเดือน | S2: เปรียบเทียบแบบ PlanFin | U2: เงินบำรุงคงเหลือสุทธิ | V2: CR | W2: QR | X2: Cash | Y2: NWC | Z2: EBITDA | AA2: NI | AB2: RiskScoring | AC2: EBITDA (หักลูกหนี้ปี 2567 ลงไป) | AD2: NI (หักลูกหนี้ปี 2567 ลงไป) | AE2: RiskScoring (หักลูกหนี้ปี 2567 ลงไป)
D3: [1] | E3: [2] | F3: [3] = [1] -[2] | G3: [4] | H3: [5] = [3] x 20% | I3: [6] | J3: [7] = [5] - [6] | K3: [8] | L3: [9] | M3: [10] | N3: [11]=[2]/12 | O3: [12] =[9]/[11] | S3: ต้นปี | T3: ครึ่งปีหลัง | U3: >0 | V3: >1.5 | W3: >1.0 | X3: >0.8 | Y3: >0 | Z3: >0 | AA3: >0 | AC3: >0 | AD3: >0
A4: นครพนม | B4: 10711 | C4: นครพนม,รพท. | D4: 1.1295745e+09 | E4: 1.0523748e+09 | F4: =+D4-E4 -> 77199684 | G4: เกินดุล | H4: =+F4*20/100 -> 15439937 | I4: 1796090 | J4: =+H4-I4 -> 13643847 | K4: ไม่เกิน | L4: 1.7690574e+08 | M4: -1.0036325e+08 | N4: =+E4/12 -> 87697899 | O4: =+L4/N4 -> 2.0172175 | P4: Normal | Q4: Normal | R4: Normal | S4: 1 | T4: 1 | U4: -73521549 | V4: 1.96 | W4: 1.76 | X4: 0.69 | Y4: 2.3031488e+08 | Z4: 60610400 | AA4: 30294249 | AB4: 1 | AC4: 21591416 | AD4: -8724734.6 | AE4: 2
A5: นครพนม | B5: 11104 | C5: ปลาปาก,รพช. | D5: 1.2267766e+08 | E5: 1.2263484e+08 | F5: =+D5-E5 -> 42817.83 | G5: เกินดุล | H5: =+F5*20/100 -> 8563.566 | I5: 0 | J5: =+H5-I5 -> 8563.566 | K5: ไม่เกิน | L5: 11382627 | M5: -7520294.4 | N5: =+E5/12 -> 10219570 | O5: =+L5/N5 -> 1.1138068 | P5: Normal | Q5: Normal | R5: Normal | S5: 1 | T5: 1 | U5: 6513240.4 | V5: 2.33 | W5: 2.13 | X5: 1.37 | Y5: 23329329 | Z5: 14914071 | AA5: 11565452 | AB5: 0 | AC5: -1169599.4 | AD5: -4518217.9 | AE5: 1
A6: นครพนม | B6: 11105 | C6: ท่าอุเทน,รพช. | D6: 126257640 | E6: 1.2417208e+08 | F6: =+D6-E6 -> 2085559.8 | G6: เกินดุล | H6: =+F6*20/100 -> 417111.96 | I6: 0 | J6: =+H6-I6 -> 417111.96 | K6: ไม่เกิน | L6: 7650349.6 | M6: -7273599.9 | N6: =+E6/12 -> 10347673 | O6: =+L6/N6 -> 0.73933041 | P6: Normal | Q6: Normal | R6: Risk | S6: 1 | T6: 2 | U6: -7730613.9 | V6: 1.45 | W6: 1.28 | X6: 0.72 | Y6: 12404693 | Z6: 5826974 | AA6: 4191731.7 | AB6: 2 | AC6: -5970954.1 | AD6: -7606196.4 | AE6: 6
A7: นครพนม | B7: 11106 | C7: บ้านแพง,รพช. | D7: 1.1976181e+08 | E7: 1.1960048e+08 | F7: =+D7-E7 -> 161335.05 | G7: เกินดุล | H7: =+F7*20/100 -> 32267.01 | I7: 0 | J7: =+H7-I7 -> 32267.01 | K7: ไม่เกิน | L7: 2827814.7 | M7: -11662242 | N7: =+E7/12 -> 9966706.4 | O7: =+L7/N7 -> 0.28372609 | P7: Normal | Q7: Normal | R7: Risk | S7: 1 | T7: 2 | U7: -816674.19 | V7: 1.91 | W7: 1.69 | X7: 0.96 | Y7: 18354936 | Z7: 14357364 | AA7: 8833752.4 | AB7: 0 | AC7: 1419943.5 | AD7: -4103667.8 | AE7: 2
A8: นครพนม | B8: 11107 | C8: นาทม,รพช. | D8: 85261328 | E8: 84262427 | F8: =+D8-E8 -> 998901.43 | G8: เกินดุล | H8: =+F8*20/100 -> 199780.29 | I8: 135400 | J8: =+H8-I8 -> 64380.286 | K8: ไม่เกิน | L8: 3572898.7 | M8: -4876267.7 | N8: =+E8/12 -> 7021868.9 | O8: =+L8/N8 -> 0.50882447 | P8: Normal | Q8: Normal | R8: Risk | S8: 1 | T8: 2 | U8: 3489018.4 | V8: 2.55 | W8: 2.28 | X8: 1.36 | Y8: 14843148 | Z8: 11722122 | AA8: 9496212.1 | AB8: 0 | AC8: 2703727 | AD8: 477817.06 | AE8: 2
A9: นครพนม | B9: 11108 | C9: เรณูนคร,รพช. | D9: 1.6387701e+08 | E9: 138800400 | F9: =+D9-E9 -> 25076607 | G9: เกินดุล | H9: =+F9*20/100 -> 5015321.3 | I9: 387001 | J9: =+H9-I9 -> 4628320.3 | K9: ไม่เกิน | L9: -3918323.6 | M9: -22012799 | N9: =+E9/12 -> 11566700 | O9: =+L9/N9 -> -0.33875899 | P9: Normal | Q9: Normal | R9: Risk | S9: 2 | T9: 2 | U9: -8032614.1 | V9: 1.55 | W9: 1.29 | X9: 0.65 | Y9: 12661831 | Z9: 16195495 | AA9: 16259342 | AB9: 1 | AC9: 7945872.8 | AD9: 8009720 | AE9: 3
A10: นครพนม | B10: 11109 | C10: นาแก,รพช. | D10: 1.7719465e+08 | E10: 1.7017089e+08 | F10: =+D10-E10 -> 7023759.6 | G10: เกินดุล | H10: =+F10*20/100 -> 1404751.9 | I10: 325184.65 | J10: =+H10-I10 -> 1079567.3 | K10: ไม่เกิน | L10: 998735.15 | M10: -25731888 | N10: =+E10/12 -> 14180908 | O10: =+L10/N10 -> 0.070428153 | P10: Normal | Q10: Normal | R10: Risk | S10: 2 | T10: 2 | U10: -17472735 | V10: 1.23 | W10: 1 | X10: 0.61 | Y10: 10181200 | Z10: 9235005.2 | AA10: 10231749 | AB10: 2 | AC10: -9048682.3 | AD10: -8051938.2 | AE10: 7
A11: นครพนม | B11: 11110 | C11: ศรีสงคราม,รพช. | D11: 2.5684364e+08 | E11: 2.5151716e+08 | F11: =+D11-E11 -> 5326473 | G11: เกินดุล | H11: =+F11*20/100 -> 1065294.6 | I11: 0 | J11: =+H11-I11 -> 1065294.6 | K11: ไม่เกิน | L11: -2268769 | M11: -41045429 | N11: =+E11/12 -> 20959764 | O11: =+L11/N11 -> -0.10824402 | P11: Normal | Q11: Normal | R11: Risk | S11: 2 | T11: 2 | U11: -39151891 | V11: 1.06 | W11: 0.86 | X11: 0.38 | Y11: 3694222.1 | Z11: 11016390 | AA11: 5917907 | AB11: 3 | AC11: -5325589.5 | AD11: -10424072 | AE11: 7
A12: นครพนม | B12: 11111 | C12: นาหว้า,รพช. | D12: 137133500 | E12: 131362000 | F12: =+D12-E12 -> 5771500 | G12: เกินดุล | H12: =+F12*20/100 -> 1154300 | I12: 1151770 | J12: =+H12-I12 -> 2530 | K12: ไม่เกิน | L12: -6041788.7 | M12: -18705788 | N12: =+E12/12 -> 10946833 | O12: =+L12/N12 -> -0.55192114 | P12: Normal | Q12: Normal | R12: Risk | S12: 2 | T12: 2 | U12: -14718101 | V12: 1.04 | W12: 0.84 | X12: 0.42 | Y12: 892893.19 | Z12: 9496500.5 | AA12: 6315550 | AB12: 3 | AC12: -3186426.5 | AD12: -6367377 | AE12: 7
A13: นครพนม | B13: 11112 | C13: โพนสวรรค์,รพช. | D13: 162046200 | E13: 148316000 | F13: =+D13-E13 -> 13730200 | G13: เกินดุล | H13: =+F13*20/100 -> 2746040 | I13: 0 | J13: =+H13-I13 -> 2746040 | K13: ไม่เกิน | L13: -13262385 | M13: -26906294 | N13: =+E13/12 -> 12359667 | O13: =+L13/N13 -> -1.0730374 | P13: Normal | Q13: Normal | R13: Risk | S13: 2 | T13: 2 | U13: -24614033 | V13: 1 | W13: 0.8 | X13: 0.38 | Y13: -85962.53 | Z13: 14073135 | AA13: 10126973 | AB13: 4 | AC13: -5467695.9 | AD13: -9413857.8 | AE13: 7
A14: นครพนม | B14: 11451 | C14: รพร.ธาตุพนม | D14: 4.0102351e+08 | E14: 3.4806393e+08 | F14: =+D14-E14 -> 52959585 | G14: เกินดุล | H14: =+F14*20/100 -> 10591917 | I14: 1251385.9 | J14: =+H14-I14 -> 9340531.1 | K14: ไม่เกิน | L14: -23282208 | M14: -78081177 | N14: =+E14/12 -> 29005327 | O14: =+L14/N14 -> -0.8026873 | P14: Normal | Q14: Normal | R14: Risk | S14: 2 | T14: 2 | U14: -58222482 | V14: 1.09 | W14: 0.92 | X14: 0.44 | Y14: 9041146.9 | Z14: 52228384 | AA14: 34882523 | AB14: 3 | AC14: 30588293 | AD14: 13242432 | AE14: 4
A15: นครพนม | B15: 40840 | C15: วังยาง,รพช. | D15: 57508936 | E15: 54761344 | F15: =+D15-E15 -> 2747591.9 | G15: เกินดุล | H15: =+F15*20/100 -> 549518.39 | I15: 0 | J15: =+H15-I15 -> 549518.39 | K15: ไม่เกิน | L15: -5398671.6 | M15: -9649330 | N15: =+E15/12 -> 4563445.4 | O15: =+L15/N15 -> -1.1830254 | P15: Normal | Q15: Normal | R15: Risk | S15: 2 | T15: 2 | U15: -9300414.7 | V15: 0.83 | W15: 0.71 | X15: 0.44 | Y15: -2849838.2 | Z15: 1870822.6 | AA15: -960342.95 | AB15: 7 | AC15: -2470620.5 | AD15: -5301786 | AE15: 7
A16: บึงกาฬ | B16: 11040 | C16: บึงกาฬ,รพท. | D16: 8.4390051e+08 | E16: 7.6449519e+08 | F16: =+D16-E16 -> 79405321 | G16: เกินดุล | H16: =+F16*20/100 -> 15881064 | I16: 9906475 | J16: =+H16-I16 -> 5974589.3 | K16: ไม่เกิน | L16: 18151518 | M16: -91139802 | N16: =+E16/12 -> 63707933 | O16: =+L16/N16 -> 0.28491771 | P16: Normal | Q16: Normal | R16: Risk | S16: 1 | T16: 2 | U16: -64576738 | V16: 1.35 | W16: 1.19 | X16: 0.65 | Y16: 79465149 | Z16: 41523939 | AA16: 2.226373e+08 | AB16: 2 | AC16: 27276404 | AD16: 2.0838976e+08 | AE16: 2
A17: บึงกาฬ | B17: 11041 | C17: พรเจริญ,รพช. | D17: 1.4204535e+08 | E17: 1.3722409e+08 | F17: =+D17-E17 -> 4821258.5 | G17: เกินดุล | H17: =+F17*20/100 -> 964251.7 | I17: 957600 | J17: =+H17-I17 -> 6651.696 | K17: ไม่เกิน | L17: 12677798 | M17: -333024.57 | N17: =+E17/12 -> 11435341 | O17: =+L17/N17 -> 1.1086506 | P17: Normal | Q17: Normal | R17: Normal | S17: 3 | T17: 1 | U17: 1496757.3 | V17: 1.6 | W17: 1.44 | X17: 1.05 | Y17: 18167856 | Z17: 5922774.2 | AA17: 6502268.2 | AB17: 0 | AC17: -7654481.1 | AD17: -7074987.1 | AE17: 3
A18: บึงกาฬ | B18: 11043 | C18: โซ่พิสัย,รพช. | D18: 2.1562948e+08 | E18: 1.8885699e+08 | F18: =+D18-E18 -> 26772495 | G18: เกินดุล | H18: =+F18*20/100 -> 5354499 | I18: 5322800 | J18: =+H18-I18 -> 31698.98 | K18: ไม่เกิน | L18: -8898601.2 | M18: -33492648 | N18: =+E18/12 -> 15738082 | O18: =+L18/N18 -> -0.56541839 | P18: Normal | Q18: Normal | R18: Risk | S18: 2 | T18: 2 | U18: -1354343.6 | V18: 1.54 | W18: 1.41 | X18: 0.97 | Y18: 23615695 | Z18: 39022656 | AA18: 35520790 | AB18: 0 | AC18: 19047492 | AD18: 15545626 | AE18: 2
A19: บึงกาฬ | B19: 11046 | C19: เซกา,รพช. | D19: 2.7874672e+08 | E19: 2.5327526e+08 | F19: =+D19-E19 -> 25471461 | G19: เกินดุล | H19: =+F19*20/100 -> 5094292.2 | I19: 5080705 | J19: =+H19-I19 -> 13587.166 | K19: ไม่เกิน | L19: 8764891.5 | M19: -41538599 | N19: =+E19/12 -> 21106272 | O19: =+L19/N19 -> 0.41527427 | P19: Normal | Q19: Normal | R19: Risk | S19: 1 | T19: 2 | U19: -39581838 | V19: 1.44 | W19: 1.3 | X19: 0.41 | Y19: 29880698 | Z19: 25631814 | AA19: 13466019 | AB19: 2 | AC19: 9861280.2 | AD19: -2304514.3 | AE19: 3
A20: บึงกาฬ | B20: 11047 | C20: ปากคาด,รพช. | D20: 1.3537112e+08 | E20: 1.2988976e+08 | F20: =+D20-E20 -> 5481357.7 | G20: เกินดุล | H20: =+F20*20/100 -> 1096271.5 | I20: 879100 | J20: =+H20-I20 -> 217171.54 | K20: ไม่เกิน | L20: 12742303 | M20: -5186895.5 | N20: =+E20/12 -> 10824147 | O20: =+L20/N20 -> 1.1772108 | P20: Normal | Q20: Normal | R20: Normal | S20: 1 | T20: 1 | U20: 1078510.5 | V20: 2.04 | W20: 1.83 | X20: 1.05 | Y20: 22041550 | Z20: 10720173 | AA20: 9234065.9 | AB20: 0 | AC20: -1756732.4 | AD20: -3242839 | AE20: 2
A21: บึงกาฬ | B21: 11048 | C21: บึงโขงหลง,รพช. | D21: 1.5878474e+08 | E21: 1.232081e+08 | F21: =+D21-E21 -> 35576647 | G21: เกินดุล | H21: =+F21*20/100 -> 7115329.3 | I21: 8666510.3 | J21: =+H21-I21 -> -1551180.9 | K21: เกิน | L21: 13063445 | M21: -4301764.4 | N21: =+E21/12 -> 10267341 | O21: =+L21/N21 -> 1.2723299 | P21: Normal | Q21: Risk | R21: Normal | S21: 3 | T21: 3 | U21: 2375095.8 | V21: 1.79 | W21: 1.5 | X21: 1.1 | Y21: 19141584 | Z21: 13368880 | AA21: 12910670 | AB21: 0 | AC21: 1713301.6 | AD21: 1255091.6 | AE21: 2
A22: บึงกาฬ | B22: 11049 | C22: ศรีวิไล,รพช. | D22: 1.24214e+08 | E22: 1.1721732e+08 | F22: =+D22-E22 -> 6996677.9 | G22: เกินดุล | H22: =+F22*20/100 -> 1399335.6 | I22: 2774210 | J22: =+H22-I22 -> -1374874.4 | K22: เกิน | L22: 3428084.1 | M22: -8970438.3 | N22: =+E22/12 -> 9768109.8 | O22: =+L22/N22 -> 0.35094652 | P22: Normal | Q22: Risk | R22: Risk | S22: 1 | T22: 4 | U22: -5597074.2 | V22: 1.39 | W22: 1.26 | X22: 0.8 | Y22: 11184129 | Z22: 6343125.5 | AA22: 6272798.9 | AB22: 1 | AC22: -2308026.2 | AD22: -2378352.8 | AE22: 6
A23: บึงกาฬ | B23: 11050 | C23: บุ่งคล้า รพช. | D23: 69592235 | E23: 67064430 | F23: =+D23-E23 -> 2527805 | G23: เกินดุล | H23: =+F23*20/100 -> 505561 | I23: 764600 | J23: =+H23-I23 -> -259039 | K23: เกิน | L23: -6082056 | M23: -10506604 | N23: =+E23/12 -> 5588702.5 | O23: =+L23/N23 -> -1.0882769 | P23: Normal | Q23: Risk | R23: Risk | S23: 2 | T23: 4 | U23: -9969482.5 | V23: 0.83 | W23: 0.72 | X23: 0.34 | Y23: -2549519.9 | Z23: 4341886.9 | AA23: 5511746.9 | AB23: 5 | AC23: -1471380.9 | AD23: -301520.9 | AE23: 7
A24: เลย | B24: 10705 | C24: เลย,รพท. | D24: 1486926000 | E24: 1364042925 | F24: =+D24-E24 -> 122883075 | G24: เกินดุล | H24: =+F24*20/100 -> 24576615 | I24: 19808216 | J24: =+H24-I24 -> 4768398.6 | K24: ไม่เกิน | L24: 1.8545352e+08 | M24: -1.339686e+08 | N24: =+E24/12 -> 1.1367024e+08 | O24: =+L24/N24 -> 1.6315046 | P24: Normal | Q24: Normal | R24: Normal | S24: 1 | T24: 1 | U24: 20826005 | V24: 2.04 | W24: 1.86 | X24: 1.07 | Y24: 3.2411533e+08 | Z24: 1.9960631e+08 | AA24: 1.3940107e+08 | AB24: 0 | AC24: 1.7434133e+08 | AD24: 1.139466e+08 | AE24: 0
A25: เลย | B25: 11030 | C25: นาด้วง,รพช. | D25: 149521360 | E25: 104247190 | F25: =+D25-E25 -> 45274170 | G25: เกินดุล | H25: =+F25*20/100 -> 9054834 | I25: 5784871.7 | J25: =+H25-I25 -> 3269962.3 | K25: ไม่เกิน | L25: 24537207 | M25: 15677499 | N25: =+E25/12 -> 8687265.8 | O25: =+L25/N25 -> 2.8245029 | P25: Normal | Q25: Normal | R25: Normal | S25: 1 | T25: 1 | U25: 30585962 | V25: 4.54 | W25: 4.33 | X25: 3.41 | Y25: 44890487 | Z25: 42009839 | AA25: 38773045 | AB25: 0 | AC25: 31188761 | AD25: 27951967 | AE25: 0
A26: เลย | B26: 11031 | C26: เชียงคาน,รพช. | D26: 2.1574849e+08 | E26: 1.7135394e+08 | F26: =+D26-E26 -> 44394544 | G26: เกินดุล | H26: =+F26*20/100 -> 8878908.9 | I26: 5338000 | J26: =+H26-I26 -> 3540908.9 | K26: ไม่เกิน | L26: 13571989 | M26: -73454915 | N26: =+E26/12 -> 14279495 | O26: =+L26/N26 -> 0.950453 | P26: Normal | Q26: Normal | R26: Risk | S26: 2 | T26: 2 | U26: -20295363 | V26: 1.27 | W26: 1.18 | X26: 0.68 | Y26: 17085214 | Z26: 27353631 | AA26: 15730780 | AB26: 2 | AC26: 8464779.1 | AD26: -3158071.7 | AE26: 6
... A56: หนองคาย | B56: 10706 | C56: หนองคาย,รพท. | D56: 1686100000 | E56: 1427000000 | F56: =+D56-E56 -> 259100000 | G56: เกินดุล | H56: =+F56*20/100 -> 51820000 | I56: 61791300 | J56: =+H56-I56 -> -9971300 | K56: เกิน | L56: 4.9261276e+08 | M56: 2.2087496e+08 | N56: =+E56/12 -> 1.1891667e+08 | O56: =+L56/N56 -> 4.1425039 | P56: Normal | Q56: Risk | R56: Normal | S56: 3 | T56: 3 | U56: 3.2047463e+08 | V56: 4.1 | W56: 3.95 | X56: 2.67 | Y56: 5.8126131e+08 | Z56: 3.4087554e+08 | AA56: 3.011965e+08 | AB56: 0 | AC56: 3.0599993e+08 | AD56: 2.6632088e+08 | AE56: 0
A57: หนองคาย | B57: 11042 | C57: โพนพิสัย,รพช. | D57: 346280000 | E57: 3.089711e+08 | F57: =+D57-E57 -> 37308901 | G57: เกินดุล | H57: =+F57*20/100 -> 7461780.2 | I57: =+'1.ครบ7แผน ราย รพ'!BC152 -> 19046514 | J57: =+H57-I57 -> -11584734 | K57: เกิน | L57: -44777145 | M57: -92532630 | N57: =+E57/12 -> 25747592 | O57: =+L57/N57 -> -1.7390809 | P57: Normal | Q57: Risk | R57: Risk | S57: 2 | T57: 4 | U57: -91910312 | V57: 0.77 | W57: 0.65 | X57: 0.35 | Y57: -32516717 | Z57: 18452284 | AA57: 21243195 | AB57: 6 | AC57: 4308298 | AD57: 7099209.2 | AE57: 6
A58: หนองคาย | B58: 11044 | C58: ศรีเชียงใหม่,รพช. | D58: 98027437 | E58: 97993363 | F58: =+D58-E58 -> 34074.48 | G58: เกินดุล | H58: =+F58*20/100 -> 6814.896 | I58: 502600 | J58: =+H58-I58 -> -495785.1 | K58: เกิน | L58: -6762900.8 | M58: -19837343 | N58: =+E58/12 -> 8166113.6 | O58: =+L58/N58 -> -0.82816639 | P58: Normal | Q58: Risk | R58: Risk | S58: 2 | T58: 4 | U58: -15843187 | V58: 0.99 | W58: 0.91 | X58: 0.44 | Y58: -331381.13 | Z58: 11296736 | AA58: 9219331 | AB58: 4 | AC58: 2617792.6 | AD58: 540387.27 | AE58: 6
A59: หนองคาย | B59: 11045 | C59: สังคม,รพช. | D59: 1.3627714e+08 | E59: 1.2349181e+08 | F59: =+D59-E59 -> 12785335 | G59: เกินดุล | H59: =+F59*20/100 -> 2557066.9 | I59: 2499800 | J59: =+H59-I59 -> 57266.908 | K59: ไม่เกิน | L59: 3742204.5 | M59: -13903898 | N59: =+E59/12 -> 10290984 | O59: =+L59/N59 -> 0.36363914 | P59: Normal | Q59: Normal | R59: Risk | S59: 2 | T59: 2 | U59: -9695618.9 | V59: 1.32 | W59: 1.16 | X59: 0.59 | Y59: 7553657.5 | Z59: 15045074 | AA59: 10507938 | AB59: 2 | AC59: 5987300.7 | AD59: 1450164.4 | AE59: 3
A60: หนองคาย | B60: 11448 | C60: รพร.ท่าบ่อ | D60: 828893280 | E60: 714045080 | F60: =+D60-E60 -> 114848200 | G60: เกินดุล | H60: =+F60*20/100 -> 22969640 | I60: 22876326 | J60: =+H60-I60 -> 93314.49 | K60: ไม่เกิน | L60: 39797275 | M60: -1.0309746e+08 | N60: =+E60/12 -> 59503757 | O60: =+L60/N60 -> 0.66881954 | P60: Normal | Q60: Normal | R60: Risk | S60: 1 | T60: 2 | U60: -83140463 | V60: 1.22 | W60: 1.08 | X60: 0.58 | Y60: 51284771 | Z60: 45459875 | AA60: 22345579 | AB60: 2 | AC60: 26639562 | AD60: 3525266.3 | AE60: 2
A61: หนองคาย | B61: 21356 | C61: สระใคร,รพช. | D61: =+'1.ครบ7แผน ราย รพ'!BG147 -> 93063110 | E61: =+'1.ครบ7แผน ราย รพ'!BG148 -> 80687093 | F61: =+D61-E61 -> 12376017 | G61: เกินดุล | H61: =+F61*20/100 -> 2475203.4 | I61: =+'1.ครบ7แผน ราย รพ'!BG152 -> 5443679.2 | J61: =+H61-I61 -> -2968475.8 | K61: เกิน | L61: 29384128 | M61: 17689150 | N61: =+E61/12 -> 6723924.4 | O61: =+L61/N61 -> 4.3700859 | P61: Normal | Q61: Risk | R61: Normal | S61: 3 | T61: 3 | U61: 22928653 | V61: 6.16 | W61: 5.8 | X61: 4.1 | Y61: 39859929 | Z61: 12374211 | AA61: -1694682.4 | AB61: 1 | AC61: -687696.06 | AD61: -14756589 | AE61: 1
A62: หนองคาย | B62: 28778 | C62: โพธิ์ตาก,รพช. | D62: =+'1.ครบ7แผน ราย รพ'!BH147 -> 66955106 | E62: =+'1.ครบ7แผน ราย รพ'!BH148 -> 59559747 | F62: =+D62-E62 -> 7395359.6 | G62: เกินดุล | H62: =+F62*20/100 -> 1479071.9 | I62: =+'1.ครบ7แผน ราย รพ'!BH152 -> 845000 | J62: =+H62-I62 -> 634071.93 | K62: ไม่เกิน | L62: -7866565.2 | M62: -16256468 | N62: =+E62/12 -> 4963312.2 | O62: =+L62/N62 -> -1.5849426 | P62: Normal | Q62: Normal | R62: Risk | S62: 2 | T62: 2 | U62: -17611370 | V62: 0.65 | W62: 0.58 | X62: 0.35 | Y62: -9507747.3 | Z62: 2479862.7 | AA62: -2057188 | AB62: 7 | AC62: -1718574.5 | AD62: -6255625.2 | AE62: 7
A63: หนองคาย | B63: 28811 | C63: เฝ้าไร่,รพช | D63: 1.2581439e+08 | E63: 87704119 | F63: =+D63-E63 -> 38110275 | G63: เกินดุล | H63: =+F63*20/100 -> 7622055 | I63: 4758601 | J63: =+H63-I63 -> 2863454 | K63: ไม่เกิน | L63: 6107520.9 | M63: -14970590 | N63: =+E63/12 -> 7308676.6 | O63: =+L63/N63 -> 0.83565346 | P63: Normal | Q63: Normal | R63: Risk | S63: 1 | T63: 2 | U63: -798542.42 | V63: 1.88 | W63: 1.7 | X63: 0.97 | Y63: 21427882 | Z63: 22089368 | AA63: 25163462 | AB63: 0 | AC63: 8331673.5 | AD63: 11405768 | AE63: 2
A64: หนองคาย | B64: 28815 | C64: รัตนวาปี,รพช | D64: 1.1642708e+08 | E64: 95160789 | F64: =+D64-E64 -> 21266291 | G64: เกินดุล | H64: =+F64*20/100 -> 4253258.2 | I64: 3085522.9 | J64: =+H64-I64 -> 1167735.4 | K64: ไม่เกิน | L64: 119988.91 | M64: -11243009 | N64: =+E64/12 -> 7930065.8 | O64: =+L64/N64 -> 0.015130885 | P64: Normal | Q64: Normal | R64: Risk | S64: 1 | T64: 2 | U64: 4522781.3 | V64: 2.11 | W64: 1.95 | X64: 1.24 | Y64: 21357684 | Z64: 21139198 | AA64: 27227682 | AB64: 0 | AC64: 12394920 | AD64: 18483405 | AE64: 2
A65: หนองบัวลำภู | B65: 10704 | C65: หนองบัวลำภู,รพท. | D65: 1078400000 | E65: 919500000 | F65: =+D65-E65 -> 158900000 | G65: เกินดุล | H65: =+F65*20/100 -> 31780000 | I65: 17828000 | J65: =+H65-I65 -> 13952000 | K65: ไม่เกิน | L65: 2.5752869e+08 | M65: 4689396.5 | N65: =+E65/12 -> 76625000 | O65: =+L65/N65 -> 3.3608965 | P65: Normal | Q65: Normal | R65: Normal | S65: 1 | T65: 1 | U65: -3705128.8 | V65: 3.26 | W65: 2.9 | X65: 0.97 | Y65: 3.3337389e+08 | Z65: 1.1635625e+08 | AA65: 1.3136223e+08 | AB65: 0 | AC65: 96526329 | AD65: 1.115323e+08 | AE65: 0
A66: หนองบัวลำภู | B66: 10991 | C66: นากลาง,รพช. | D66: 2.1125368e+08 | E66: 1.9849767e+08 | F66: =+D66-E66 -> 12756007 | G66: เกินดุล | H66: =+F66*20/100 -> 2551201.4 | I66: 2400000 | J66: =+H66-I66 -> 151201.4 | K66: ไม่เกิน | L66: -3366852.8 | M66: -25208614 | N66: =+E66/12 -> 16541473 | O66: =+L66/N66 -> -0.20354009 | P66: Normal | Q66: Normal | R66: Risk | S66: 1 | T66: 2 | U66: -4248024.2 | V66: 1.44 | W66: 1.31 | X66: 0.91 | Y66: 21650237 | Z66: 24322755 | AA66: 20038035 | AB66: 1 | AC66: 2539057.6 | AD66: -1745661.6 | AE66: 7
A67: หนองบัวลำภู | B67: 10992 | C67: โนนสัง,รพช. | D67: 1.7040878e+08 | E67: 1.5649734e+08 | F67: =+D67-E67 -> 13911441 | G67: เกินดุล | H67: =+F67*20/100 -> 2782288.1 | I67: 2753200 | J67: =+H67-I67 -> 29088.112 | K67: ไม่เกิน | L67: -1298721.5 | M67: -16598270 | N67: =+E67/12 -> 13041445 | O67: =+L67/N67 -> -0.099584174 | P67: Normal | Q67: Normal | R67: Risk | S67: 1 | T67: 2 | U67: -4045462.4 | V67: 1.53 | W67: 1.32 | X67: 0.86 | Y67: 14787733 | Z67: 21778957 | AA67: 17546991 | AB67: 0 | AC67: 4447777.8 | AD67: 215811.66 | AE67: 6
A68: หนองบัวลำภู | B68: 10993 | C68: ศรีบุญเรือง,รพช. | D68: 2.4845928e+08 | E68: 2.2740358e+08 | F68: =+D68-E68 -> 21055704 | G68: เกินดุล | H68: =+F68*20/100 -> 4211140.7 | I68: 11916119 | J68: =+H68-I68 -> -7704977.9 | K68: เกิน | L68: -14839384 | M68: -52556146 | N68: =+E68/12 -> 18950298 | O68: =+L68/N68 -> -0.78306864 | P68: Normal | Q68: Risk | R68: Risk | S68: 2 | T68: 4 | U68: -45743673 | V68: 0.96 | W68: 0.83 | X68: 0.45 | Y68: -3578181.6 | Z68: 20451241 | AA68: 15881842 | AB68: 4 | AC68: -6358187.9 | AD68: -10927587 | AE68: 7
A69: หนองบัวลำภู | B69: 10994 | C69: สุวรรณคูหา,รพช. | D69: 1.7986225e+08 | E69: 1.5415991e+08 | F69: =+D69-E69 -> 25702338 | G69: เกินดุล | H69: =+F69*20/100 -> 5140467.6 | I69: 5000000 | J69: =+H69-I69 -> 140467.64 | K69: ไม่เกิน | L69: -8205351.6 | M69: -25720782 | N69: =+E69/12 -> 12846659 | O69: =+L69/N69 -> -0.63871483 | P69: Normal | Q69: Normal | R69: Risk | S69: 2 | T69: 2 | U69: -9206143.6 | V69: 1.29 | W69: 1.13 | X69: 0.71 | Y69: 9323786.9 | Z69: 41545540 | AA69: 36321220 | AB69: 2 | AC69: 19332842 | AD69: 14108521 | AE69: 5
A70: หนองบัวลำภู | B70: 23367 | C70: นาวัง ,รพช. | D70: 1.2320836e+08 | E70: 1.1902269e+08 | F70: =+D70-E70 -> 4185666.7 | G70: เกินดุล | H70: =+F70*20/100 -> 837133.34 | I70: 718800 | J70: =+H70-I70 -> 118333.34 | K70: ไม่เกิน | L70: -347788.55 | M70: -18308326 | N70: =+E70/12 -> 9918557.8 | O70: =+L70/N70 -> -0.035064427 | P70: Normal | Q70: Normal | R70: Risk | S70: 2 | T70: 2 | U70: -4229050.5 | V70: 1.44 | W70: 1.31 | X70: 0.85 | Y70: 12509159 | Z70: 14173818 | AA70: 10151020 | AB70: 1 | AC70: 493671.36 | AD70: -3529127.2 | AE70: 7
A71: อุดรธานี | B71: 10671 | C71: อุดรธานี,รพศ. | D71: 5075366349 | E71: 4551993434 | F71: =+D71-E71 -> 523372915 | G71: เกินดุล | H71: =+F71*20/100 -> 104674583 | I71: 59797835 | J71: =+H71-I71 -> 44876748 | K71: ไม่เกิน | L71: 1.2125809e+09 | M71: 63697081 | N71: =+E71/12 -> 3.7933279e+08 | O71: =+L71/N71 -> 3.1966151 | P71: Normal | Q71: Normal | R71: Normal | S71: 1 | T71: 1 | U71: 2.368707e+08 | V71: 2.56 | W71: 2.28 | X71: 1.26 | Y71: 1.43729e+09 | Z71: 4.5185395e+08 | AA71: 3.8736599e+08 | AB71: 0 | AC71: 3.8678227e+08 | AD71: 3.2229431e+08 | AE71: 0
A72: อุดรธานี | B72: 11013 | C72: กุดจับ,รพช. | D72: 1.8777762e+08 | E72: 1.7093295e+08 | F72: =+D72-E72 -> 16844667 | G72: เกินดุล | H72: =+F72*20/100 -> 3368933.4 | I72: 1441430 | J72: =+H72-I72 -> 1927503.4 | K72: ไม่เกิน | L72: -5412958.6 | M72: -22900370 | N72: =+E72/12 -> 14244413 | O72: =+L72/N72 -> -0.38000575 | P72: Normal | Q72: Normal | R72: Risk | S72: 2 | T72: 2 | U72: -5415798.2 | V72: 1.52 | W72: 1.4 | X72: 0.89 | Y72: 18306358 | Z72: 27532361 | AA72: 26317959 | AB72: 0 | AC72: 13794249 | AD72: 12579847 | AE72: 2
A73: อุดรธานี | B73: 11014 | C73: หนองวัวซอ,รพช. | D73: 1.4876327e+08 | E73: 1.3739195e+08 | F73: =+D73-E73 -> 11371325 | G73: เกินดุล | H73: =+F73*20/100 -> 2274265 | I73: 428000 | J73: =+H73-I73 -> 1846265 | K73: ไม่เกิน | L73: -10042835 | M73: -25895590 | N73: =+E73/12 -> 11449329 | O73: =+L73/N73 -> -0.87715487 | P73: Normal | Q73: Normal | R73: Risk | S73: 2 | T73: 2 | U73: -24140393 | V73: 0.96 | W73: 0.79 | X73: 0.34 | Y73: -1471872.9 | Z73: 20271632 | AA73: 19262860 | AB73: 4 | AC73: 6031361.6 | AD73: 5022590.5 | AE73: 6
A74: อุดรธานี | B74: 11015 | C74: กุมภวาปี,รพช. | D74: 7.2902073e+08 | E74: 6.5953234e+08 | F74: =+D74-E74 -> 69488391 | G74: เกินดุล | H74: =+F74*20/100 -> 13897678 | I74: 13878522 | J74: =+H74-I74 -> 19156.248 | K74: ไม่เกิน | L74: 54093608 | M74: -82689747 | N74: =+E74/12 -> 54961029 | O74: =+L74/N74 -> 0.98421754 | P74: Normal | Q74: Normal | R74: Risk | S74: 1 | T74: 2 | U74: -22330897 | V74: 1.5 | W74: 1.38 | X74: 0.91 | Y74: 1.2287281e+08 | Z74: 66139244 | AA74: 35660767 | AB74: 0 | AC74: 47772672 | AD74: 17294195 | AE74: 1
... A91: อุดรธานี | B91: 25059 | C91: ประจักษ์ศิลปาคม | D91: 72807390 | E91: 66210845 | F91: =+D91-E91 -> 6596544.9 | G91: เกินดุล | H91: =+F91*20/100 -> 1319309 | I91: 1303580 | J91: =+H91-I91 -> 15728.97 | K91: ไม่เกิน | L91: 5413487.1 | M91: -2941259.4 | N91: =+E91/12 -> 5517570.4 | O91: =+L91/N91 -> 0.98113602 | P91: Normal | Q91: Normal | R91: Risk | S91: 1 | T91: 2 | U91: 5643684.8 | V91: 1.65 | W91: 1.55 | X91: 1.27 | Y91: 13386814 | Z91: 8808661.5 | AA91: 6511415.8 | AB91: 0 | AC91: 1997268.7 | AD91: -299977.03 | AE91: 2
A92: รวมนครพนม | D92: 2.9391603e+09 | E92: 2.7460363e+09 | F92: =+D92-E92 -> 1.9312401e+08 | G92: เกินดุล | H92: =+F92*20/100 -> 38624803 | I92: 5046831.6 | J92: =+H92-I92 -> 33577971 | K92: ไม่เกิน | L92: 1.4916602e+08 | M92: -3.5382836e+08 | N92: =+E92/12 -> 2.2883636e+08 | O92: =+L92/N92 -> 0.65184578 | P92: Normal | Q92: Normal | R92: Risk | S92: 2 | T92: 2
A93: รวมบึงกาฬ | D93: 1.9682842e+09 | E93: 1.7812311e+09 | F93: =+D93-E93 -> 1.8705302e+08 | G93: เกินดุล | H93: =+F93*20/100 -> 37410605 | I93: 34352000 | J93: =+H93-I93 -> 3058604.3 | K93: ไม่เกิน | L93: 53847383 | M93: -1.9546978e+08 | N93: =+E93/12 -> 1.4843593e+08 | O93: =+L93/N93 -> 0.36276516 | P93: Normal | Q93: Normal | R93: Risk | S93: 2 | T93: 2
A94: รวมเลย | D94: 3.5114101e+09 | E94: 3.127952e+09 | F94: =+D94-E94 -> 3.8345814e+08 | G94: เกินดุล | H94: =+F94*20/100 -> 76691627 | I94: 50864264 | J94: =+H94-I94 -> 25827363 | K94: ไม่เกิน | L94: 2.0096745e+08 | M94: -4.0678209e+08 | N94: =+E94/12 -> 2.6066267e+08 | O94: =+L94/N94 -> 0.77098669 | P94: Normal | Q94: Normal | R94: Risk | S94: 2 | T94: 2
A95: รวมสกลนคร | D95: 7.3069025e+09 | E95: 6.445055e+09 | F95: =+D95-E95 -> 8.6184751e+08 | G95: เกินดุล | H95: =+F95*20/100 -> 1.723695e+08 | I95: 2.117425e+08 | J95: =+H95-I95 -> -39372999 | K95: เกิน | L95: 1.0996082e+09 | M95: -3.3891501e+08 | N95: =+E95/12 -> 5.3708791e+08 | O95: =+L95/N95 -> 2.0473523 | P95: Normal | Q95: Risk | R95: Normal | S95: 3 | T95: 3
A96: รวมหนองคาย | D96: 3.4948376e+09 | E96: 2.9884511e+09 | F96: =+D96-E96 -> 5.0638645e+08 | G96: เกินดุล | H96: =+F96*20/100 -> 1.0127729e+08 | I96: 1.2084934e+08 | J96: =+H96-I96 -> -19572052 | K96: เกิน | L96: 5.1235726e+08 | M96: -33277295 | N96: =+E96/12 -> 2.4903759e+08 | O96: =+L96/N96 -> 2.0573491 | P96: Normal | Q96: Risk | R96: Normal | S96: 3 | T96: 3
A97: รวมหนองบัวลำภู | D97: 2.0115923e+09 | E97: 1.7750812e+09 | F97: =+D97-E97 -> 2.3651116e+08 | G97: เกินดุล | H97: =+F97*20/100 -> 47302231 | I97: 61866119 | J97: =+H97-I97 -> -14563887 | K97: เกิน | L97: 2.2947059e+08 | M97: -1.3370274e+08 | N97: =+E97/12 -> 1.4792343e+08 | O97: =+L97/N97 -> 1.5512795 | P97: Normal | Q97: Risk | R97: Normal | S97: 3 | T97: 3
A98: รวมอุดรธานี | D98: 9.1713948e+09 | E98: 8.322437e+09 | F98: =+D98-E98 -> 8.4895777e+08 | G98: เกินดุล | H98: =+F98*20/100 -> 1.6979155e+08 | I98: 1.1017597e+08 | J98: =+H98-I98 -> 59615588 | K98: ไม่เกิน | L98: 1.2626466e+09 | M98: -4.5060651e+08 | N98: =+E98/12 -> 6.9353642e+08 | O98: =+L98/N98 -> 1.8205917 | P98: Normal | Q98: Normal | R98: Normal | S98: 1 | T98: 1
A99: รวมเขต 8 | D99: 3.0403582e+10 | E99: 2.7186244e+10 | F99: =+D99-E99 -> 3.2173381e+09 | G99: เกินดุล | H99: =+F99*20/100 -> 6.4346761e+08 | I99: 5.9489703e+08 | J99: =+H99-I99 -> 48570588 | K99: ไม่เกิน | L99: 3.5080635e+09 | M99: -1.9125818e+09 | N99: =+E99/12 -> 2.2655203e+09 | O99: =+L99/N99 -> 1.5484582 | P99: Normal | Q99: Normal | R99: Normal | S99: 1 | T99: 1

Sheet ผลการวิเคราะห์ตรวจสอบ (2)
A1: การวิเคราะห์การปรับแผนทางการเงินครึ่งปีหลัง Planfin และ แผนรายรับ - รายจ่ายเงินบำรุงครึ่งปีหลัง ปีงบประมาณ 2567 เขตสุขภาพที่ 8
A2: การวิเคราะห์ | C2: [1] | D2: [2] | E2: [3] | F2: [4] | G2: [5] = [3] x 20% | H2: [6] | I2: [7]=[6]/[3] x 100 | J2: [8] = [5] - [6] | L2: [9] | M2: [10] | N2: [11]=[2]/12 | O2: [12] =[9]/[11] | P2: [13] =[9] - [8] | Q2: [14]=[13]/[11] | R2: [15] = [3] | S2: [16] =[8] | T2: [17] = [14]
C3: รวมรายได้ (ไม่รวมรายได้อื่น(ระบบบัญชีอัตโนมัติ) และรายได้งบลงทุน) | D3: รวมค่าใช้จ่าย (ไม่รวมค่าเสื่อมราคาและค่าตัดจำหน่ายและค่าใช้จ่ายอื่น (ระบบบัญชีบันทึกอัตโนมัติ) | E3: EBITDA (รวมรายได้ (ไม่รวมรายได้งบลงทุน) - รวมค่าใช้จ่าย (ไม่รวมค่าเสื่อมราคาและค่าตัดจำหน่าย) | F3: สรุปแผนประมาณการ | G3: วงเงินที่ลงทุนได้(ร้อยละ 20%ของ EBITDA) | H3: จัดซื้อ/จัดหาด้วยเงินบำรุงของ รพ. | I3: สัดส่วนการลงทุน ต่อ EBITDA | J3: วงเงินงบลงทุน (เงินบำรุง) เปรียบเทียบกับ EBITDA >20% | K3: การวิเคราะห์การลงทุน (เงินบำรุง) เปรียบเทียบกับ EBITDA >20% | L3: ทุนสำรองสุทธิ (Networking Capital) ณ 30 กันยายน 2566 | M3: เงินบำรุงคงเหลือสุทธิ (หักหนี้สินและภาระผูกพัน) ณ 30 กันยายน 2566 | N3: รายจ่ายเฉลี่ยต่อเดือน | O3: อัตราส่วนทุนสำรองสุทธิ (NWC) ต่อ รายจ่ายเฉลี่ยต่อเดือน | P3: ทุนสำรองสุทธิ (NWC) คงเหลือหลังหักการลงทุน >20% EBITDA | Q3: อัตราทุนสำรองสุทธิ (NWC) คงเหลือ หลังหักเงินลงทุน >20% EBITDAต่อรายจ่ายเฉลี่ยต่อเดือน | R3: Risk จาก EBITDA | S3: Risk จาก Investment >20% EBITDA | T3: Risk จาก อัตราส่วนทุนสำรองสุทธิ (NWC) ต่อ รายจ่ายเฉลี่ยต่อเดือน | U3: PlanFin แบบ
A4: นครพนม | B4: ปลาปาก,รพช. | C4: 1.305193e+08 | D4: 1.2984924e+08 | E4: 670059.59 | F4: เกินดุล | G4: 134011.92 | H4: 6176900 | I4: 921.84338 | J4: -6042888.1 | K4: เกิน | L4: 53830034 | M4: 39094913 | N4: 10820770 | O4: 4.9746952 | P4: 47787146 | Q4: 4.4162425 | R4: Normal | S4: Risk | T4: Normal | U4: 3
A5: นครพนม | B5: ท่าอุเทน,รพช. | C5: 125215100 | D5: 121899225 | E5: 3315875 | F5: เกินดุล | G5: 663175 | H5: 3465150 | I5: 104.50183 | J5: -2801975 | K5: เกิน | L5: 57142919 | M5: 40865270 | N5: 10158269 | O5: 5.6252616 | P5: 54340944 | Q5: 5.3494297 | R5: Normal | S5: Risk | T5: Normal | U5: 3
A6: นครพนม | B6: นาทม,รพช. | C6: 80710642 | D6: 75459363 | E6: 5251278.5 | F6: เกินดุล | G6: 1050255.7 | H6: 1662289 | I6: 31.654939 | J6: -612033.29 | K6: เกิน | L6: 19760925 | M6: 5297825.9 | N6: 6288280.3 | O6: 3.1425007 | P6: 19148892 | Q6: 3.0451715 | R6: Normal | S6: Risk | T6: Normal | U6: 3
A7: นครพนม | B7: นาแก,รพช. | C7: 2.0541805e+08 | D7: 1.6359223e+08 | E7: 41825813 | F7: เกินดุล | G7: 8365162.7 | H7: 9940703 | I7: 23.766909 | J7: -1575540.3 | K7: เกิน | L7: 50624010 | M7: 31761302 | N7: 13632686 | O7: 3.7134289 | P7: 49048470 | Q7: 3.5978581 | R7: Normal | S7: Risk | T7: Normal | U7: 3
A8: นครพนม | B8: นาหว้า,รพช. | C8: 122056690 | D8: 120096657 | E8: 1960033 | F8: เกินดุล | G8: 392006.6 | H8: 7716070 | I8: 393.67041 | J8: -7324063.4 | K8: เกิน | L8: 44202143 | M8: 28569913 | N8: 10008055 | O8: 4.4166567 | P8: 36878079 | Q8: 3.6848399 | R8: Normal | S8: Risk | T8: Normal | U8: 3
A9: นครพนม | B9: โพนสวรรค์,รพช. | C9: 173866712 | D9: 1.3373553e+08 | E9: 40131184 | F9: เกินดุล | G9: 8026236.7 | H9: 8511790 | I9: 21.209915 | J9: -485553.3 | K9: เกิน | L9: 44398754 | M9: 31519930 | N9: 11144627 | O9: 3.9838707 | P9: 43913201 | Q9: 3.9403023 | R9: Normal | S9: Risk | T9: Normal | U9: 3
A10: นครพนม | B10: วังยาง,รพช. | C10: 50701021 | D10: 44492805 | E10: 6208215.3 | F10: เกินดุล | G10: 1241643.1 | H10: 1928200 | I10: 31.058845 | J10: -686556.93 | K10: เกิน | L10: 1233671.9 | M10: -4708291.9 | N10: 3707733.8 | O10: 0.33272938 | P10: 547115.02 | Q10: 0.14756049 | R10: Normal | S10: Risk | T10: Risk | U10: 4
A11: บึงกาฬ | B11: บึงกาฬ,รพท. | C11: 7.6069966e+08 | D11: 6.9258916e+08 | E11: 68110503 | F11: เกินดุล | G11: 13622101 | H11: 37508407 | I11: 55.069931 | J11: -23886306 | K11: เกิน | L11: 1.8064668e+08 | M11: 37570460 | N11: 57715763 | O11: 3.1299367 | P11: 1.5676038e+08 | Q11: 2.7160756 | R11: Normal | S11: Risk | T11: Normal | U11: 3
A12: บึงกาฬ | B12: พรเจริญ,รพช. | C12: 1.2979694e+08 | D12: 1.2574053e+08 | E12: 4056414 | F12: เกินดุล | G12: 811282.81 | H12: 1614816.4 | I12: 39.808964 | J12: -803533.61 | K12: เกิน | L12: 35599380 | M12: 22005241 | N12: 10478378 | O12: 3.3974134 | P12: 34795846 | Q12: 3.3207284 | R12: Normal | S12: Risk | T12: Normal | U12: 3
A13: บึงกาฬ | B13: โซ่พิสัย,รพช. | C13: 198190260 | D13: 1.956058e+08 | E13: 2584457.2 | F13: เกินดุล | G13: 516891.44 | H13: 3731370.6 | I13: 144.37734 | J13: -3214479.1 | K13: เกิน | L13: 14382520 | M13: -11044241 | N13: 16300484 | O13: 0.88233704 | P13: 11168041 | Q13: 0.68513558 | R13: Normal | S13: Risk | T13: Risk | U13: 4
A14: บึงกาฬ | B14: เซกา,รพช. | C14: 2.7900569e+08 | D14: 2.2622024e+08 | E14: 52785451 | F14: เกินดุล | G14: 10557090 | H14: 16565495 | I14: 31.382691 | J14: -6008404.7 | K14: เกิน | L14: 83867343 | M14: 4489562.7 | N14: 18851686 | O14: 4.4487979 | P14: 77858938 | Q14: 4.1300781 | R14: Normal | S14: Risk | T14: Normal | U14: 3
A15: บึงกาฬ | B15: ปากคาด,รพช. | C15: 1.3582658e+08 | D15: 1.2608319e+08 | E15: 9743386.6 | F15: เกินดุล | G15: 1948677.3 | H15: 3608854 | I15: 37.039011 | J15: -1660176.7 | K15: เกิน | L15: 39671747 | M15: 25276254 | N15: 10506933 | O15: 3.7757687 | P15: 38011571 | Q15: 3.617761 | R15: Normal | S15: Risk | T15: Normal | U15: 3
... A37: อุดรธานี | B37: เพ็ญ,รพช. | C37: 2.9580846e+08 | D37: 2.7812154e+08 | E37: 17686921 | F37: เกินดุล | G37: 3537384.1 | H37: 5687500 | I37: 32.15653 | J37: -2150115.9 | K37: เกิน | L37: 34223895 | M37: -2429336.7 | N37: 23176795 | O37: 1.4766449 | P37: 32073779 | Q37: 1.3838747 | R37: Normal | S37: Risk | T37: Normal | U37: 3
A38: รวมเขต 8 | C38: 2.8593933e+10 | D38: 2.4794407e+10 | E38: 3.7995256e+09 | F38: เกินดุล | G38: 7.5990511e+08 | H38: 887828003 | I38: 23.366812 | J38: -1.2792289e+08 | K38: เกิน | L38: 5.9254429e+09 | M38: 7.6213521e+08 | N38: 2.0662006e+09 | O38: 2.8677965 | P38: 5.79752e+09 | Q38: 2.8058844 | R38: Normal | S38: Risk | T38: Normal | U38: 3

Sheet 3.การจัดทำแผน7 แผน ราย จว P
A1: การจัดทำแผนทางการเงิน Planfin (7 แผน) ปีงบประมาณ 2569 เขตสุขภาพที่ 8
A2: รายการ | B2: นครพนม | C2: บึงกาฬ | D2: เลย | E2: สกลนคร | F2: หนองคาย | G2: หนองบัวลำภู | H2: อุดรธานี | I2: เขต 8
A4: 1. แผนประมาณการรายได้-ควบคุมค่าใช้จ่าย ปีงบประมาณ 2569
A5: รายได้
A6: รายได้ UC | B6: =SUM('1.ครบ7แผน ราย รพ'!B9:M9) -> 1.1899594e+09 | C6: =SUM('1.ครบ7แผน ราย รพ'!N9:U9) -> 1.0100984e+09 | D6: =SUM('1.ครบ7แผน ราย รพ'!V9:AI9) -> 1.4576046e+09 | E6: =SUM('1.ครบ7แผน ราย รพ'!AJ9:BA9) -> 3.1473877e+09 | F6: =SUM('1.ครบ7แผน ราย รพ'!BB9:BJ9) -> 1.2908063e+09 | G6: =SUM('1.ครบ7แผน ราย รพ'!BK9:BP9) -> 9.7922972e+08 | H6: =SUM('1.ครบ7แผน ราย รพ'!BQ9:CK9) -> 4.0125894e+09 | I6: =SUM(B6:H6) -> 1.3087675e+10
A7: รายได้จาก EMS | B7: =SUM('1.ครบ7แผน ราย รพ'!B10:M10) -> 4531815 | C7: =SUM('1.ครบ7แผน ราย รพ'!N10:U10) -> 2018771.4 | D7: =SUM('1.ครบ7แผน ราย รพ'!V10:AI10) -> 8190800 | E7: =SUM('1.ครบ7แผน ราย รพ'!AJ10:BA10) -> 7091110 | F7: =SUM('1.ครบ7แผน ราย รพ'!BB10:BJ10) -> 1903400 | G7: =SUM('1.ครบ7แผน ราย รพ'!BK10:BP10) -> 2184800 | H7: =SUM('1.ครบ7แผน ราย รพ'!BQ10:CK10) -> 7540428 | I7: =SUM(B7:H7) -> 33461124
A8: รายได้ค่ารักษาเบิกต้นสังกัด | B8: =SUM('1.ครบ7แผน ราย รพ'!B11:M11) -> 3217845.5 | C8: =SUM('1.ครบ7แผน ราย รพ'!N11:U11) -> 2564993.4 | D8: =SUM('1.ครบ7แผน ราย รพ'!V11:AI11) -> 7039911.4 | E8: =SUM('1.ครบ7แผน ราย รพ'!AJ11:BA11) -> 15237112 | F8: =SUM('1.ครบ7แผน ราย รพ'!BB11:BJ11) -> 18317884 | G8: =SUM('1.ครบ7แผน ราย รพ'!BK11:BP11) -> 1377600 | H8: =SUM('1.ครบ7แผน ราย รพ'!BQ11:CK11) -> 26325758 | I8: =SUM(B8:H8) -> 74081105
A9: รายได้ค่ารักษา อปท. | B9: =SUM('1.ครบ7แผน ราย รพ'!B12:M12) -> 53522398 | C9: =SUM('1.ครบ7แผน ราย รพ'!N12:U12) -> 42916399 | D9: =SUM('1.ครบ7แผน ราย รพ'!V12:AI12) -> 64711823 | E9: =SUM('1.ครบ7แผน ราย รพ'!AJ12:BA12) -> 1.883308e+08 | F9: =SUM('1.ครบ7แผน ราย รพ'!BB12:BJ12) -> 68389052 | G9: =SUM('1.ครบ7แผน ราย รพ'!BK12:BP12) -> 33517314 | H9: =SUM('1.ครบ7แผน ราย รพ'!BQ12:CK12) -> 1.8758233e+08 | I9: =SUM(B9:H9) -> 6.3897012e+08
A10: รายได้ค่ารักษาเบิกจ่ายตรงกรมบัญชีกลาง | B10: =SUM('1.ครบ7แผน ราย รพ'!B13:M13) -> 3.5130975e+08 | C10: =SUM('1.ครบ7แผน ราย รพ'!N13:U13) -> 1.9684851e+08 | D10: =SUM('1.ครบ7แผน ราย รพ'!V13:AI13) -> 3.5021384e+08 | E10: =SUM('1.ครบ7แผน ราย รพ'!AJ13:BA13) -> 1.0715858e+09 | F10: =SUM('1.ครบ7แผน ราย รพ'!BB13:BJ13) -> 4.5385123e+08 | G10: =SUM('1.ครบ7แผน ราย รพ'!BK13:BP13) -> 1.7478673e+08 | H10: =SUM('1.ครบ7แผน ราย รพ'!BQ13:CK13) -> 1.2636394e+09 | I10: =SUM(B10:H10) -> 3.8622353e+09
A11: รายได้ประกันสังคม | B11: =SUM('1.ครบ7แผน ราย รพ'!B14:M14) -> 55887813 | C11: =SUM('1.ครบ7แผน ราย รพ'!N14:U14) -> 35877993 | D11: =SUM('1.ครบ7แผน ราย รพ'!V14:AI14) -> 1.1813645e+08 | E11: =SUM('1.ครบ7แผน ราย รพ'!AJ14:BA14) -> 3.3506461e+08 | F11: =SUM('1.ครบ7แผน ราย รพ'!BB14:BJ14) -> 1.2090603e+08 | G11: =SUM('1.ครบ7แผน ราย รพ'!BK14:BP14) -> 50262042 | H11: =SUM('1.ครบ7แผน ราย รพ'!BQ14:CK14) -> 3.2340702e+08 | I11: =SUM(B11:H11) -> 1.039542e+09
A12: รายได้แรงงานต่างด้าว | B12: =SUM('1.ครบ7แผน ราย รพ'!B15:M15) -> 2746145 | C12: =SUM('1.ครบ7แผน ราย รพ'!N15:U15) -> 706567.38 | D12: =SUM('1.ครบ7แผน ราย รพ'!V15:AI15) -> 2888466 | E12: =SUM('1.ครบ7แผน ราย รพ'!AJ15:BA15) -> 1020574.6 | F12: =SUM('1.ครบ7แผน ราย รพ'!BB15:BJ15) -> 901216.45 | G12: =SUM('1.ครบ7แผน ราย รพ'!BK15:BP15) -> 462492 | H12: =SUM('1.ครบ7แผน ราย รพ'!BQ15:CK15) -> 2313279.9 | I12: =SUM(B12:H12) -> 11038741
A13: รายได้ค่ารักษาและบริการอื่น ๆ | B13: =SUM('1.ครบ7แผน ราย รพ'!B16:M16) -> 2.1282958e+08 | C13: =SUM('1.ครบ7แผน ราย รพ'!N16:U16) -> 99210770 | D13: =SUM('1.ครบ7แผน ราย รพ'!V16:AI16) -> 2.4738862e+08 | E13: =SUM('1.ครบ7แผน ราย รพ'!AJ16:BA16) -> 4.7503786e+08 | F13: =SUM('1.ครบ7แผน ราย รพ'!BB16:BJ16) -> 3.4502079e+08 | G13: =SUM('1.ครบ7แผน ราย รพ'!BK16:BP16) -> 1.0409202e+08 | H13: =SUM('1.ครบ7แผน ราย รพ'!BQ16:CK16) -> 7.5198083e+08 | I13: =SUM(B13:H13) -> 2.2355605e+09
A14: รายได้งบประมาณส่วนบุคลากร | B14: =SUM('1.ครบ7แผน ราย รพ'!B17:M17) -> 8.4932964e+08 | C14: =SUM('1.ครบ7แผน ราย รพ'!N17:U17) -> 4.5867393e+08 | D14: =SUM('1.ครบ7แผน ราย รพ'!V17:AI17) -> 9.3350317e+08 | E14: =SUM('1.ครบ7แผน ราย รพ'!AJ17:BA17) -> 1.583667e+09 | F14: =SUM('1.ครบ7แผน ราย รพ'!BB17:BJ17) -> 7.7612157e+08 | G14: =SUM('1.ครบ7แผน ราย รพ'!BK17:BP17) -> 5.2146033e+08 | H14: =SUM('1.ครบ7แผน ราย รพ'!BQ17:CK17) -> 2.0592542e+09 | I14: =SUM(B14:H14) -> 7.1820099e+09
A15: รายได้อื่น | B15: =SUM('1.ครบ7แผน ราย รพ'!B18:M18) -> 2.1582598e+08 | C15: =SUM('1.ครบ7แผน ราย รพ'!N18:U18) -> 1.1936787e+08 | D15: =SUM('1.ครบ7แผน ราย รพ'!V18:AI18) -> 3.2173242e+08 | E15: =SUM('1.ครบ7แผน ราย รพ'!AJ18:BA18) -> 4.8247992e+08 | F15: =SUM('1.ครบ7แผน ราย รพ'!BB18:BJ18) -> 4.216201e+08 | G15: =SUM('1.ครบ7แผน ราย รพ'!BK18:BP18) -> 1.442193e+08 | H15: =SUM('1.ครบ7แผน ราย รพ'!BQ18:CK18) -> 5.3676212e+08 | I15: =SUM(B15:H15) -> 2.2420077e+09
A16: รายได้อื่น (ระบบบัญชีบันทึกอัตโนมัติ) | B16: =SUM('1.ครบ7แผน ราย รพ'!B19:M19) -> 560030000 | C16: =SUM('1.ครบ7แผน ราย รพ'!N19:U19) -> 0 | D16: =SUM('1.ครบ7แผน ราย รพ'!V19:AI19) -> 0 | E16: =SUM('1.ครบ7แผน ราย รพ'!AJ19:BA19) -> 3445750.8 | F16: =SUM('1.ครบ7แผน ราย รพ'!BB19:BJ19) -> 0 | G16: =SUM('1.ครบ7แผน ราย รพ'!BK19:BP19) -> 641000000 | H16: =SUM('1.ครบ7แผน ราย รพ'!BQ19:CK19) -> 6000000 | I16: =SUM(B16:H16) -> 1.2104758e+09
A17: รายได้งบลงทุน | B17: =SUM('1.ครบ7แผน ราย รพ'!B20:M20) -> 49888101 | C17: =SUM('1.ครบ7แผน ราย รพ'!N20:U20) -> 2.1500363e+08 | D17: =SUM('1.ครบ7แผน ราย รพ'!V20:AI20) -> 74174733 | E17: =SUM('1.ครบ7แผน ราย รพ'!AJ20:BA20) -> 4.0887249e+08 | F17: =SUM('1.ครบ7แผน ราย รพ'!BB20:BJ20) -> 2.9797346e+08 | G17: =SUM('1.ครบ7แผน ราย รพ'!BK20:BP20) -> 67372860 | H17: =SUM('1.ครบ7แผน ราย รพ'!BQ20:CK20) -> 4.2051689e+08 | I17: =SUM(B17:H17) -> 1.5338022e+09
... A32: ค่าใช้จ่ายอื่น | B32: =SUM('1.ครบ7แผน ราย รพ'!B35:M35) -> 1.1456105e+08 | C32: =SUM('1.ครบ7แผน ราย รพ'!N35:U35) -> 1.0223093e+08 | D32: =SUM('1.ครบ7แผน ราย รพ'!V35:AI35) -> 1.3120816e+08 | E32: =SUM('1.ครบ7แผน ราย รพ'!AJ35:BA35) -> 1.7659822e+08 | F32: =SUM('1.ครบ7แผน ราย รพ'!BB35:BJ35) -> 51333601 | G32: =SUM('1.ครบ7แผน ราย รพ'!BK35:BP35) -> 45307254 | H32: =SUM('1.ครบ7แผน ราย รพ'!BQ35:CK35) -> 2.9970512e+08 | I32: =SUM(B32:H32) -> 9.2094433e+08
A33: ค่าใช้จ่ายอื่น (ระบบบัญชีบันทึกอัตโนมัติ) | B33: =SUM('1.ครบ7แผน ราย รพ'!B36:M36) -> 5.5550008e+08 | C33: =SUM('1.ครบ7แผน ราย รพ'!N36:U36) -> 212333.16 | D33: =SUM('1.ครบ7แผน ราย รพ'!V36:AI36) -> 1700000 | E33: =SUM('1.ครบ7แผน ราย รพ'!AJ36:BA36) -> 3655059.3 | F33: =SUM('1.ครบ7แผน ราย รพ'!BB36:BJ36) -> 505000 | G33: =SUM('1.ครบ7แผน ราย รพ'!BK36:BP36) -> 590000000 | H33: =SUM('1.ครบ7แผน ราย รพ'!BQ36:CK36) -> 37598727 | I33: 0
A34: รวมค่าใช้จ่าย | B34: =SUM('1.ครบ7แผน ราย รพ'!B37:M37) -> 3.4996609e+09 | C34: =SUM('1.ครบ7แผน ราย รพ'!N37:U37) -> 1.9397322e+09 | D34: =SUM('1.ครบ7แผน ราย รพ'!V37:AI37) -> 3.4126197e+09 | E34: =SUM('1.ครบ7แผน ราย รพ'!AJ37:BA37) -> 6.9396904e+09 | F34: =SUM('1.ครบ7แผน ราย รพ'!BB37:BJ37) -> 3.3198621e+09 | G34: =SUM('1.ครบ7แผน ราย รพ'!BK37:BP37) -> 2.4881923e+09 | H34: =SUM('1.ครบ7แผน ราย รพ'!BQ37:CK37) -> 8.9555294e+09 | I34: =SUM(B34:H34) -> 3.0555287e+10
A36: ส่วนต่างรายได้หักค่าใช้จ่าย(NI) | B36: =SUM('1.ครบ7แผน ราย รพ'!B39:M39) -> 49417503 | C36: =SUM('1.ครบ7แผน ราย รพ'!N39:U39) -> 2.4355563e+08 | D36: =SUM('1.ครบ7แผน ราย รพ'!V39:AI39) -> 1.729652e+08 | E36: =SUM('1.ครบ7แผน ราย รพ'!AJ39:BA39) -> 7.7953031e+08 | F36: =SUM('1.ครบ7แผน ราย รพ'!BB39:BJ39) -> 4.7594888e+08 | G36: =SUM('1.ครบ7แผน ราย รพ'!BK39:BP39) -> 2.3177289e+08 | H36: =SUM('1.ครบ7แผน ราย รพ'!BQ39:CK39) -> 6.4238226e+08 | I36: =SUM(B36:H36) -> 2.5955727e+09
A37: EBITDA - รายได้หักค่าใช้จ่าย (ไม่รวมค่าเสื่อม) | B37: =SUM('1.ครบ7แผน ราย รพ'!B40:M40) -> 1.9312401e+08 | C37: =SUM('1.ครบ7แผน ราย รพ'!N40:U40) -> 1.8705302e+08 | D37: =SUM('1.ครบ7แผน ราย รพ'!V40:AI40) -> 3.8295814e+08 | E37: =SUM('1.ครบ7แผน ราย รพ'!AJ40:BA40) -> 8.6184751e+08 | F37: =SUM('1.ครบ7แผน ราย รพ'!BB40:BJ40) -> 5.0322445e+08 | G37: =SUM('1.ครบ7แผน ราย รพ'!BK40:BP40) -> 2.3651116e+08 | H37: =SUM('1.ครบ7แผน ราย รพ'!BQ40:CK40) -> 8.4895777e+08 | I37: =SUM(B37:H37) -> 3.2136761e+09
A38: สรุปแผนประมาณการ | B38: =+'1.ครบ7แผน ราย รพ'!CL127 -> เกินดุล | C38: =+'1.ครบ7แผน ราย รพ'!CM127 -> เกินดุล | D38: =+'1.ครบ7แผน ราย รพ'!CN127 -> เกินดุล | E38: =+'1.ครบ7แผน ราย รพ'!CO127 -> เกินดุล | F38: =+'1.ครบ7แผน ราย รพ'!CP127 -> เกินดุล | G38: =+'1.ครบ7แผน ราย รพ'!CQ127 -> เกินดุล | H38: =+'1.ครบ7แผน ราย รพ'!CR127 -> เกินดุล | I38: =+'1.ครบ7แผน ราย รพ'!CS127 -> เกินดุล
A39: วงเงินที่ลงทุนได้ (ร้อยละ 20%ของ EBITDA) | B39: =SUM('1.ครบ7แผน ราย รพ'!B42:M42) -> 38624803 | C39: =SUM('1.ครบ7แผน ราย รพ'!N42:U42) -> 37410605 | D39: =SUM('1.ครบ7แผน ราย รพ'!V42:AI42) -> 76591627 | E39: =SUM('1.ครบ7แผน ราย รพ'!AJ42:BA42) -> 1.723695e+08 | F39: =SUM('1.ครบ7แผน ราย รพ'!BB42:BJ42) -> 1.0064489e+08 | G39: =SUM('1.ครบ7แผน ราย รพ'!BK42:BP42) -> 47302231 | H39: =SUM('1.ครบ7แผน ราย รพ'!BQ42:CK42) -> 1.6979155e+08 | I39: =SUM(B39:H39) -> 6.4273521e+08
A41: ทุนสำรองสุทธิ (Networking Capital) กันยายน 2568 | B41: =SUM('1.ครบ7แผน ราย รพ'!B44:M44) -> 1.4916602e+08 | C41: =SUM('1.ครบ7แผน ราย รพ'!N44:U44) -> 53847383 | D41: =SUM('1.ครบ7แผน ราย รพ'!V44:AI44) -> 2.0096745e+08 | E41: =SUM('1.ครบ7แผน ราย รพ'!AJ44:BA44) -> 1.0996082e+09 | F41: =SUM('1.ครบ7แผน ราย รพ'!BB44:BJ44) -> 5.1235726e+08 | G41: =SUM('1.ครบ7แผน ราย รพ'!BK44:BP44) -> 2.2947059e+08 | H41: =SUM('1.ครบ7แผน ราย รพ'!BQ44:CK44) -> 1.2626466e+09 | I41: =SUM(B41:H41) -> 3.5080635e+09
A42: เงินบำรุงคงเหลือ กันยายน 2568 | B42: =SUM('1.ครบ7แผน ราย รพ'!B45:M45) -> 2.0237351e+08 | C42: =SUM('1.ครบ7แผน ราย รพ'!N45:U45) -> 1.5310684e+08 | D42: =SUM('1.ครบ7แผน ราย รพ'!V45:AI45) -> 3.4980037e+08 | E42: =SUM('1.ครบ7แผน ราย รพ'!AJ45:BA45) -> 6.1126937e+08 | F42: =SUM('1.ครบ7แผน ราย รพ'!BB45:BJ45) -> 5.6988184e+08 | G42: =SUM('1.ครบ7แผน ราย รพ'!BK45:BP45) -> 2.1964422e+08 | H42: =SUM('1.ครบ7แผน ราย รพ'!BQ45:CK45) -> 1.1858791e+09 | I42: =SUM(B42:H42) -> 3.2919552e+09
A43: หนี้สินและภาระผูกพัน กันยายน 2568 | B43: =SUM('1.ครบ7แผน ราย รพ'!B46:M46) -> 5.5620187e+08 | C43: =SUM('1.ครบ7แผน ราย รพ'!N46:U46) -> 3.4857661e+08 | D43: =SUM('1.ครบ7แผน ราย รพ'!V46:AI46) -> 7.5658246e+08 | E43: =SUM('1.ครบ7แผน ราย รพ'!AJ46:BA46) -> 9.5018438e+08 | F43: =SUM('1.ครบ7แผน ราย รพ'!BB46:BJ46) -> 6.0315913e+08 | G43: =SUM('1.ครบ7แผน ราย รพ'!BK46:BP46) -> 3.5334697e+08 | H43: =SUM('1.ครบ7แผน ราย รพ'!BQ46:CK46) -> 1.6364856e+09 | I43: =SUM(B43:H43) -> 5.204537e+09
A45: 2. แผนจัดซื้อยา เวชภัณฑ์ วัสดุการแพทย์ วัสดุวิทยาศาสตร์การแพทย์
A46: ยา (รวมสนับสนุน รพ.สต.ในเครือข่าย) | B46: =SUM('1.ครบ7แผน ราย รพ'!B49:M49) -> 3.4180551e+08 | C46: =SUM('1.ครบ7แผน ราย รพ'!N49:U49) -> 1.8412253e+08 | D46: =SUM('1.ครบ7แผน ราย รพ'!V49:AI49) -> 363875691 | E46: =SUM('1.ครบ7แผน ราย รพ'!AJ49:BA49) -> 1.0057596e+09 | F46: =SUM('1.ครบ7แผน ราย รพ'!BB49:BJ49) -> 5.1063976e+08 | G46: =SUM('1.ครบ7แผน ราย รพ'!BK49:BP49) -> 2.3351368e+08 | H46: =SUM('1.ครบ7แผน ราย รพ'!BQ49:CK49) -> 1.4295174e+09 | I46: =SUM(B46:H46) -> 4.0692342e+09
A47: วัสดุเภสัชกรรม (รวมสนับสนุน รพ.สต.ในเครือข่าย) | B47: =SUM('1.ครบ7แผน ราย รพ'!B50:M50) -> 12873287 | C47: =SUM('1.ครบ7แผน ราย รพ'!N50:U50) -> 1775320.6 | D47: =SUM('1.ครบ7แผน ราย รพ'!V50:AI50) -> 6540580 | E47: =SUM('1.ครบ7แผน ราย รพ'!AJ50:BA50) -> 44138106 | F47: =SUM('1.ครบ7แผน ราย รพ'!BB50:BJ50) -> 9316935 | G47: =SUM('1.ครบ7แผน ราย รพ'!BK50:BP50) -> 2670960 | H47: =SUM('1.ครบ7แผน ราย รพ'!BQ50:CK50) -> 23410893 | I47: =SUM(B47:H47) -> 1.0072608e+08
A48: วัสดุการแพทย์ทั่วไป (รวมสนับสนุน รพ.สต.ในเครือข่าย) | B48: =SUM('1.ครบ7แผน ราย รพ'!B51:M51) -> 1.662883e+08 | C48: =SUM('1.ครบ7แผน ราย รพ'!N51:U51) -> 1.3611767e+08 | D48: =SUM('1.ครบ7แผน ราย รพ'!V51:AI51) -> 2.2923507e+08 | E48: =SUM('1.ครบ7แผน ราย รพ'!AJ51:BA51) -> 5.0780611e+08 | F48: =SUM('1.ครบ7แผน ราย รพ'!BB51:BJ51) -> 2.7294322e+08 | G48: =SUM('1.ครบ7แผน ราย รพ'!BK51:BP51) -> 133305795 | H48: =SUM('1.ครบ7แผน ราย รพ'!BQ51:CK51) -> 8.2067929e+08 | I48: =SUM(B48:H48) -> 2.2663755e+09
A49: วัสดุวิทยาศาสตร์และการแพทย์ (รวมสนับสนุน รพ.สต.ในเครือข่าย) | B49: =SUM('1.ครบ7แผน ราย รพ'!B52:M52) -> 99479945 | C49: =SUM('1.ครบ7แผน ราย รพ'!N52:U52) -> 51187936 | D49: =SUM('1.ครบ7แผน ราย รพ'!V52:AI52) -> 87040069 | E49: =SUM('1.ครบ7แผน ราย รพ'!AJ52:BA52) -> 1.5706961e+08 | F49: =SUM('1.ครบ7แผน ราย รพ'!BB52:BJ52) -> 58604250 | G49: =SUM('1.ครบ7แผน ราย รพ'!BK52:BP52) -> 47679878 | H49: =SUM('1.ครบ7แผน ราย รพ'!BQ52:CK52) -> 1.7285451e+08 | I49: =SUM(B49:H49) -> 6.739162e+08
A50: วัสดุเอกซเรย์ (รวมสนับสนุน รพ.สต.ในเครือข่าย) | B50: =SUM('1.ครบ7แผน ราย รพ'!B53:M53) -> 1001 | C50: =SUM('1.ครบ7แผน ราย รพ'!N53:U53) -> 0 | D50: =SUM('1.ครบ7แผน ราย รพ'!V53:AI53) -> 17003 | E50: =SUM('1.ครบ7แผน ราย รพ'!AJ53:BA53) -> 8500 | F50: =SUM('1.ครบ7แผน ราย รพ'!BB53:BJ53) -> 4 | G50: =SUM('1.ครบ7แผน ราย รพ'!BK53:BP53) -> 0 | H50: =SUM('1.ครบ7แผน ราย รพ'!BQ53:CK53) -> 23400 | I50: =SUM(B50:H50) -> 49908
A51: วัสดุทันตกรรม (รวมสนับสนุน รพ.สต.ในเครือข่าย) | B51: =SUM('1.ครบ7แผน ราย รพ'!B54:M54) -> 13452309 | C51: =SUM('1.ครบ7แผน ราย รพ'!N54:U54) -> 7242309.5 | D51: =SUM('1.ครบ7แผน ราย รพ'!V54:AI54) -> 10229468 | E51: =SUM('1.ครบ7แผน ราย รพ'!AJ54:BA54) -> 15171255 | F51: =SUM('1.ครบ7แผน ราย รพ'!BB54:BJ54) -> 7614770.2 | G51: =SUM('1.ครบ7แผน ราย รพ'!BK54:BP54) -> 5488211.1 | H51: =SUM('1.ครบ7แผน ราย รพ'!BQ54:CK54) -> 20182475 | I51: =SUM(B51:H51) -> 79380798
A52: รวม | B52: =SUM('1.ครบ7แผน ราย รพ'!B55:M55) -> 6.3390036e+08 | C52: =SUM('1.ครบ7แผน ราย รพ'!N55:U55) -> 3.8044576e+08 | D52: =SUM('1.ครบ7แผน ราย รพ'!V55:AI55) -> 6.9693789e+08 | E52: =SUM('1.ครบ7แผน ราย รพ'!AJ55:BA55) -> 1.7299532e+09 | F52: =SUM('1.ครบ7แผน ราย รพ'!BB55:BJ55) -> 8.5911894e+08 | G52: =SUM('1.ครบ7แผน ราย รพ'!BK55:BP55) -> 4.2265852e+08 | H52: =SUM('1.ครบ7แผน ราย รพ'!BQ55:CK55) -> 2.466668e+09 | I52: =SUM(I46:I51) -> 7.1896827e+09
A54: 3. แผนจัดซื้อวัสดุอื่น
A55: วัสดุสำนักงาน | B55: =SUM('1.ครบ7แผน ราย รพ'!B58:M58) -> 9855203.1 | C55: =SUM('1.ครบ7แผน ราย รพ'!N58:U58) -> 5250376.2 | D55: =SUM('1.ครบ7แผน ราย รพ'!V58:AI58) -> 15421305 | E55: =SUM('1.ครบ7แผน ราย รพ'!AJ58:BA58) -> 28603685 | F55: =SUM('1.ครบ7แผน ราย รพ'!BB58:BJ58) -> 9683226 | G55: =SUM('1.ครบ7แผน ราย รพ'!BK58:BP58) -> 10869119 | H55: =SUM('1.ครบ7แผน ราย รพ'!BQ58:CK58) -> 29222624 | I55: =SUM(B55:H55) -> 1.0890554e+08
A56: วัสดุยานพาหนะและขนส่ง | B56: =SUM('1.ครบ7แผน ราย รพ'!B59:M59) -> 420831 | C56: =SUM('1.ครบ7แผน ราย รพ'!N59:U59) -> 411560.36 | D56: =SUM('1.ครบ7แผน ราย รพ'!V59:AI59) -> 1709545 | E56: =SUM('1.ครบ7แผน ราย รพ'!AJ59:BA59) -> 1850577.5 | F56: =SUM('1.ครบ7แผน ราย รพ'!BB59:BJ59) -> 400902 | G56: =SUM('1.ครบ7แผน ราย รพ'!BK59:BP59) -> 163750 | H56: =SUM('1.ครบ7แผน ราย รพ'!BQ59:CK59) -> 1546566 | I56: =SUM(B56:H56) -> 6503731.9
A57: วัสดุเชื้อเพลิงและหล่อลื่น | B57: =SUM('1.ครบ7แผน ราย รพ'!B60:M60) -> 15195947 | C57: =SUM('1.ครบ7แผน ราย รพ'!N60:U60) -> 8934636.3 | D57: =SUM('1.ครบ7แผน ราย รพ'!V60:AI60) -> 21016553 | E57: =SUM('1.ครบ7แผน ราย รพ'!AJ60:BA60) -> 29716027 | F57: =SUM('1.ครบ7แผน ราย รพ'!BB60:BJ60) -> 9252168 | G57: =SUM('1.ครบ7แผน ราย รพ'!BK60:BP60) -> 6947103.8 | H57: =SUM('1.ครบ7แผน ราย รพ'!BQ60:CK60) -> 29166535 | I57: =SUM(B57:H57) -> 1.2022897e+08
A58: วัสดุไฟฟ้าและวิทยุ | B58: =SUM('1.ครบ7แผน ราย รพ'!B61:M61) -> 3013261 | C58: =SUM('1.ครบ7แผน ราย รพ'!N61:U61) -> 2567620 | D58: =SUM('1.ครบ7แผน ราย รพ'!V61:AI61) -> 6201087 | E58: =SUM('1.ครบ7แผน ราย รพ'!AJ61:BA61) -> 8822784.7 | F58: =SUM('1.ครบ7แผน ราย รพ'!BB61:BJ61) -> 3518475 | G58: =SUM('1.ครบ7แผน ราย รพ'!BK61:BP61) -> 2180997.5 | H58: =SUM('1.ครบ7แผน ราย รพ'!BQ61:CK61) -> 7245772.9 | I58: =SUM(B58:H58) -> 33549998
A59: วัสดุโฆษณาและเผยแพร่ | B59: =SUM('1.ครบ7แผน ราย รพ'!B62:M62) -> 227317 | C59: =SUM('1.ครบ7แผน ราย รพ'!N62:U62) -> 178240.12 | D59: =SUM('1.ครบ7แผน ราย รพ'!V62:AI62) -> 160073 | E59: =SUM('1.ครบ7แผน ราย รพ'!AJ62:BA62) -> 1162669.2 | F59: =SUM('1.ครบ7แผน ราย รพ'!BB62:BJ62) -> 329801 | G59: =SUM('1.ครบ7แผน ราย รพ'!BK62:BP62) -> 213000 | H59: =SUM('1.ครบ7แผน ราย รพ'!BQ62:CK62) -> 1565506 | I59: =SUM(B59:H59) -> 3836606.3
A60: วัสดุคอมพิวเตอร์ | B60: =SUM('1.ครบ7แผน ราย รพ'!B63:M63) -> 5475098 | C60: =SUM('1.ครบ7แผน ราย รพ'!N63:U63) -> 2876259 | D60: =SUM('1.ครบ7แผน ราย รพ'!V63:AI63) -> 8625055 | E60: =SUM('1.ครบ7แผน ราย รพ'!AJ63:BA63) -> 13802862 | F60: =SUM('1.ครบ7แผน ราย รพ'!BB63:BJ63) -> 2845870 | G60: =SUM('1.ครบ7แผน ราย รพ'!BK63:BP63) -> 4119065 | H60: =SUM('1.ครบ7แผน ราย รพ'!BQ63:CK63) -> 9744071 | I60: =SUM(B60:H60) -> 47488280
A61: วัสดุงานบ้านงานครัว | B61: =SUM('1.ครบ7แผน ราย รพ'!B64:M64) -> 15688903 | C61: =SUM('1.ครบ7แผน ราย รพ'!N64:U64) -> 11350477 | D61: =SUM('1.ครบ7แผน ราย รพ'!V64:AI64) -> 26717257 | E61: =SUM('1.ครบ7แผน ราย รพ'!AJ64:BA64) -> 34510058 | F61: =SUM('1.ครบ7แผน ราย รพ'!BB64:BJ64) -> 16014403 | G61: =SUM('1.ครบ7แผน ราย รพ'!BK64:BP64) -> 15104801 | H61: =SUM('1.ครบ7แผน ราย รพ'!BQ64:CK64) -> 59961553 | I61: =SUM(B61:H61) -> 1.7934745e+08
A62: วัสดุบริโภค | B62: =SUM('1.ครบ7แผน ราย รพ'!B65:M65) -> 28087559 | C62: =SUM('1.ครบ7แผน ราย รพ'!N65:U65) -> 14836393 | D62: =SUM('1.ครบ7แผน ราย รพ'!V65:AI65) -> 33688250 | E62: =SUM('1.ครบ7แผน ราย รพ'!AJ65:BA65) -> 47967578 | F62: =SUM('1.ครบ7แผน ราย รพ'!BB65:BJ65) -> 20906430 | G62: =SUM('1.ครบ7แผน ราย รพ'!BK65:BP65) -> 15978423 | H62: =SUM('1.ครบ7แผน ราย รพ'!BQ65:CK65) -> 78743266 | I62: =SUM(B62:H62) -> 2.402079e+08
A63: วัสดุเครื่องแต่งกาย | B63: =SUM('1.ครบ7แผน ราย รพ'!B66:M66) -> 4451166 | C63: =SUM('1.ครบ7แผน ราย รพ'!N66:U66) -> 2979063 | D63: =SUM('1.ครบ7แผน ราย รพ'!V66:AI66) -> 6459801 | E63: =SUM('1.ครบ7แผน ราย รพ'!AJ66:BA66) -> 15898268 | F63: =SUM('1.ครบ7แผน ราย รพ'!BB66:BJ66) -> 4196050 | G63: =SUM('1.ครบ7แผน ราย รพ'!BK66:BP66) -> 7835000 | H63: =SUM('1.ครบ7แผน ราย รพ'!BQ66:CK66) -> 12514384 | I63: =SUM(B63:H63) -> 54333733
A64: วัสดุก่อสร้าง | B64: =SUM('1.ครบ7แผน ราย รพ'!B67:M67) -> 2554908.8 | C64: =SUM('1.ครบ7แผน ราย รพ'!N67:U67) -> 2283161.1 | D64: =SUM('1.ครบ7แผน ราย รพ'!V67:AI67) -> 6569823 | E64: =SUM('1.ครบ7แผน ราย รพ'!AJ67:BA67) -> 13912244 | F64: =SUM('1.ครบ7แผน ราย รพ'!BB67:BJ67) -> 2747171 | G64: =SUM('1.ครบ7แผน ราย รพ'!BK67:BP67) -> 2071894 | H64: =SUM('1.ครบ7แผน ราย รพ'!BQ67:CK67) -> 9892379.8 | I64: =SUM(B64:H64) -> 40031582
A65: วัสดุอื่น | B65: =SUM('1.ครบ7แผน ราย รพ'!B68:M68) -> 3419131.5 | C65: =SUM('1.ครบ7แผน ราย รพ'!N68:U68) -> 302403.02 | D65: =SUM('1.ครบ7แผน ราย รพ'!V68:AI68) -> 1431800 | E65: =SUM('1.ครบ7แผน ราย รพ'!AJ68:BA68) -> 3082121.5 | F65: =SUM('1.ครบ7แผน ราย รพ'!BB68:BJ68) -> 1563761 | G65: =SUM('1.ครบ7แผน ราย รพ'!BK68:BP68) -> 679296 | H65: =SUM('1.ครบ7แผน ราย รพ'!BQ68:CK68) -> 6121060.4 | I65: =SUM(B65:H65) -> 16599573
A66: ค่าครุภัณฑ์มูลค่าต่ำกว่าเกณฑ์ | B66: =SUM('1.ครบ7แผน ราย รพ'!B69:M69) -> 6194328 | C66: =SUM('1.ครบ7แผน ราย รพ'!N69:U69) -> 3148069.2 | D66: =SUM('1.ครบ7แผน ราย รพ'!V69:AI69) -> 8116201 | E66: =SUM('1.ครบ7แผน ราย รพ'!AJ69:BA69) -> 13566259 | F66: =SUM('1.ครบ7แผน ราย รพ'!BB69:BJ69) -> 5874337 | G66: =SUM('1.ครบ7แผน ราย รพ'!BK69:BP69) -> 4981681 | H66: =SUM('1.ครบ7แผน ราย รพ'!BQ69:CK69) -> 15741224 | I66: =SUM(B66:H66) -> 57622100
A67: รวม | B67: =SUM('1.ครบ7แผน ราย รพ'!B70:M70) -> 94583654 | C67: =SUM('1.ครบ7แผน ราย รพ'!N70:U70) -> 55118259 | D67: =SUM('1.ครบ7แผน ราย รพ'!V70:AI70) -> 1.3611675e+08 | E67: =SUM('1.ครบ7แผน ราย รพ'!AJ70:BA70) -> 2.1289513e+08 | F67: =SUM('1.ครบ7แผน ราย รพ'!BB70:BJ70) -> 77332594 | G67: =SUM('1.ครบ7แผน ราย รพ'!BK70:BP70) -> 71144130 | H67: =SUM('1.ครบ7แผน ราย รพ'!BQ70:CK70) -> 2.5719479e+08 | I67: =SUM(I55:I66) -> 9.0865546e+08
A69: 4. แผนบริหารจัดการเจ้าหนี้
A70: รวมภาระหนี้สิน
A71: ประมาณการจ่ายชำระหนี้ปี 2569 | B71: =SUM('1.ครบ7แผน ราย รพ'!B74:M74) -> 3.5968628e+09 | C71: =SUM('1.ครบ7แผน ราย รพ'!N74:U74) -> 9.7555317e+08 | D71: =SUM('1.ครบ7แผน ราย รพ'!V74:AI74) -> 1.6671232e+09 | E71: =SUM('1.ครบ7แผน ราย รพ'!AJ74:BA74) -> 3.1846227e+09 | F71: =SUM('1.ครบ7แผน ราย รพ'!BB74:BJ74) -> 1.7123411e+09 | G71: =SUM('1.ครบ7แผน ราย รพ'!BK74:BP74) -> 7.0552738e+08 | H71: =SUM('1.ครบ7แผน ราย รพ'!BQ74:CK74) -> 5.4422773e+09 | I71: =SUM(I72:I86) -> 1.7284308e+10
A72: เจ้าหนี้การค้ายา | B72: =SUM('1.ครบ7แผน ราย รพ'!B75:M75) -> 3.5437452e+08 | C72: =SUM('1.ครบ7แผน ราย รพ'!N75:U75) -> 1.8261711e+08 | D72: =SUM('1.ครบ7แผน ราย รพ'!V75:AI75) -> 329489000 | E72: =SUM('1.ครบ7แผน ราย รพ'!AJ75:BA75) -> 9.8740157e+08 | F72: =SUM('1.ครบ7แผน ราย รพ'!BB75:BJ75) -> 5.4369634e+08 | G72: =SUM('1.ครบ7แผน ราย รพ'!BK75:BP75) -> 2.2190902e+08 | H72: =SUM('1.ครบ7แผน ราย รพ'!BQ75:CK75) -> 1.5044218e+09 | I72: =SUM(B72:H72) -> 4.1239093e+09
A73: เจ้าหนี้การค้าวัสดุเภสัชกรรม | B73: =SUM('1.ครบ7แผน ราย รพ'!B76:M76) -> 11830024 | C73: =SUM('1.ครบ7แผน ราย รพ'!N76:U76) -> 1667913.6 | D73: =SUM('1.ครบ7แผน ราย รพ'!V76:AI76) -> 4789000 | E73: =SUM('1.ครบ7แผน ราย รพ'!AJ76:BA76) -> 37986795 | F73: =SUM('1.ครบ7แผน ราย รพ'!BB76:BJ76) -> 14234988 | G73: =SUM('1.ครบ7แผน ราย รพ'!BK76:BP76) -> 2524400 | H73: =SUM('1.ครบ7แผน ราย รพ'!BQ76:CK76) -> 23662286 | I73: =SUM(B73:H73) -> 96695406
A74: เจ้าหนี้การค้าวัสดุการแพทย์ทั่วไป | B74: =SUM('1.ครบ7แผน ราย รพ'!B77:M77) -> 1.7319746e+08 | C74: =SUM('1.ครบ7แผน ราย รพ'!N77:U77) -> 1.0969955e+08 | D74: =SUM('1.ครบ7แผน ราย รพ'!V77:AI77) -> 248139000 | E74: =SUM('1.ครบ7แผน ราย รพ'!AJ77:BA77) -> 5.1777102e+08 | F74: =SUM('1.ครบ7แผน ราย รพ'!BB77:BJ77) -> 2.8183651e+08 | G74: =SUM('1.ครบ7แผน ราย รพ'!BK77:BP77) -> 1.1607457e+08 | H74: =SUM('1.ครบ7แผน ราย รพ'!BQ77:CK77) -> 9.3528098e+08 | I74: =SUM(B74:H74) -> 2.3819991e+09
A75: เจ้าหนี้การค้าวัสดุวิทยาศาสตร์และการแพทย์ | B75: =SUM('1.ครบ7แผน ราย รพ'!B78:M78) -> 1.056709e+08 | C75: =SUM('1.ครบ7แผน ราย รพ'!N78:U78) -> 48638734 | D75: =SUM('1.ครบ7แผน ราย รพ'!V78:AI78) -> 87200000 | E75: =SUM('1.ครบ7แผน ราย รพ'!AJ78:BA78) -> 1.471488e+08 | F75: =SUM('1.ครบ7แผน ราย รพ'!BB78:BJ78) -> 65203470 | G75: =SUM('1.ครบ7แผน ราย รพ'!BK78:BP78) -> 43277454 | H75: =SUM('1.ครบ7แผน ราย รพ'!BQ78:CK78) -> 1.6732283e+08 | I75: =SUM(B75:H75) -> 6.6446218e+08
A76: เจ้าหนี้การค้าวัสดุเอกซเรย์ | B76: =SUM('1.ครบ7แผน ราย รพ'!B79:M79) -> 5001 | C76: =SUM('1.ครบ7แผน ราย รพ'!N79:U79) -> 5400 | D76: =SUM('1.ครบ7แผน ราย รพ'!V79:AI79) -> 5 | E76: =SUM('1.ครบ7แผน ราย รพ'!AJ79:BA79) -> 41350 | F76: =SUM('1.ครบ7แผน ราย รพ'!BB79:BJ79) -> 4 | G76: =SUM('1.ครบ7แผน ราย รพ'!BK79:BP79) -> 1 | H76: =SUM('1.ครบ7แผน ราย รพ'!BQ79:CK79) -> 47979 | I76: =SUM(B76:H76) -> 99740
A77: เจ้าหนี้การค้าวัสดุทันตกรรม | B77: =SUM('1.ครบ7แผน ราย รพ'!B80:M80) -> 13753864 | C77: =SUM('1.ครบ7แผน ราย รพ'!N80:U80) -> 7105181.3 | D77: =SUM('1.ครบ7แผน ราย รพ'!V80:AI80) -> 9805000 | E77: =SUM('1.ครบ7แผน ราย รพ'!AJ80:BA80) -> 14963873 | F77: =SUM('1.ครบ7แผน ราย รพ'!BB80:BJ80) -> 8784856.7 | G77: =SUM('1.ครบ7แผน ราย รพ'!BK80:BP80) -> 5782092.2 | H77: =SUM('1.ครบ7แผน ราย รพ'!BQ80:CK80) -> 19523265 | I77: =SUM(B77:H77) -> 79718132
A78: เจ้าหนี้ตามจ่าย | B78: =SUM('1.ครบ7แผน ราย รพ'!B81:M81) -> 19941160 | C78: =SUM('1.ครบ7แผน ราย รพ'!N81:U81) -> 22083271 | D78: =SUM('1.ครบ7แผน ราย รพ'!V81:AI81) -> 18913770 | E78: =SUM('1.ครบ7แผน ราย รพ'!AJ81:BA81) -> 1.0069636e+08 | F78: =SUM('1.ครบ7แผน ราย รพ'!BB81:BJ81) -> 2470001 | G78: =SUM('1.ครบ7แผน ราย รพ'!BK81:BP81) -> 5054421.2 | H78: =SUM('1.ครบ7แผน ราย รพ'!BQ81:CK81) -> 38221823 | I78: =SUM(B78:H78) -> 2.0738081e+08
A79: ค่าจ้างชั่วคราว/พกส./ค่าจ้างเหมาบุคลากรอื่นค้างจ่าย | B79: =SUM('1.ครบ7แผน ราย รพ'!B82:M82) -> 175633349 | C79: =SUM('1.ครบ7แผน ราย รพ'!N82:U82) -> 93639904 | D79: =SUM('1.ครบ7แผน ราย รพ'!V82:AI82) -> 1.7544189e+08 | E79: =SUM('1.ครบ7แผน ราย รพ'!AJ82:BA82) -> 1.1458305e+08 | F79: =SUM('1.ครบ7แผน ราย รพ'!BB82:BJ82) -> 1.0309444e+08 | G79: =SUM('1.ครบ7แผน ราย รพ'!BK82:BP82) -> 4319610 | H79: =SUM('1.ครบ7แผน ราย รพ'!BQ82:CK82) -> 5.8326139e+08 | I79: =SUM(B79:H79) -> 1.2499736e+09
A80: ค่าตอบแทนค้างจ่าย | B80: =SUM('1.ครบ7แผน ราย รพ'!B83:M83) -> 2.4950135e+09 | C80: =SUM('1.ครบ7แผน ราย รพ'!N83:U83) -> 1.6670636e+08 | D80: =SUM('1.ครบ7แผน ราย รพ'!V83:AI83) -> 314858365 | E80: =SUM('1.ครบ7แผน ราย รพ'!AJ83:BA83) -> 2.2096736e+08 | F80: =SUM('1.ครบ7แผน ราย รพ'!BB83:BJ83) -> 211705805 | G80: =SUM('1.ครบ7แผน ราย รพ'!BK83:BP83) -> 1.1963866e+08 | H80: =SUM('1.ครบ7แผน ราย รพ'!BQ83:CK83) -> 1.1033629e+09 | I80: =SUM(B80:H80) -> 4.632253e+09
A81: ค่าใช้จ่ายบุคลากรอื่นค้างจ่าย | B81: =SUM('1.ครบ7แผน ราย รพ'!B84:M84) -> 17915901 | C81: =SUM('1.ครบ7แผน ราย รพ'!N84:U84) -> 7280310.6 | D81: =SUM('1.ครบ7แผน ราย รพ'!V84:AI84) -> 2731862 | E81: =SUM('1.ครบ7แผน ราย รพ'!AJ84:BA84) -> 7111482 | F81: =SUM('1.ครบ7แผน ราย รพ'!BB84:BJ84) -> 14113364 | G81: =SUM('1.ครบ7แผน ราย รพ'!BK84:BP84) -> 1 | H81: =SUM('1.ครบ7แผน ราย รพ'!BQ84:CK84) -> 47367081 | I81: =SUM(B81:H81) -> 96520002
A82: เจ้าหนี้ค่าแรงอื่นค้างจ่าย | B82: =SUM('1.ครบ7แผน ราย รพ'!B85:M85) -> 1 | C82: =SUM('1.ครบ7แผน ราย รพ'!N85:U85) -> 68400 | D82: =SUM('1.ครบ7แผน ราย รพ'!V85:AI85) -> 5 | E82: =SUM('1.ครบ7แผน ราย รพ'!AJ85:BA85) -> 1953632 | F82: =SUM('1.ครบ7แผน ราย รพ'!BB85:BJ85) -> 2115705.8 | G82: =SUM('1.ครบ7แผน ราย รพ'!BK85:BP85) -> 1 | H82: =SUM('1.ครบ7แผน ราย รพ'!BQ85:CK85) -> 0 | I82: =SUM(B82:H82) -> 4137744.8
A83: ค่าสาธารณูปโภคค้างจ่าย | B83: =SUM('1.ครบ7แผน ราย รพ'!B86:M86) -> 47716279 | C83: =SUM('1.ครบ7แผน ราย รพ'!N86:U86) -> 19951132 | D83: =SUM('1.ครบ7แผน ราย รพ'!V86:AI86) -> 39116500 | E83: =SUM('1.ครบ7แผน ราย รพ'!AJ86:BA86) -> 1.1608057e+08 | F83: =SUM('1.ครบ7แผน ราย รพ'!BB86:BJ86) -> 26334403 | G83: =SUM('1.ครบ7แผน ราย รพ'!BK86:BP86) -> 19920051 | H83: =SUM('1.ครบ7แผน ราย รพ'!BQ86:CK86) -> 1.5703841e+08 | I83: =SUM(B83:H83) -> 4.2615734e+08
... A86: เจ้าหนี้อื่น | B86: =SUM('1.ครบ7แผน ราย รพ'!B89:M89) -> 51463206 | C86: =SUM('1.ครบ7แผน ราย รพ'!N89:U89) -> 23307714 | D86: =SUM('1.ครบ7แผน ราย รพ'!V89:AI89) -> 204122320 | E86: =SUM('1.ครบ7แผน ราย รพ'!AJ89:BA89) -> 4.6379558e+08 | F86: =SUM('1.ครบ7แผน ราย รพ'!BB89:BJ89) -> 19301750 | G86: =SUM('1.ครบ7แผน ราย รพ'!BK89:BP89) -> 49039518 | H86: =SUM('1.ครบ7แผน ราย รพ'!BQ89:CK89) -> 3.8402491e+08 | I86: =SUM(B86:H86) -> 1.195055e+09
A88: 5. แผนบริหารจัดการลูกหนี้
A89: รวมลูกหนี้
A90: ประมาณการลูกหนี้ที่เรียกเก็บได้ปี 2569 | B90: =SUM('1.ครบ7แผน ราย รพ'!B93:M93) -> 1.6915756e+09 | C90: =SUM('1.ครบ7แผน ราย รพ'!N93:U93) -> 1.0864548e+09 | D90: =SUM('1.ครบ7แผน ราย รพ'!V93:AI93) -> 1.9841942e+09 | E90: =SUM('1.ครบ7แผน ราย รพ'!AJ93:BA93) -> 4.658969e+09 | F90: =SUM('1.ครบ7แผน ราย รพ'!BB93:BJ93) -> 2.0054627e+09 | G90: =SUM('1.ครบ7แผน ราย รพ'!BK93:BP93) -> 1.1622827e+09 | H90: =SUM('1.ครบ7แผน ราย รพ'!BQ93:CK93) -> 6.0934184e+09 | I90: =SUM(I91:I97) -> 1.8682357e+10
